Workbook

Sheet Kluczowe informacje_Key data
A1: Comparable data pro-forma | B1: Dane porównywalne pro-forma
A2: Key financial and business information | B2: Kluczowe informacje finansowe i biznesowe | C2: 2007 | G2: 2008 | K2: 2009 | O2: 2010 | S2: 2011 | W2: 2012 | AA2: 2013 | AE2: 2014 | AI2: 2015 | AM2: 2016 | AQ2: 2017 | AU2: 2018
C3: 1Q | D3: 2Q | E3: 3Q | F3: 4Q | G3: 1Q | H3: 2Q | I3: 3Q | J3: 4Q | K3: 1Q | L3: 2Q | M3: 3Q | N3: 4Q | O3: 1Q | P3: 2Q | Q3: 3Q | R3: 4Q | S3: 1Q | T3: 2Q | U3: 3Q | V3: 4Q | W3: 1Q | X3: 2Q | Y3: 3Q | Z3: 4Q | AA3: 1Q | AB3: 2Q | AC3: 3Q | AD3: 4Q | AE3: 1Q | AF3: 2Q | AG3: 3Q | AH3: 4Q | AI3: 1Q | AJ3: 2Q | AK3: 3Q | AL3: 4Q | AM3: 1Q | AN3: 2Q | AO3: 3Q | AP3: 4Q | AQ3: 1Q | AR3: 2Q | AS3: 3Q | AT3: 4Q | AU3: 1Q | AV3: 2Q | AW3: 3Q | AX3: 4Q
A4: (PLN million) | B4: (w mln zł)
A5: P&L: | B5: Wynik finansowy:
A6: Income 1 | B6: Przychody 1 | C6: ='RZiS_P&L'!C18+'RZiS_P&L'!C23 -> 539.2 | D6: ='RZiS_P&L'!D18+'RZiS_P&L'!D23 -> 522.2 | E6: ='RZiS_P&L'!E18+'RZiS_P&L'!E23 -> 542.3 | F6: ='RZiS_P&L'!F18+'RZiS_P&L'!F23 -> 473.2 | G6: ='RZiS_P&L'!G18+'RZiS_P&L'!G23 -> 582.7 | H6: ='RZiS_P&L'!H18+'RZiS_P&L'!H23 -> 625.7 | I6: ='RZiS_P&L'!I18+'RZiS_P&L'!I23 -> 620.2 | J6: ='RZiS_P&L'!J18+'RZiS_P&L'!J23 -> 303.9 | ... AX6: ='RZiS_P&L'!AX18+'RZiS_P&L'!AX23 -> 1359.4
A7: Costs | B7: Koszty | C7: ='RZiS_P&L'!C19 -> 336.1 | D7: ='RZiS_P&L'!D19 -> 345 | E7: ='RZiS_P&L'!E19 -> 356.9 | F7: ='RZiS_P&L'!F19-'RZiS_P&L'!F20 -> 355.1 | G7: ='RZiS_P&L'!G19 -> 367.7 | H7: ='RZiS_P&L'!H19 -> 389.9 | I7: ='RZiS_P&L'!I19 -> 407.7 | J7: ='RZiS_P&L'!J19-'RZiS_P&L'!J20 -> 338.6 | K7: ='RZiS_P&L'!K19 -> 366.8 | L7: ='RZiS_P&L'!L19 -> 386.6 | M7: ='RZiS_P&L'!M19 -> 397.3 | N7: ='RZiS_P&L'!N19-'RZiS_P&L'!N20 -> 355.2 | O7: ='RZiS_P&L'!O19 -> 394.4 | P7: ='RZiS_P&L'!P19 -> 407.1 | Q7: ='RZiS_P&L'!Q19 -> 411.6 | R7: ='RZiS_P&L'!R19-'RZiS_P&L'!R20 -> 396.4 | S7: ='RZiS_P&L'!S19 -> 417.4 | T7: ='RZiS_P&L'!T19 -> 431.8 | U7: ='RZiS_P&L'!U19 -> 431.1 | V7: ='RZiS_P&L'!V19-'RZiS_P&L'!V20 -> 419.7 | W7: ='RZiS_P&L'!W19 -> 474.9 | X7: ='RZiS_P&L'!X19 -> 465 | Y7: ='RZiS_P&L'!Y19 -> 466.2 | Z7: ='RZiS_P&L'!Z19-'RZiS_P&L'!Z20 -> 460.1 | AA7: ='RZiS_P&L'!AA19 -> 482.2 | AB7: ='RZiS_P&L'!AB19 -> 477 | AC7: ='RZiS_P&L'!AC19 -> 458.8 | AD7: ='RZiS_P&L'!AD19-'RZiS_P&L'!AD20 -> 450.4 | AE7: ='RZiS_P&L'!AE19-'RZiS_P&L'!AE20 -> 471.2 | AF7: ='RZiS_P&L'!AF19-'RZiS_P&L'!AF20 -> 480.5 | AG7: ='RZiS_P&L'!AG19-'RZiS_P&L'!AG20 -> 489.5 | AH7: ='RZiS_P&L'!AH19-'RZiS_P&L'!AH20 -> 488.5 | AI7: ='RZiS_P&L'!AI19-'RZiS_P&L'!AI20 -> 495.6 | AJ7: ='RZiS_P&L'!AJ19-'RZiS_P&L'!AJ20 -> 502.3 | AK7: ='RZiS_P&L'!AK19-'RZiS_P&L'!AK20 -> 509.8 | AL7: ='RZiS_P&L'!AL19-'RZiS_P&L'!AL20 -> 648 | AM7: ='RZiS_P&L'!AM19 -> 508.8 | AN7: ='RZiS_P&L'!AN19 -> 517.2 | AO7: ='RZiS_P&L'!AO19 -> 515.5 | AP7: ='RZiS_P&L'!AP19 -> 557.7 | AQ7: ='RZiS_P&L'!AQ19 -> 565.6 | AR7: ='RZiS_P&L'!AR19 -> 512.1 | AS7: ='RZiS_P&L'!AS19 -> 529.6 | AT7: ='RZiS_P&L'!AT19 -> 528.5 | ... AX7: ='RZiS_P&L'!AX19 -> 566.3
A8: Risk costs | B8: Koszty ryzyka | C8: ='RZiS_P&L'!C21 -> -6.3 | D8: ='RZiS_P&L'!D21 -> -26.7 | E8: ='RZiS_P&L'!E21 -> -64.4 | F8: ='RZiS_P&L'!F21 -> -5.8 | G8: ='RZiS_P&L'!G21 -> 0.7 | H8: ='RZiS_P&L'!H21 -> -58.8 | I8: ='RZiS_P&L'!I21 -> 7.2 | J8: ='RZiS_P&L'!J21 -> 116.5 | ... AT8: ='RZiS_P&L'!AT21 -> 112.6 | AU8: ='RZiS_P&L'!AU22 -> 94.8 | AV8: ='RZiS_P&L'!AV22 -> 173.7 | AW8: ='RZiS_P&L'!AW22 -> 133.9 | AX8: ='RZiS_P&L'!AX22 -> 98.5
A9: Gross profit | B9: Zysk brutto | C9: ='RZiS_P&L'!C24 -> 209.4 | D9: ='RZiS_P&L'!D24 -> 203.9 | E9: ='RZiS_P&L'!E24 -> 249.8 | F9: ='RZiS_P&L'!F24 -> 123.9 | G9: ='RZiS_P&L'!G24 -> 214.3 | H9: ='RZiS_P&L'!H24 -> 294.6 | I9: ='RZiS_P&L'!I24 -> 205.3 | J9: ='RZiS_P&L'!J24 -> -151.2 | ... AX9: ='RZiS_P&L'!AX24 -> 595.7
A10: Net profit 2 | B10: Zysk netto 2 | C10: ='RZiS_P&L'!C27 -> 167.4 | D10: ='RZiS_P&L'!D27 -> 167.8 | E10: ='RZiS_P&L'!E27 -> 198 | F10: ='RZiS_P&L'!F27 -> 97.5 | G10: ='RZiS_P&L'!G27 -> 173.8 | H10: ='RZiS_P&L'!H27 -> 233.7 | I10: ='RZiS_P&L'!I27 -> 166.9 | J10: ='RZiS_P&L'!J27 -> -129 | ... AX10: ='RZiS_P&L'!AX27 -> 452.2
A12: BS: | B12: Dane bilansowe:
A13: Balance sheet total | B13: Suma bilansowa | C13: =Bilans_BS!C20 -> 56616.9 | D13: =Bilans_BS!D20 -> 53203.1 | E13: =Bilans_BS!E20 -> 53246.6 | F13: =Bilans_BS!F20 -> 52010.8 | G13: =Bilans_BS!G20 -> 60234.4 | H13: =Bilans_BS!H20 -> 60513.2 | I13: =Bilans_BS!I20 -> 65262.6 | J13: =Bilans_BS!J20 -> 69610.5 | ... AX13: =Bilans_BS!AX20 -> 141589.6
A14: Loans and receivables to customers (net) 3, of which: | B14: Kredyty i inne należności udzielone klientom netto 3, w tym: | C14: =Bilans_BS!C11-Kredyty_loans_old!C83-Kredyty_loans_old!C90 -> 13782.6 | D14: =Bilans_BS!D11-Kredyty_loans_old!D83-Kredyty_loans_old!D90 -> 14567.2 | E14: =Bilans_BS!E11-Kredyty_loans_old!E83-Kredyty_loans_old!E90 -> 15449.4 | F14: =Bilans_BS!F11-Kredyty_loans_old!F83-Kredyty_loans_old!F90 -> 16379.1 | G14: =Bilans_BS!G11-Kredyty_loans_old!G83-Kredyty_loans_old!G90 -> 18039.9 | H14: =Bilans_BS!H11-Kredyty_loans_old!H83-Kredyty_loans_old!H90 -> 20372 | I14: =Bilans_BS!I11-Kredyty_loans_old!I83-Kredyty_loans_old!I90 -> 21986.8 | J14: =Bilans_BS!J11-Kredyty_loans_old!J83-Kredyty_loans_old!J90 -> 24088.8 | ... AT14: =Bilans_BS!AT11-Kredyty_loans_old!AT83-Kredyty_loans_old!AT90 -> 87544 | AU14: =Bilans_BS!AU11 -> 90290.5 | AV14: =Bilans_BS!AV11 -> 94724.3 | AW14: =Bilans_BS!AW11 -> 99223.8 | AX14: =Bilans_BS!AX11 -> 103125.8
A15: Loans | B15: Kredyty | C15: =Kredyty_loans_old!C6+Kredyty_loans_old!C9+Kredyty_loans_old!C16+Kredyty_loans_old!C19 -> 13547.4 | D15: =Kredyty_loans_old!D6+Kredyty_loans_old!D9+Kredyty_loans_old!D16+Kredyty_loans_old!D19 -> 14323.8 | E15: =Kredyty_loans_old!E6+Kredyty_loans_old!E9+Kredyty_loans_old!E16+Kredyty_loans_old!E19 -> 15231.5 | F15: =Kredyty_loans_old!F6+Kredyty_loans_old!F9+Kredyty_loans_old!F16+Kredyty_loans_old!F19 -> 16105.5 | G15: =Kredyty_loans_old!G6+Kredyty_loans_old!G9+Kredyty_loans_old!G16+Kredyty_loans_old!G19 -> 17758.9 | H15: =Kredyty_loans_old!H6+Kredyty_loans_old!H9+Kredyty_loans_old!H16+Kredyty_loans_old!H19 -> 19283.5 | I15: =Kredyty_loans_old!I6+Kredyty_loans_old!I9+Kredyty_loans_old!I16+Kredyty_loans_old!I19 -> 21522.1 | J15: =Kredyty_loans_old!J6+Kredyty_loans_old!J9+Kredyty_loans_old!J16+Kredyty_loans_old!J19 -> 23639.8 | ... AO15: =Kredyty_loans_old!AO6+Kredyty_loans_old!AO9+Kredyty_loans_old!AO16+Kredyty_loans_old!AO19 -> 66660.6 | AP15: =Kredyty_loans!AP66-Kredyty_loans!AP70-Kredyty_loans!AP71-Kredyty_loans!AP76 -> 67572.6 | AQ15: =Kredyty_loans!AQ66-Kredyty_loans!AQ70-Kredyty_loans!AQ71-Kredyty_loans!AQ76 -> 69982.9 | AR15: =Kredyty_loans!AR66-Kredyty_loans!AR70-Kredyty_loans!AR71-Kredyty_loans!AR76 -> 72021.2 | AS15: =Kredyty_loans!AS66-Kredyty_loans!AS70-Kredyty_loans!AS71-Kredyty_loans!AS76 -> 74721.8 | AT15: =Kredyty_loans!AT66-Kredyty_loans!AT70-Kredyty_loans!AT71-Kredyty_loans!AT76 -> 75667.9 | AU15: =Kredyty_loans!AU66-Kredyty_loans!AU70-Kredyty_loans!AU71-Kredyty_loans!AU76 -> 77893.4 | AV15: =Kredyty_loans!AV66-Kredyty_loans!AV70-Kredyty_loans!AV71-Kredyty_loans!AV76 -> 81668.4 | AW15: =Kredyty_loans!AW66-Kredyty_loans!AW70-Kredyty_loans!AW71-Kredyty_loans!AW76 -> 85819.6 | AX15: =Kredyty_loans!AX66-Kredyty_loans!AX70-Kredyty_loans!AX71-Kredyty_loans!AX76 -> 89028.7
A16: Leasing receivables | B16: Należności leasingowe | C16: 0 | D16: 0 | E16: 0 | F16: 0 | G16: 0 | H16: 0 | I16: 0 | J16: 0 | K16: 0 | L16: 0 | M16: 0 | N16: 0 | O16: 0 | P16: 0 | Q16: 0 | R16: 0 | S16: 0 | T16: 0 | U16: 0 | V16: 0 | W16: 3045.6 | X16: 3084.4 | Y16: =Kredyty_loans_old!Y7+Kredyty_loans_old!Y17 -> 3067.2 | Z16: =Kredyty_loans_old!Z7+Kredyty_loans_old!Z17 -> 3164.5 | AA16: =Kredyty_loans_old!AA7+Kredyty_loans_old!AA17 -> 3188.4 | AB16: =Kredyty_loans_old!AB7+Kredyty_loans_old!AB17 -> 3322.4 | AC16: =Kredyty_loans_old!AC7+Kredyty_loans_old!AC17 -> 3472.2 | AD16: =Kredyty_loans_old!AD7+Kredyty_loans_old!AD17 -> 3590.8 | AE16: =Kredyty_loans_old!AE7+Kredyty_loans_old!AE17 -> 3774.3 | AF16: =Kredyty_loans_old!AF7+Kredyty_loans_old!AF17 -> 4162.1 | ... AO16: =Kredyty_loans_old!AO7+Kredyty_loans_old!AO17 -> 5509.3 | AP16: =Kredyty_loans!AP70+Kredyty_loans!AP76 -> 5710.6 | AQ16: =Kredyty_loans!AQ70+Kredyty_loans!AQ76 -> 5774.1 | AR16: =Kredyty_loans!AR70+Kredyty_loans!AR76 -> 6098.6 | AS16: =Kredyty_loans!AS70+Kredyty_loans!AS76 -> 6327.4 | AT16: =Kredyty_loans!AT70+Kredyty_loans!AT76 -> 6560.1 | AU16: =Kredyty_loans!AU70+Kredyty_loans!AU76 -> 6825 | AV16: =Kredyty_loans!AV70+Kredyty_loans!AV76 -> 7246.3 | AW16: =Kredyty_loans!AW70+Kredyty_loans!AW76 -> 7608.3 | AX16: =Kredyty_loans!AX70+Kredyty_loans!AX76 -> 8093.6
A17: Factoring receivables | B17: Należności faktoringowe | C17: =Kredyty_loans_old!C8+Kredyty_loans_old!C18 -> 148.7 | D17: =Kredyty_loans_old!D8+Kredyty_loans_old!D18 -> 148.1 | E17: =Kredyty_loans_old!E8+Kredyty_loans_old!E18 -> 125.5 | F17: =Kredyty_loans_old!F8+Kredyty_loans_old!F18 -> 128.6 | G17: =Kredyty_loans_old!G8+Kredyty_loans_old!G18 -> 130.5 | H17: =Kredyty_loans_old!H8+Kredyty_loans_old!H18 -> 136 | I17: =Kredyty_loans_old!I8+Kredyty_loans_old!I18 -> 178.2 | J17: =Kredyty_loans_old!J8+Kredyty_loans_old!J18 -> 164.6 | ... AO17: =Kredyty_loans_old!AO8+Kredyty_loans_old!AO18 -> 4264.7 | AP17: =Kredyty_loans!AP71 -> 4350.4 | AQ17: =Kredyty_loans!AQ71 -> 4513.4 | AR17: =Kredyty_loans!AR71 -> 4622.2 | AS17: =Kredyty_loans!AS71 -> 4715.1 | AT17: =Kredyty_loans!AT71 -> 4589 | AU17: =Kredyty_loans!AU71 -> 4562.6 | AV17: =Kredyty_loans!AV71 -> 4751.6 | AW17: =Kredyty_loans!AW71 -> 4767 | AX17: =Kredyty_loans!AX71 -> 4834.5
A18: Liabilities due to customers | B18: Zobowiązania wobec klientów | C18: =Bilans_BS!C28 -> 40774.6 | D18: =Bilans_BS!D28 -> 40253.4 | E18: =Bilans_BS!E28 -> 40658.1 | F18: =Bilans_BS!F28 -> 44501.8 | G18: =Bilans_BS!G28 -> 45359.1 | H18: =Bilans_BS!H28 -> 47651.4 | I18: =Bilans_BS!I28 -> 51303.5 | J18: =Bilans_BS!J28 -> 47111.9 | ... AX18: =Bilans_BS!AX28 -> 117682.5
A19: Equity 4 | B19: Kapitały własne 4 | C19: =Bilans_BS!C41 -> 3902.3 | D19: =Bilans_BS!D41 -> 3622 | E19: =Bilans_BS!E41 -> 3820.4 | F19: =Bilans_BS!F41 -> 3838.8 | G19: =Bilans_BS!G41 -> 4013.7 | H19: =Bilans_BS!H41 -> 3977.6 | I19: =Bilans_BS!I41 -> 4277.9 | J19: =Bilans_BS!J41 -> 4222.2 | ... AX19: =Bilans_BS!AX41 -> 13336.3
A21: Total capital ratio (consolidated) as % | B21: Łączny współczynnik kapitałowy skonsolidowany w % | C21: 0.1374 | D21: 0.1341 | E21: 0.1305 | F21: 0.1312 | G21: 0.1102 | H21: 0.1122 | I21: 0.119 | J21: 0.1039 | K21: 0.101 | L21: 0.1087 | M21: 0.1207 | N21: 0.1201 | O21: 0.13 | P21: 0.1256 | Q21: 0.133 | R21: 0.1315 | S21: 0.1274 | T21: 0.1261 | U21: 0.1256 | V21: 0.1192 | W21: 0.1211 | X21: 0.1298 | Y21: ='Łączny współ kap_TCR_GROUP'!Y51 -> 0.1367 | Z21: ='Łączny współ kap_TCR_GROUP'!Z51 -> 0.1455 | AA21: ='Łączny współ kap_TCR_GROUP'!AA51 -> 0.1515 | AB21: ='Łączny współ kap_TCR_GROUP'!AB51 -> 0.1583 | AC21: ='Łączny współ kap_TCR_GROUP'!AC51 -> 0.1739 | AD21: ='Łączny współ kap_TCR_GROUP'!AD51 -> 0.1728 | AE21: ='Łączny współ kap_TCR_GROUP'!AE51 -> 0.1457 | AF21: ='Łączny współ kap_TCR_GROUP'!AF51 -> 0.1504 | ... AX21: ='Łączny współ kap_TCR_GROUP'!AX51 -> 0.156
A25: Total capital ratio (standalone) as % | B25: Łączny współczynnik kapitałowy jednostkowy w % | C25: 0.1318 | D25: 0.1255 | E25: 0.1217 | F25: 0.1203 | G25: 0.1025 | H25: 0.1033 | I25: 0.1131 | J25: 0.0983 | K25: 0.0939 | L25: 0.0993 | M25: 0.1121 | N25: 0.1124 | O25: 0.1218 | P25: 0.1159 | Q25: 0.1236 | R25: 0.122 | S25: 0.1173 | T25: 0.1161 | U25: 0.1178 | V25: 0.1158 | W25: 0.1157 | X25: 0.124 | Y25: 0.1309 | Z25: 0.14 | AA25: 0.1441 | AB25: 0.1525 | AC25: 0.1733 | AD25: 0.171 | AE25: 0.153 | AF25: 0.157 | AG25: 0.1531 | AH25: 0.1552 | AI25: 0.1576 | AJ25: 0.1462 | AK25: 0.1467 | AL25: 0.1507 | AM25: 0.154 | AN25: 0.1628 | AO25: 0.1659 | AP25: 0.166 | AQ25: 0.1613 | AR25: 0.172 | AS25: 0.1647 | AT25: 0.1839 | AU25: 0.1765 | AV25: 0.1664 | AW25: 0.1673 | AX25: 0.1719
A29: Basic ratios: | B29: Podstawowe wskaźniki:
A30: Net profit/ Balance sheet total (ROA) as % | B30: Zysk netto/suma bilansowa (ROA) w % | C30: 1.3 | D30: 1.2 | E30: 1.2 | F30: 1.2 | G30: 1.2 | H30: 1.3 | I30: 1.2 | J30: 0.7 | K30: 0.5 | L30: 0.5 | M30: 0.5 | N30: 0.9 | O30: 1.1 | P30: 1.1 | Q30: 1.1 | R30: 1.2 | S30: 1.2 | T30: 1.3 | U30: 1.3 | V30: 1.3 | W30: 1.3 | X30: 1.2 | Y30: 1.2 | Z30: 1.1 | AA30: 1.1 | AB30: 1.1 | AC30: 1.1 | AD30: 1.2 | AE30: 1.1 | AF30: 1.2 | AG30: 1.2 | AH30: 1.1 | AI30: 1.1 | AJ30: 1.1 | AK30: 1.1 | AL30: 1.1 | AM30: 1 | AN30: 1.1 | AO30: 1.1 | AP30: 1.1 | AQ30: 1.1 | AR30: 1.1 | AS30: 1.1 | AT30: 1.2 | AU30: 1.2 | AV30: 1.1 | AW30: 1.1 | AX30: 1.2
A31: Net profit/ Equity (ROE) as % | B31: Zysk netto/Kapitały (ROE) w % | C31: 16.3 | D31: 16.3 | E31: 17 | F31: 16.7 | G31: 16.6 | H31: 18.2 | I31: 16.9 | J31: 11 | K31: 8.5 | L31: 7.1 | M31: 7.8 | N31: 13.1 | O31: 14.7 | P31: 14.3 | Q31: 13.3 | R31: 14.2 | S31: 14.4 | T31: 14.7 | U31: 14.7 | V31: 14.7 | W31: 15.1 | X31: 13.5 | Y31: 12.7 | Z31: 11.7 | AA31: 10.9 | AB31: 11.2 | AC31: 11.2 | AD31: 11.6 | AE31: 11.3 | AF31: 11.9 | AG31: 11.8 | AH31: 11.1 | AI31: 10.8 | AJ31: 11.2 | AK31: 11.4 | AL31: 11 | AM31: 10.9 | AN31: 11.4 | AO31: 11.3 | AP31: 11.7 | AQ31: 12 | AR31: 11.5 | AS31: 11.8 | AT31: 12.6 | AU31: 12.4 | AV31: 12.3 | AW31: 12.1 | AX31: 12.5
A32: Cost /Income ratio (C/I) as % | B32: Koszty/Dochody w % | C32: =+C7/C6*100 -> 62.333086 | D32: =ROUND(D7/D6*100,1) -> 66.1 | E32: =ROUND(E7/E6*100,1) -> 65.8 | F32: =ROUND(F7/F6*100,1) -> 75 | G32: =ROUND(G7/G6*100,1) -> 63.1 | H32: =ROUND(H7/H6*100,1) -> 62.3 | I32: =ROUND(I7/I6*100,1) -> 65.7 | J32: =ROUND(J7/J6*100,1) -> 111.4 | K32: =ROUND(K7/K6*100,1) -> 65.3 | ... AX32: =ROUND(AX7/AX6*100,1) -> 41.7
A33: Cost /Income ratio (C/I) as % - cumulatively | B33: Koszty/Dochody w % - narastająco | C33: =+C7/C6*100 -> 62.333086 | D33: =(+C7+D7)/(C6+D6)*100 -> 64.169964 | E33: =(+C7+D7+E7)/(C6+D6+E6)*100 -> 64.725323 | F33: =(+C7+D7+E7+F7)/(C6+D6+E6+F6)*100 -> 67.07593 | G33: =+G7/G6*100 -> 63.102797 | H33: =(+G7+H7)/(G6+H6)*100 -> 62.694472 | I33: =(+G7+H7+I7)/(G6+H6+I6)*100 -> 63.726348 | J33: =(+G7+H7+I7+J7)/(G6+H6+I6+J6)*100 -> 70.52286 | K33: =+K7/K6*100 -> 65.336658 | L33: =(+K7+L7)/(K6+L6)*100 -> 60.247901 | M33: =(+K7+L7+M7)/(K6+L6+M6)*100 -> 58.742151 | N33: =(+K7+L7+M7+N7)/(K6+L6+M6+N6)*100 -> 59.087342 | O33: =+O7/O6*100 -> 59.577039 | P33: =(+O7+P7)/(O6+P6)*100 -> 59.613239 | Q33: =(+O7+P7+Q7)/(O6+P6+Q6)*100 -> 59.21605 | R33: =(+O7+P7+Q7+R7)/(O6+P6+Q6+R6)*100 -> 58.586925 | S33: =+S7/S6*100 -> 56.283711 | T33: =(+S7+T7)/(S6+T6)*100 -> 56.571847 | U33: =(+S7+T7+U7)/(S6+T6+U6)*100 -> 57.261058 | V33: =(+S7+T7+U7+V7)/(S6+T6+U6+V6)*100 -> 56.856187 | W33: =+W7/W6*100 -> 55.427171 | X33: =(+W7+X7)/(W6+X6)*100 -> 56.610251 | Y33: =(+X7+Y7+W7)/(X6+Y6+W6)*100 -> 57.116744 | Z33: =(+Y7+W7+X7+Z7)/(Y6+W6+X6+Z6)*100 -> 57.508243 | AA33: =(+AA7/AA6)*100 -> 55.797269 | AB33: =(+AA7+AB7)/(AA6+AB6)*100 -> 57.153072 | AC33: =(+AA7+AC7+AB7)/(AA6+AC6+AB6)*100 -> 56.961517 | AD33: =(+AA7+AD7+AC7+AB7)/(AA6+AD6+AC6+AB6)*100 -> 56.133393 | AE33: =(+AE7/AE6)*100 -> 53.31523 | AF33: =(+AE7+AF7)/(AE6+AF6)*100 -> 53.421274 | AG33: =(+AE7+AG7+AF7)/(AE6+AG6+AF6)*100 -> 53.800209 | AH33: =(+AE7+AH7+AF7+AG7)/(AE6+AH6+AF6+AG6)*100 -> 54.437486 | AI33: =(+AI7)/(AI6)*100 -> 54.701987 | AJ33: =(+AI7+AJ7)/(AI6+AJ6)*100 -> 52.871675 | AK33: =(+AI7+AK7+AJ7)/(AI6+AK6+AJ6)*100 -> 53.379359 | AL33: =(+AJ7+AL7+AK7+AI7)/(AJ6+AL6+AK6+AI6)*100 -> 57.05778 | AM33: =ROUND(AM7/AM6*100,1) -> 52.2 | AN33: =(+AM7+AN7)/(AM6+AN6)*100 -> 48.214286 | AO33: =(+AN7+AO7+AM7)/(AN6+AO6+AM6)*100 -> 48.13427 | AP33: =(+AN7+AP7+AM7+AO7)/(AN6+AP6+AM6+AO6)*100 -> 48.542028 | AQ33: =(+AQ7)/(AQ6)*100 -> 49.819431 | AR33: =(+AQ7+AR7)/(AQ6+AR6)*100 -> 46.314839 | AS33: =(+AQ7+AS7+AR7)/(AQ6+AS6+AR6)*100 -> 45.38088 | AT33: =(+AR7+AT7+AQ7+AS7)/(AR6+AT6+AQ6+AS6)*100 -> 44.784131 | AU33: =(+AU7)/(AU6)*100 -> 49.988066 | AV33: =(+AU7+AV7)/(AU6+AV6)*100 -> 46.094815 | AW33: =(+AU7+AW7+AV7)/(AU6+AW6+AV6)*100 -> 45.455719 | AX33: =(+AV7+AX7+AW7)/(AV6+AX6+AW6)*100 -> 42.724186
A34: Net interest margin (NIM) as % 5 | B34: Marża odsetkowa netto w % 5 | C34: - | D34: - | E34: - | F34: - | G34: 2.04 | H34: 2.14 | I34: 2.15 | J34: 2.14 | K34: 2.08 | L34: 2.11 | M34: 2.18 | N34: 2.25 | O34: 2.45 | P34: 2.58 | Q34: 2.66 | R34: 2.78 | S34: 2.79 | T34: 2.83 | U34: 2.84 | V34: 2.87 | W34: 2.89 | X34: 2.94 | Y34: 2.95 | Z34: 2.94 | AA34: 2.87 | AB34: 2.76 | AC34: 2.69 | AD34: 2.68 | AE34: 2.73 | AF34: 2.73 | AG34: 2.72 | AH34: 2.67 | AI34: 2.56 | AJ34: 2.47 | AK34: 2.43 | AL34: 2.45 | AM34: 2.48 | AN34: 2.5 | AO34: 2.57 | AP34: 2.67 | AQ34: 2.73 | AR34: 2.8 | AS34: 2.85 | AT34: 2.88 | AU34: 2.91 | AV34: 2.93 | AW34: 2.94 | AX34: 2.93
A36: Information for investors and shareholders: | B36: Informacje dla inwestorów i akcjonariuszy:
A37: Number of shares 6 | B37: Liczba akcji 6 | C37: 130100000 | D37: 130100000 | E37: 130100000 | F37: 130100000 | G37: 130100000 | H37: 130100000 | I37: 130100000 | J37: 130100000 | K37: 130100000 | L37: 130100000 | M37: 130100000 | N37: 130100000 | O37: 130100000 | P37: 130100000 | Q37: 130100000 | R37: 130100000 | S37: 130100000 | T37: 130100000 | U37: 130100000 | V37: 130100000 | W37: 130100000 | X37: 130100000 | Y37: 130100000 | Z37: 130100000 | AA37: 130100000 | AB37: 130100000 | AC37: 130100000 | AD37: 130100000 | AE37: 130100000 | AF37: 130100000 | AG37: 130100000 | AH37: 130100000 | AI37: 130100000 | AJ37: 130100000 | AK37: 130100000 | AL37: 130100000 | AM37: 130100000 | AN37: 130100000 | AO37: 130100000 | AP37: 130100000 | AQ37: 130100000 | AR37: 130100000 | AS37: 130100000 | AT37: 130100000 | AU37: 130100000 | AV37: 130100000 | AW37: 130100000 | AX37: 130100000
A38: Net book value | B38: Wartość księgowa | C38: 3902.3 | D38: 3622 | E38: 3820.4 | F38: 3838.8 | G38: 4013.7 | H38: 3977.6 | I38: 4277.9 | J38: 4222.2 | K38: 4280.9 | L38: 4514.6 | M38: 4742.1 | N38: 4884.4 | O38: 5131.7 | P38: 5280.2 | Q38: 5529.5 | R38: 5650.8 | S38: 5782 | T38: 5951.5 | U38: 6194.6 | V38: 6413.7 | W38: 6751.1 | X38: 6978.8 | Y38: =Y19 -> 7424.9 | Z38: =Z19 -> 8133.8 | AA38: =AA19 -> 8236.5 | AB38: =AB19 -> 8131.2 | AC38: =AC19 -> 8269.2 | AD38: =AD19 -> 8626.3 | AE38: =AE19 -> 8885.6 | AF38: =AF19 -> 9158.7 | ... AX38: =AX19 -> 13336.3
A39: Net book value per share in PLN | B39: Wartość księgowa na jedną akcję w zł | C39: =+C38/C37*1000000 -> 29.99462 | D39: =+D38/D37*1000000 -> 27.840123 | E39: =+E38/E37*1000000 -> 29.365104 | F39: =+F38/F37*1000000 -> 29.506533 | G39: =+G38/G37*1000000 -> 30.850884 | H39: =+H38/H37*1000000 -> 30.573405 | I39: =+I38/I37*1000000 -> 32.88163 | J39: =+J38/J37*1000000 -> 32.453497 | ... AX39: =+AX38/AX37*1000000 -> 102.50807
A40: Earnings per 1 share in PLN | B40: Zysk na 1 akcję w zł | C40: =(C10/C37)*1000000 -> 1.2867025 | D40: =(D10/D37)*1000000 -> 1.2897771 | E40: =(E10/E37)*1000000 -> 1.5219062 | F40: =(F10/F37)*1000000 -> 0.74942352 | G40: =(G10/G37)*1000000 -> 1.3358955 | H40: =(H10/H37)*1000000 -> 1.7963105 | I40: =(I10/I37)*1000000 -> 1.2828593 | J40: =(J10/J37)*1000000 -> -0.99154497 | ... AX40: =(AX10/AX37)*1000000 -> 3.4757879
A41: Market capitalisation | B41: Kapitalizacja giełdowa | C41: =(+C42*C37)/1000000 -> 9887.6 | D41: =+(D42*D37)/1000000 -> 13049.03 | E41: =(+E42*E37)/1000000 -> 11839.1 | F41: =(+F42*F37)/1000000 -> 9432.25 | G41: =(+G42*G37)/1000000 -> 6895.3 | H41: =+(H42*H37)/1000000 -> 5399.15 | I41: =(+I42*I37)/1000000 -> 6648.11 | J41: =(+J42*J37)/1000000 -> 5594.3 | K41: =(+K42*K37)/1000000 -> 2758.12 | L41: =+(L42*L37)/1000000 -> 4566.51 | M41: =(+M42*M37)/1000000 -> 8326.4 | N41: =(+N42*N37)/1000000 -> 10147.8 | O41: =(+O42*O37)/1000000 -> 9705.46 | P41: =+(P42*P37)/1000000 -> 9822.55 | Q41: =(+Q42*Q37)/1000000 -> 10733.25 | R41: =(+R42*R37)/1000000 -> 11630.94 | S41: =(+S42*S37)/1000000 -> 11630.94 | T41: =+(T42*T37)/1000000 -> 11227.63 | U41: =(+U42*U37)/1000000 -> 9627.4 | V41: =(+V42*V37)/1000000 -> 10225.86 | W41: =(+W42*W37)/1000000 -> 11500.84 | X41: =(+X42*X37)/1000000 -> 10616.16 | Y41: =(+Y42*Y37)/1000000 -> 10941.41 | Z41: =(+Z42*Z37)/1000000 -> 11839.1 | AA41: =(+AA42*AA37)/1000000 -> 11813.08 | AB41: =(+AB42*AB37)/1000000 -> 12315.266 | ... AX41: =(+AX42*AX37)/1000000 -> 23418
A42: Share price in PLN | B42: Kurs akcji w zł | C42: 76 | D42: 100.3 | E42: 91 | F42: 72.5 | G42: 53 | H42: 41.5 | I42: 51.1 | J42: 43 | K42: 21.2 | L42: 35.1 | M42: 64 | N42: 78 | O42: 74.6 | P42: 75.5 | Q42: 82.5 | R42: 89.4 | S42: 89.4 | T42: 86.3 | U42: 74 | V42: 78.6 | W42: 88.4 | X42: 81.6 | Y42: 84.1 | Z42: 91 | AA42: 90.8 | AB42: 94.66 | AC42: 112 | AD42: 113.35 | AE42: 132.5 | AF42: 132.6 | AG42: 148 | AH42: 139.9 | AI42: 136.8 | AJ42: 127 | AK42: 119.2 | AL42: 117.15 | AM42: 121 | AN42: 123.45 | AO42: 148 | AP42: 161.4 | AQ42: 172.1 | AR42: 182.4 | AS42: 204.5 | AT42: 205.6 | AU42: 196.8 | AV42: 179 | AW42: 182.8 | AX42: 180
A44: Other quantitative data: | B44: Pozostałe dane ilościowe:
A45: Number of retail clients in thousands | B45: Liczba klientów detalicznych w tys | C45: 2193 | D45: 2239 | E45: 2323 | F45: 2369 | G45: 2458 | H45: 2530 | I45: 2648 | J45: 2729 | K45: 2764 | L45: 2806 | M45: 2841 | N45: 2898 | O45: 2945 | P45: 2997 | Q45: 3064 | R45: 3117 | S45: 3150 | T45: 3180 | U45: 3197 | V45: 3226 | W45: 3274 | X45: 3294 | Y45: 3346 | Z45: 3382 | AA45: 3413 | AB45: 3462 | AC45: 3495 | AD45: 3542 | AE45: 3545 | AF45: 3602 | AG45: 3668 | AH45: 3727 | AI45: 3806 | AJ45: 3882 | AK45: 3958 | AL45: 4015 | AM45: 4082 | AN45: 4149 | AO45: 4202 | AP45: 4272 | AQ45: 4329 | AR45: 4393 | AS45: 4468 | AT45: 4532 | AU45: 4610 | AV45: 4680 | AW45: 4757 | AX45: 4796
A46: Number of outlets | B46: Liczba placówek | C46: ='Pozostałe informacje_other info'!C13 -> 350 | D46: ='Pozostałe informacje_other info'!D13 -> 361 | E46: ='Pozostałe informacje_other info'!E13 -> 375 | F46: ='Pozostałe informacje_other info'!F13 -> 404 | G46: ='Pozostałe informacje_other info'!G13 -> 415 | H46: ='Pozostałe informacje_other info'!H13 -> 430 | I46: ='Pozostałe informacje_other info'!I13 -> 432 | J46: ='Pozostałe informacje_other info'!J13 -> 439 | ... AX46: ='Pozostałe informacje_other info'!AX13 -> 337
A47: Number of employees | B47: Liczba pracowników | C47: ='Pozostałe informacje_other info'!C7 -> 7578 | D47: ='Pozostałe informacje_other info'!D7 -> 7676 | E47: ='Pozostałe informacje_other info'!E7 -> 7828 | F47: ='Pozostałe informacje_other info'!F7 -> 8048 | G47: ='Pozostałe informacje_other info'!G7 -> 8137 | H47: ='Pozostałe informacje_other info'!H7 -> 8318 | I47: ='Pozostałe informacje_other info'!I7 -> 8330 | J47: ='Pozostałe informacje_other info'!J7 -> 8454 | ... AX47: ='Pozostałe informacje_other info'!AX7 -> 8086
A49: 1 Including net profit of affiliated entities recognised on an equity basis. | B49: 1 Łącznie z zyskiem netto jednostek stowarzyszonych wykazywanych metodą praw własności.
A50: 2 Attributable to the shareholders of the parent entity. | B50: 2 Przypadający na akcjonariuszy jednostki dominującej.
A51: 3 Excluding T-eurobonds | B51: 3 Z wyłączeniem portfela Euroobligacji
A52: 4 Equity of the parent entity | B52: 4 Kapitały własne jednostki dominującej
A53: 5 Sum of NII of 4 consecutive quarters / average interest bearing assets of 5 consecutive quarters | B53: 5 Suma wyniku odsetkowego dla 4 kolejnych kwartałów / średnia wartośc aktywów odsetkowych dla 5 kolejnych kwartałów
A54: 6 After making figures comparable (1:10 split in Q4 2011) | B54: 6 Po doprowadzeniu do porównywalności (podział w stosunku 1:10 w IV kwartale 2011 roku)

Sheet RZiS_P&L
A1: Comparable data pro-forma | B1: Dane porównywalne pro-forma
A2: CONSOLIDATED INCOME STATEMENT of the ING Bank Śląski Group S.A. | B2: SKONSOLIDOWANY RACHUNEK ZYSKÓW I STRAT Grupy Kapitałowej ING Banku Śląskiego S.A. | C2: 2007 | G2: 2008 | K2: 2009 | O2: 2010 | S2: 2011 | W2: 2012 | AA2: 2013 | AE2: 2014 | AI2: 2015 | AM2: 2016 | AQ2: 2017 | AU2: 2018
C3: 1Q | D3: 2Q | E3: 3Q | F3: 4Q | G3: 1Q | H3: 2Q | I3: 3Q | J3: 4Q | K3: 1Q | L3: 2Q | M3: 3Q | N3: 4Q | O3: 1Q | P3: 2Q | Q3: 3Q | R3: 4Q | S3: 1Q | T3: 2Q | U3: 3Q | V3: 4Q | W3: 1Q | X3: 2Q | Y3: 3Q | Z3: 4Q | AA3: 1Q | AB3: 2Q | AC3: 3Q | AD3: 4Q | AE3: 1Q | AF3: 2Q | AG3: 3Q | AH3: 4Q | AI3: 1Q | AJ3: 2Q | AK3: 3Q | AL3: 4Q | AM3: 1Q | AN3: 2Q | AO3: 3Q | AP3: 4Q | AQ3: 1Q | AR3: 2Q | AS3: 3Q | AT3: 4Q | AU3: 1Q | AV3: 2Q | AW3: 3Q | AX3: 4Q
A4: (PLN million) | B4: (w mln zł)
A5: - Interest income | B5: - Przychody z tytułu odsetek w tym | C5: 556 | D5: 586 | E5: 618.3 | F5: 673.3 | G5: 750.5 | H5: 855.3 | I5: 910.1 | J5: 982.8 | K5: 860.8 | L5: 773.3 | M5: 732.1 | N5: 711.5 | O5: 726.8 | P5: 723.1 | Q5: 747.3 | R5: 751.5 | S5: 772.6 | T5: 833.6 | U5: 882.3 | V5: 897 | W5: 945.2 | X5: 945.2 | Y5: 963.2 | Z5: 977.9 | AA5: 925.1 | AB5: 902.8 | AC5: 895.4 | AD5: 891.4 | AE5: 903.8 | AF5: 932.6 | AG5: 962.2 | AH5: 925.9 | AI5: 887 | AJ5: 878 | AK5: 928.5 | AL5: 935.1 | AM5: 935 | AN5: 961.2 | AO5: 1010.5 | AP5: 1016.2 | AQ5: 1004.3 | AR5: 1040.6 | AS5: 1081.6 | AT5: 1111 | AU5: 1098.1 | AV5: 1150.2 | AW5: 1194.7 | AX5: 1230.8
A6: Interest income on assets measured at amortised cost | B6: przychody odsetkowe od aktywów wycenianych wg zamortyzowanego kosztu | C6: - | D6: - | E6: - | F6: - | G6: - | H6: - | I6: - | J6: - | K6: - | L6: - | M6: - | N6: - | O6: - | P6: - | Q6: - | R6: - | S6: - | T6: - | U6: - | V6: - | W6: - | X6: - | Y6: - | Z6: - | AA6: - | AB6: - | AC6: - | AD6: - | AE6: - | AF6: - | AG6: - | AH6: - | AI6: - | AJ6: - | AK6: - | AL6: - | AM6: - | AN6: - | AO6: - | AP6: - | AQ6: - | AR6: - | AS6: - | AT6: - | AU6: 1096.8 | AV6: 1148.8 | AW6: 1193.4 | AX6: 1229.5
A7: Other interest income | B7: pozostałe przychody odsetkowe | C7: - | D7: - | E7: - | F7: - | G7: - | H7: - | I7: - | J7: - | K7: - | L7: - | M7: - | N7: - | O7: - | P7: - | Q7: - | R7: - | S7: - | T7: - | U7: - | V7: - | W7: - | X7: - | Y7: - | Z7: - | AA7: - | AB7: - | AC7: - | AD7: - | AE7: - | AF7: - | AG7: - | AH7: - | AI7: - | AJ7: - | AK7: - | AL7: - | AM7: - | AN7: - | AO7: - | AP7: - | AQ7: - | AR7: - | AS7: - | AT7: - | AU7: 1.3 | AV7: 1.4 | AW7: 1.3 | AX7: 1.3
A8: - Interest expenses | B8: - Koszty odsetek | C8: =320.1-0.2 -> 319.9 | D8: 339.1 | E8: 363.7 | F8: 410.1 | G8: 467.1 | H8: 539.5 | I8: 589.2 | J8: 650.3 | K8: 549.7 | L8: 414.3 | M8: 354.1 | N8: 357.1 | O8: 336.4 | P8: 317.8 | Q8: 337.1 | R8: 329.8 | S8: 337.7 | T8: 374.1 | U8: 404.9 | V8: 417.3 | W8: 431.7 | X8: 431.1 | Y8: 447.7 | Z8: 472.1 | AA8: 449.3 | AB8: 407.5 | AC8: 369.3 | AD8: 346 | AE8: 335.9 | AF8: 350.4 | AG8: 365.3 | AH8: 342.7 | AI8: 318 | AJ8: 283.9 | AK8: 283.9 | AL8: 275.7 | AM8: 266.9 | AN8: 270.3 | AO8: 225.6 | AP8: 206.7 | AQ8: 209.5 | AR8: 210.1 | AS8: 212.7 | AT8: 215.8 | AU8: 215.1 | AV8: 230.2 | AW8: 233.5 | AX8: 235.7
A9: Net interest income | B9: Wynik z tytułu odsetek | C9: =C5-C8 -> 236.1 | D9: =D5-D8 -> 246.9 | E9: =E5-E8 -> 254.6 | F9: =F5-F8 -> 263.2 | G9: =G5-G8 -> 283.4 | H9: =H5-H8 -> 315.8 | I9: =I5-I8 -> 320.9 | J9: =J5-J8 -> 332.5 | ... AX9: =AX5-AX8 -> 995.1
A10: - Commission income | B10: - Przychody z tytułu prowizji | C10: 239 | D10: 248.5 | E10: =251.9-0.1 -> 251.8 | F10: 241.5 | G10: 228.8 | H10: 235.7 | I10: 244.7 | J10: 268.5 | K10: =256.1-0.1 -> 256 | L10: =275.3-0.7 -> 274.6 | M10: =278 -> 278 | N10: =275.7-0.2 -> 275.5 | O10: =264.1-0.1 -> 264 | P10: =277.6-0.1 -> 277.5 | Q10: =287.2-0.4 -> 286.8 | R10: =288.2-0.4 -> 287.8 | S10: =285.9-0.3 -> 285.6 | T10: =295.7-0.7 -> 295 | U10: =297.7-0.5 -> 297.2 | V10: =290.8-0.9 -> 289.9 | W10: =280.7-0.7-0.3 -> 279.7 | X10: =285.4-0.8-0.3 -> 284.3 | Y10: =283.8-0.8-0.3 -> 282.7 | Z10: =292.6-1.6-0.3 -> 290.7 | AA10: =271.3-0.3-0.1-0.3 -> 270.6 | AB10: =294.2-0.5-10.3-0.2-0.1-0.3 -> 282.8 | AC10: =263.4-1.2+5.1-0.3-1-0.3 -> 265.7 | AD10: =292.2-0.5-1.8-0.3 -> 289.6 | AE10: =297.7-0.9-0.3 -> 296.5 | AF10: =305.8-0.2-0.3 -> 305.3 | AG10: =286.4-0.6-0.3 -> 285.5 | AH10: =280-0.3 -> 279.7 | AI10: =277-1.3 -> 275.7 | AJ10: =291.3-0.3 -> 291 | AK10: =279.8-0.3 -> 279.5 | AL10: =286.6-0.3 -> 286.3 | AM10: =285.6-1.7 -> 283.9 | AN10: =294.7-0.3 -> 294.4 | AO10: =303.1-0.3 -> 302.8 | AP10: 320.2 | AQ10: 323.2 | AR10: 327.6 | AS10: 343.3 | AT10: 349 | AU10: 350.8 | AV10: 381.5 | AW10: 355.3 | AX10: 372.6
A11: - Commission expenses | B11: - Koszty prowizji | C11: =16.7-1 -> 15.7 | D11: =15.2-1 -> 14.2 | E11: =21.1-1 -> 20.1 | F11: =29-1 -> 28 | G11: =22.1-1.2 -> 20.9 | H11: =19.9-1.2 -> 18.7 | I11: =16.4-1.2 -> 15.2 | J11: =29.6-1.2 -> 28.4 | K11: =22.1-4.1-0.1 -> 17.9 | L11: =25.4-4.1-0.7 -> 20.6 | M11: =25-4.1 -> 20.9 | N11: =48.2-4.1-0.2 -> 43.9 | O11: =35.6-3.9-0.1 -> 31.6 | P11: =30.7-3.9-0.1 -> 26.7 | Q11: =31.6-3.9-0.4 -> 27.3 | R11: =31.9-3.9-0.4 -> 27.6 | S11: =34.5-9.1-0.3 -> 25.1 | T11: =37.3-9.1-0.7 -> 27.5 | U11: =36.3-9.1-0.5 -> 26.7 | V11: =40.8-9.1-0.9 -> 30.8 | W11: =33.7-11-0.7-0.3 -> 21.7 | X11: =35-11-0.8-0.3 -> 22.9 | Y11: =32.6-11-0.8-0.3 -> 20.5 | Z11: =36.9-11-1.6-0.3 -> 24 | AA11: =31.5-11.3-0.3-0.1-0.3 -> 19.5 | AB11: =33.8-11.4-0.2-0.1-0.3 -> 21.8 | AC11: =33.6-11.3-0.3-1-0.3 -> 20.7 | AD11: =38.7-11.3-0.5-1.8-0.3 -> 24.8 | AE11: =21.6-0.9-0.3 -> 20.4 | AF11: =26.2-0.2-0.3 -> 25.7 | AG11: =28.1-0.6-0.3 -> 27.2 | AH11: =31.1-0.3 -> 30.8 | AI11: =27-1.3 -> 25.7 | AJ11: =27.8-0.3 -> 27.5 | AK11: =30.9-0.3 -> 30.6 | AL11: =31.8-0.3 -> 31.5 | AM11: =31.7-1.7 -> 30 | AN11: =36.6-0.3 -> 36.3 | AO11: =33.8-0.3 -> 33.5 | AP11: 36.7 | AQ11: 32.4 | AR11: 34.5 | AS11: 33.4 | AT11: 46.8 | AU11: 32.7 | AV11: 41.9 | AW11: 38.8 | AX11: 41.9
A12: Net commission income | B12: Wynik z tytułu prowizji | C12: =C10-C11 -> 223.3 | D12: =D10-D11 -> 234.3 | E12: =E10-E11 -> 231.7 | F12: =F10-F11 -> 213.5 | G12: =G10-G11 -> 207.9 | H12: =H10-H11 -> 217 | I12: =I10-I11 -> 229.5 | J12: =J10-J11 -> 240.1 | ... AX12: =AX10-AX11 -> 330.7
A13: - Net income on financial instruments measured at fair value through profit or loss and FX result | B13: - Wynik na instrumentach finansowych wycenianych przez rachunek zysków i strat oraz wynik z pozycji wymiany | C13: 37.8 | D13: 17.4 | E13: 36.3 | F13: -8.5 | G13: 72.5 | H13: 64.8 | I13: 53.4 | J13: -307.9 | K13: -24 | L13: 43.6 | M13: 58.8 | N13: 19.5 | O13: 28.5 | P13: 22.8 | Q13: 24.4 | R13: 1.8 | S13: 26.8 | T13: =11.5-0.1 -> 11.4 | U13: -8.1 | V13: -11.8 | W13: 53.7 | X13: 12.3 | Y13: 18.9 | Z13: 0.6 | AA13: =17.1-1 -> 16.1 | AB13: =24+10.3-5.2 -> 29.1 | AC13: =41.5-5.1-16.2 -> 20.2 | AD13: 10.1 | AE13: =25.3-0.4 -> 24.9 | AF13: =22.8 -> 22.8 | AG13: 23.6 | AH13: 23.1 | AI13: 15.2 | AJ13: 27.5 | AK13: 19.5 | AL13: 22.9 | AM13: 23 | AN13: 5.1 | AO13: 16.4 | AP13: 12.7 | AQ13: 36.7 | AR13: 27.6 | AS13: 31.3 | AT13: 23.2 | AU13: 18 | AV13: 24.4 | AW13: 27.1 | AX13: 21.4
A14: - Net income on the sale of securities and dividend income | B14: - Wynik na sprzedaży papierów wartościowych oraz przychody z tytułu dywidend | C14: - | D14: - | E14: - | F14: - | G14: - | H14: - | I14: - | J14: - | K14: - | L14: - | M14: - | N14: - | O14: - | P14: - | Q14: - | R14: - | S14: - | T14: - | U14: - | V14: - | W14: - | X14: - | Y14: - | Z14: - | AA14: - | AB14: - | AC14: - | AD14: - | AE14: - | AF14: - | AG14: - | AH14: - | AI14: - | AJ14: - | AK14: - | AL14: - | AM14: - | AN14: - | AO14: - | AP14: - | AQ14: - | AR14: - | AS14: - | AT14: - | AU14: 33.3 | AV14: 18.2 | AW14: 0 | AX14: 3.8
A15: - Net income on investments | B15: - Wynik na inwestycjach | C15: 16.9 | D15: 6.1 | E15: 1.9 | F15: 0.1 | G15: 0.1 | H15: 24.1 | I15: -0.3 | J15: 6.9 | K15: 0.3 | L15: 8.3 | M15: 5.4 | N15: -10.7 | O15: 4 | P15: 3 | Q15: 0.8 | R15: -5.6 | S15: 18.2 | T15: 6.2 | U15: 7.7 | V15: 5.9 | W15: 19.1 | X15: 6.6 | Y15: -0.9 | Z15: -0.2 | AA15: =120.4-20.9 -> 99.5 | AB15: =-0.3+6.8 -> 6.5 | AC15: =-11.7+3 -> -8.7 | AD15: 0.4 | AE15: =0.1+0.2 -> 0.3 | AF15: 4.9 | AG15: 5.2 | AH15: 5.4 | AI15: =51.5-0.6 -> 50.9 | AJ15: 90.6 | AK15: 23.2 | AL15: 0.3 | AM15: 28.7 | AN15: 196.6 | AO15: 4 | AP15: 3 | AQ15: 10.2 | AR15: 32.8 | AS15: 3.6 | AT15: 0 | AU15: - | AV15: - | AW15: - | AX15: -
A16: - Net income on hedge accounting | B16: - Wynik na rachunkowości zabezpieczeń | C16: 0 | D16: -0.2 | E16: 1.6 | F16: -0.6 | G16: 0.7 | H16: -0.7 | I16: 2.7 | J16: 1.9 | K16: 17.9 | L16: 6 | M16: -6.7 | N16: 2.9 | O16: -6.9 | P16: -15.3 | Q16: -7.9 | R16: 18 | S16: -16.3 | T16: -3.2 | U16: =-23.6 -> -23.6 | V16: =9.7 -> 9.7 | W16: 1.7 | X16: -5.2 | Y16: -5.5 | Z16: -4.3 | AA16: =-19+20.9+1 -> 2.9 | AB16: =11.5-6.8+5.2 -> 9.9 | AC16: =2.3+16.2-3 -> 15.5 | AD16: 3.7 | AE16: =0.6+0.4-0.2 -> 0.8 | AF16: 3 | AG16: 7.2 | AH16: -2.1 | AI16: =10.8+0.6 -> 11.4 | AJ16: 3.3 | AK16: 2.6 | AL16: 5.6 | AM16: -2.6 | AN16: 0.5 | AO16: 0.2 | AP16: -0.7 | AQ16: 2 | AR16: 8.3 | AS16: 1.3 | AT16: 3.7 | AU16: 2.2 | AV16: 2 | AW16: -0.7 | AX16: 4.4
A17: - Net income on other basic activities | B17: - Wynik na pozostałej działalności podstawowej | C17: 12.7 | D17: 6.8 | E17: 6.6 | F17: -5.2 | G17: 6.5 | H17: -9.5 | I17: 1 | J17: 21 | K17: 7.9 | L17: 2.7 | M17: 5.4 | N17: -24.1 | O17: 6.3 | P17: 5 | Q17: 6.5 | R17: -9.9 | S17: 7.8 | T17: 4.9 | U17: 2.7 | V17: 1.4 | W17: 4 | X17: 3.1 | Y17: 3.7 | Z17: 4.6 | AA17: 9.8 | AB17: 4.5 | AC17: 3.7 | AD17: 2.7 | AE17: 2.6 | AF17: 4.1 | AG17: 6.1 | AH17: 7.5 | AI17: 9.5 | AJ17: 2.4 | AK17: -1.7 | AL17: 10.6 | AM17: 4.5 | AN17: 1.2 | AO17: -0.3 | AP17: 14 | AQ17: 0.8 | AR17: -0.7 | AS17: -0.1 | AT17: 3 | AU17: 2.3 | AV17: 6 | AW17: 2 | AX17: 4.1
A18: Result on basic activities | B18: Wynik na działalności podstawowej | C18: =C9+C12+C13+C15+C16+C17 -> 526.8 | D18: =D9+D12+D13+D15+D16+D17 -> 511.3 | E18: =E9+E12+E13+E15+E16+E17 -> 532.7 | F18: =F9+F12+F13+F15+F16+F17 -> 462.5 | G18: =G9+G12+G13+G15+G16+G17 -> 571.1 | H18: =H9+H12+H13+H15+H16+H17 -> 611.5 | I18: =I9+I12+I13+I15+I16+I17 -> 607.2 | J18: =J9+J12+J13+J15+J16+J17 -> 294.5 | ... AT18: =AT9+AT12+AT13+AT15+AT16+AT17 -> 1227.3 | AU18: =AU9+AU12+AU13+AU16+AU17+AU14 -> 1256.9 | AV18: =AV9+AV12+AV13+AV16+AV17+AV14 -> 1310.2 | AW18: =AW9+AW12+AW13+AW16+AW17+AW14 -> 1306.1 | AX18: =AX9+AX12+AX13+AX16+AX17+AX14 -> 1359.5
A19: - General and administrative expenses | B19: - Koszty działania banku | C19: 336.1 | D19: 345 | E19: 356.9 | F19: 355.1 | G19: 367.7 | H19: 389.9 | I19: 407.7 | J19: 338.6 | K19: 366.8 | L19: 386.6 | M19: 397.3 | N19: 355.2 | O19: 394.4 | P19: 407.1 | Q19: 411.6 | R19: 396.4 | S19: 417.4 | T19: 431.8 | U19: 431.1 | V19: 419.7 | W19: 474.9 | X19: 465 | Y19: 466.2 | Z19: 460.1 | AA19: 482.2 | AB19: 477 | AC19: 458.8 | AD19: 450.4 | AE19: 471.2 | AF19: 480.5 | AG19: 489.5 | AH19: 488.5 | AI19: 495.6 | AJ19: 502.3 | AK19: 509.8 | AL19: 648 | AM19: 508.8 | AN19: 517.2 | AO19: 515.5 | AP19: 557.7 | AQ19: 565.6 | AR19: 512.1 | AS19: 529.6 | AT19: 528.5 | AU19: 628.3 | AV19: 555 | AW19: 577.2 | AX19: 566.3
A20: - Tax on certain financial institutions | B20: - Podatek od niektórych instytucji finansowych | C20: 0 | D20: 0 | E20: 0 | F20: 0 | G20: 0 | H20: 0 | I20: 0 | J20: 0 | K20: 0 | L20: 0 | M20: 0 | N20: 0 | O20: 0 | P20: 0 | Q20: 0 | R20: 0 | S20: 0 | T20: 0 | U20: 0 | V20: 0 | W20: 0 | X20: 0 | Y20: 0 | Z20: 0 | AA20: 0 | AB20: 0 | AC20: 0 | AD20: 0 | AE20: 0 | AF20: 0 | AG20: 0 | AH20: 0 | AI20: 0 | AJ20: 0 | AK20: 0 | AL20: 0 | AM20: 50.5 | AN20: 76.8 | AO20: 75.7 | AP20: 77.2 | AQ20: 79.4 | AR20: 80.4 | AS20: 84.1 | AT20: 86.2 | AU20: 87.5 | AV20: 91.1 | AW20: 94.2 | AX20: 98.9
A21: - Impairment losses and provisions for off-balance sheet liabilities | B21: - Odpisy na utratę wartości aktywów finansowych i rezerwy na zobowiązania pozabilansowe | C21: -6.3 | D21: -26.7 | E21: -64.4 | F21: -5.8 | G21: 0.7 | H21: -58.8 | I21: 7.2 | J21: 116.5 | K21: 91.7 | L21: 73.8 | M21: 54.1 | N21: 84.8 | O21: 48.1 | P21: 39.2 | Q21: 55.1 | R21: 61.2 | S21: 57.1 | T21: 37.7 | U21: 27.1 | V21: 50.5 | W21: 64.3 | X21: 131.2 | Y21: 82.6 | Z21: 84.7 | AA21: 58 | AB21: =64+5.1 -> 69.1 | AC21: 63.7 | AD21: =68+7.3+1.1 -> 76.4 | AE21: 84.1 | AF21: 33.3 | AG21: 65.2 | AH21: 85.1 | AI21: 84.3 | AJ21: 64.3 | AK21: 32 | AL21: 51.5 | AM21: 78.9 | AN21: 33.5 | AO21: 49.7 | AP21: 138.5 | AQ21: 76.4 | AR21: 123.1 | AS21: 109.1 | AT21: 112.6 | AU21: - | AV21: - | AW21: - | AX21: -
A22: - Impairment for expected losses | B22: - Odpisy z tytułu strat oczekiwanych | C22: - | D22: - | E22: - | F22: - | G22: - | H22: - | I22: - | J22: - | K22: - | L22: - | M22: - | N22: - | O22: - | P22: - | Q22: - | R22: - | S22: - | T22: - | U22: - | V22: - | W22: - | X22: - | Y22: - | Z22: - | AA22: - | AB22: - | AC22: - | AD22: - | AE22: - | AF22: - | AG22: - | AH22: - | AI22: - | AJ22: - | AK22: - | AL22: - | AM22: - | AN22: - | AO22: - | AP22: - | AQ22: - | AR22: - | AS22: - | AT22: - | AU22: 94.8 | AV22: 173.7 | AW22: 133.9 | AX22: 98.5
A23: - Share in net profit (loss) of associated entities recognised under the equity method | B23: - Udział w zyskach netto jednostek stowarzyszonych wycenianych metodą praw własności | C23: 12.4 | D23: 10.9 | E23: 9.6 | F23: 10.7 | G23: 11.6 | H23: 14.2 | I23: 13 | J23: =9.3+0.1 -> 9.4 | K23: 10.1 | L23: 15.5 | M23: 10.4 | N23: 16.1 | O23: 7.3 | P23: 10.9 | Q23: 10.6 | R23: 12.4 | S23: 9.7 | T23: 13.2 | U23: 8.2 | V23: 10.1 | W23: 6.8 | X23: 11.2 | Y23: 7.6 | Z23: 10.1 | AA23: 9 | AB23: 7.8 | AC23: 9.3 | AD23: 12 | AE23: 11.2 | AF23: 1.1 | AG23: 0 | AH23: 0 | AI23: 0 | AJ23: 0 | AK23: 0 | AL23: 0 | AM23: 0 | AN23: 0 | AO23: 0 | AP23: 0 | AQ23: 0 | AR23: 0 | AS23: 0 | AT23: 0 | AU23: 0 | AV23: 0 | AW23: -0.2 | AX23: -0.1
A24: Profit (loss) before tax | B24: Zysk (strata) brutto | C24: =C18-C19-C21+C23 -> 209.4 | D24: =D18-D19-D21+D23 -> 203.9 | E24: =E18-E19-E21+E23 -> 249.8 | F24: =F18-F19-F21+F23 -> 123.9 | G24: =G18-G19-G21+G23 -> 214.3 | H24: =H18-H19-H21+H23 -> 294.6 | I24: =I18-I19-I21+I23 -> 205.3 | J24: =J18-J19-J21+J23 -> -151.2 | ... AL24: =AL18-AL19-AL21+AL23 -> 254.1 | AM24: =AM18-AM19-AM21+AM23-AM20 -> 337.4 | AN24: =AN18-AN19-AN21+AN23-AN20 -> 524.9 | AO24: =AO18-AO19-AO21+AO23-AO20 -> 433.6 | AP24: =AP18-AP19-AP21+AP23-AP20 -> 348.6 | AQ24: =AQ18-AQ19-AQ21+AQ23-AQ20 -> 413.9 | AR24: =AR18-AR19-AR21+AR23-AR20 -> 476 | AS24: =AS18-AS19-AS21+AS23-AS20 -> 492.1 | AT24: =AT18-AT19-AT21+AT23-AT20 -> 500 | AU24: =AU18-AU19+AU23-AU20-AU22 -> 446.3 | AV24: =AV18-AV19+AV23-AV20-AV22 -> 490.4 | AW24: =AW18-AW19+AW23-AW20-AW22 -> 500.6 | AX24: =AX18-AX19+AX23-AX20-AX22 -> 595.7
A25: - Income tax | B25: - Podatek dochodowy | C25: 38.6 | D25: 34.4 | E25: 50.8 | F25: 26.4 | G25: 40.5 | H25: 60.9 | I25: 38.4 | J25: -22.2 | K25: 22.1 | L25: 46 | M25: 46.2 | N25: 28.9 | O25: 42 | P25: 44.7 | Q25: 45 | R25: 49.3 | S25: 54.6 | T25: 56.1 | U25: =56.5 -> 56.5 | V25: 70.3 | W25: 46.1 | X25: 39.7 | Y25: 49.5 | Z25: 48.5 | AA25: =63.8+0.3+0.3-0.1 -> 64.3 | AB25: =52.2-0.1-1 -> 51.1 | AC25: =53.5+0.7 -> 54.2 | AD25: =63.4-1.4-0.2 -> 61.8 | AE25: 73.9 | AF25: 101.5 | AG25: 69.5 | AH25: 61.7 | AI25: 65.1 | AJ25: 70.1 | AK25: 79.6 | AL25: 48.4 | AM25: 78.2 | AN25: 118 | AO25: 101.6 | AP25: 93.6 | AQ25: 113.6 | AR25: 115.7 | AS25: 116.4 | AT25: 133.2 | AU25: 124.1 | AV25: 117.7 | AW25: 121.8 | AX25: 143.5
A26: Net profit (loss) from continuing operations | B26: Zysk (strata) netto | C26: =C24-C25 -> 170.8 | D26: =D24-D25 -> 169.5 | E26: =E24-E25 -> 199 | F26: =F24-F25 -> 97.5 | G26: =G24-G25 -> 173.8 | H26: =H24-H25 -> 233.7 | I26: =I24-I25 -> 166.9 | J26: =J24-J25 -> -129 | ... AX26: =AX24-AX25 -> 452.2
A27: - Net profit (loss) attributable to shareholders of ING Bank Śląski S.A. | B27: - przypadający akcjonariuszom ING Banku Śląskiego S.A. | C27: =C26-C28 -> 167.4 | D27: =D26-D28 -> 167.8 | E27: =E26-E28 -> 198 | F27: =F26-F28 -> 97.5 | G27: =G26-G28 -> 173.8 | H27: =H26-H28 -> 233.7 | I27: =I26-I28 -> 166.9 | J27: =J26-J28 -> -129 | ... AX27: =AX26-AX28 -> 452.2
A28: - attributable to non-controlling interests | B28: - przypadający akcjonariuszom niekontrolującym | C28: 3.4 | D28: 1.7 | E28: 1 | F28: 0 | G28: 0 | H28: 0 | I28: 0 | J28: 0 | K28: 0 | L28: 0 | M28: 0 | N28: 0 | O28: 0 | P28: 0 | Q28: 0 | R28: 0 | S28: 0 | T28: 0 | U28: 0 | V28: 0 | W28: 0 | X28: 0 | Y28: 0 | Z28: 0 | AA28: 0 | AB28: 0 | AC28: 0 | AD28: 0 | AE28: 0 | AF28: 0.1 | AG28: 0.1 | AH28: -0.1 | AI28: 0 | AJ28: 0.1 | AK28: 0 | AL28: 0 | AM28: 0 | AN28: 0 | AO28: 0 | AP28: 0.1 | AQ28: 0 | AR28: 0 | AS28: 0 | AT28: 0 | AU28: 0 | AV28: 0 | AW28: 0 | AX28: 0

Sheet RZiS B. Korp._P&L Corporate
A1: Comparable data pro-forma | B1: Dane porównywalne pro-forma
A2: CONSOLIDATED INCOME STATEMENT Corporate customers segment | B2: SKONSOLIDOWANY RACHUNEK ZYSKÓW I STRAT Segment bankowości korporacyjnej | C2: 2007 | G2: 2008 | K2: 2009 | O2: 2010 | S2: 2011 | W2: 2012 | AA2: 2013 | AE2: 2014 | AI2: 2015 | AM2: 2016 | AQ2: 2017 | AT2: 2017 | AU2: 2018
C3: 1Q | D3: 2Q | E3: 3Q | F3: 4Q | G3: 1Q | H3: 2Q | I3: 3Q | J3: 4Q | K3: 1Q | L3: 2Q | M3: 3Q | N3: 4Q | O3: 1Q | P3: 2Q | Q3: 3Q | R3: 4Q | S3: 1Q | T3: 2Q | U3: 3Q | V3: 4Q | W3: 1Q | X3: 2Q | Y3: 3Q | Z3: 4Q | AA3: 1Q | AB3: 2Q | AC3: 3Q | AD3: 4Q | AE3: 1Q | AF3: 2Q | AG3: 3Q | AH3: 4Q | AI3: 1Q | AJ3: 2Q | AK3: 3Q | AL3: 4Q | AM3: 1Q | AN3: 2Q | AO3: 3Q | AP3: 4Q | AQ3: 1Q | AR3: 2Q | AS3: 3Q | AT3: 4Q | AU3: 1Q | AV3: 2Q | AW3: 3Q | AX3: 4Q
A4: (PLN million) | B4: (w mln zł)
A5: Revenue total* | B5: Przychody ogółem* | C5: =SUM(C6:C9) -> 219.23446 | D5: =SUM(D6:D9) -> 212.83446 | E5: =SUM(E6:E9) -> 221.73446 | F5: =SUM(F6:F9) -> 192.53446 | G5: =SUM(G6:G9) -> 285.24199 | H5: =SUM(H6:H9) -> 273.34199 | I5: =SUM(I6:I9) -> 277.34199 | J5: =SUM(J6:J9) -> 34.441991 | ... AX5: =SUM(AX6:AX9) -> 587.2
A6: Net interest income | B6: wynik z tytułu odsetek | C6: 98.1 | D6: 102.6 | E6: 105.8 | F6: 109.4 | G6: 129.1 | H6: 169.8 | I6: 150.3 | J6: 220.5 | K6: 188.1 | L6: 146 | M6: 224.9 | N6: 201.4 | O6: 212.4 | P6: 203.1 | Q6: 211.1 | R6: 185.2 | S6: 196.6 | T6: 213.7 | U6: 243.5 | V6: 242.8 | W6: 258.72618 | X6: 248.32618 | Y6: 239.32618 | Z6: 256.32618 | AA6: 233.61963 | AB6: 235.29098 | AC6: 244.47208 | AD6: 248.55786 | AE6: 250.5 | AF6: 235.5 | AG6: 234.6 | AH6: 241.7 | AI6: 224.6 | AJ6: 220.9 | AK6: 239.8 | AL6: =265.3-0.4 -> 264.9 | AM6: 265.3 | AN6: =261.3-0.1 -> 261.2 | AO6: =278+0.1 -> 278.1 | AP6: 286.2 | AQ6: 286.6 | AR6: 313.8 | AS6: 325.2 | AT6: 330.5 | AU6: 330 | AV6: 325.5 | AW6: 348.3 | AX6: 371.7
A7: Net commission income | B7: wynik z tytułu prowizji | C7: 93.134462 | D7: 97.734462 | E7: 96.634462 | F7: 89.034462 | G7: 83.641991 | H7: 70.841991 | I7: 88.741991 | J7: 50.741991 | K7: 91.314958 | L7: 104.41496 | M7: 97.314958 | N7: 143.21496 | O7: 115.13383 | P7: 91.633829 | Q7: 98.633829 | R7: 163.73383 | S7: 129.65274 | T7: 140.05274 | U7: 148.15274 | V7: 135.75274 | W7: 140.82925 | X7: 145.92925 | Y7: 144.62925 | Z7: 146.52925 | AA7: 144.23267 | AB7: 147.46675 | AC7: 147.5657 | AD7: 145.40457 | AE7: 154.2 | AF7: 156.5 | AG7: 160.4 | AH7: 155.4 | AI7: 160.5 | AJ7: 168.7 | AK7: 157.1 | AL7: =167.8+0.1 -> 167.9 | AM7: 163.8 | AN7: =165.9+0.1 -> 166 | AO7: =170.9-0.1 -> 170.8 | AP7: 183.5 | AQ7: 186.1 | AR7: 182.1 | AS7: 201.9 | AT7: 199 | AU7: 209.4 | AV7: 212.4 | AW7: 204.9 | AX7: 223.1
A8: Other income/expenses | B8: pozostałe przychody/koszty | C8: 28 | D8: 12.5 | E8: 19.3 | F8: -5.9 | G8: 72.5 | H8: 32.7 | I8: 38.3 | J8: -236.8 | K8: -16.4 | L8: 84.7 | M8: 45 | N8: -61.8 | O8: 25.7 | P8: 26.7 | Q8: 23.8 | R8: -37 | S8: 26.1 | T8: =4.2 -> 4.2 | U8: -33.2 | V8: -2.1 | W8: 29.517732 | X8: -12.782268 | Y8: -7.0822685 | Z8: -25.882268 | AA8: 37.478428 | AB8: 10.389666 | AC8: -9.1658803 | AD8: -10.014942 | AE8: -6.1 | AF8: 8.9 | AG8: 9.2 | AH8: 0.6 | AI8: 41.3 | AJ8: 22.2 | AK8: 9.6 | AL8: =12.4-0.1 -> 12.3 | AM8: 19.1 | AN8: 9.7 | AO8: =17.7-0.1 -> 17.6 | AP8: 31.1 | AQ8: 27.1 | AR8: 18.7 | AS8: 9 | AT8: 10.5 | AU8: 9.7 | AV8: 17.6 | AW8: 8 | AX8: -7.5
A9: Share in net profit (loss) of associated entities recognised under the equity method | B9: udział w zyskach (stratach) netto jednostek stowarzyszonych wykazywanych metodą praw własności | C9: 0 | D9: 0 | E9: 0 | F9: 0 | G9: 0 | H9: 0 | I9: 0 | J9: 0 | K9: 0 | L9: 0 | M9: 0 | N9: 0 | O9: 0 | P9: 0 | Q9: 0 | R9: 0 | S9: 0 | T9: 0 | U9: 0 | V9: 0 | W9: 0 | X9: 0 | Y9: 0 | Z9: 0 | AA9: 0 | AB9: 0 | AC9: 0 | AD9: 0 | AE9: 0 | AF9: 0 | AG9: 0 | AH9: 0 | AI9: 0 | AJ9: 0 | AK9: 0 | AL9: 0 | AM9: 0 | AN9: 0 | AO9: 0 | AP9: 0 | AQ9: 0 | AR9: 0 | AS9: 0 | AT9: 0 | AU9: 0 | AV9: 0 | AW9: -0.2 | AX9: -0.1
A10: Expenses total | B10: Koszty ogółem | C10: =SUM(C11:C13) -> 122.83446 | D10: =SUM(D11:D13) -> 126.33446 | E10: =SUM(E11:E13) -> 130.53446 | F10: =SUM(F11:F13) -> 130.33446 | G10: =SUM(G11:G13) -> 133.34199 | H10: =SUM(H11:H13) -> 138.34199 | I10: =SUM(I11:I13) -> 157.24199 | J10: =SUM(J11:J13) -> 110.04199 | ... AX10: =SUM(AX11:AX13) -> 228.8
A11: Personnel expenses | B11: koszty osobowe | C11: 56.3 | D11: 61.3 | E11: 63.6 | F11: 70.8 | G11: 68.9 | H11: 69.7 | I11: 79.5 | J11: 78.5 | K11: 54.6 | L11: 72.1 | M11: 68.2 | N11: 83.4 | O11: 68.9 | P11: 71.6 | Q11: 75.3 | R11: 97.2 | S11: 78.3 | T11: 91.7 | U11: 88.8 | V11: 89.6 | W11: 98.371882 | X11: 85.770249 | Y11: 93.128729 | Z11: 108.22302 | AA11: 97.831768 | AB11: 96.990185 | AC11: 99.186031 | AD11: 88.889015 | AE11: 98.9 | AF11: 103 | AG11: 104.6 | AH11: 98.5 | AI11: 103.5 | AJ11: 101.9 | AK11: 105.7 | AL11: 106.1 | AM11: 107.5 | AN11: 106.4 | AO11: 108.4 | AP11: 117.9 | AQ11: 106.4 | AR11: 107.4 | AS11: 107.5 | AT11: 107.3 | AU11: 113 | AV11: 117.7 | AW11: 116.6 | AX11: 98.4
A12: Depreciation | B12: amortyzacja | C12: 12.6 | D12: 13.2 | E12: 12.7 | F12: 17.8 | G12: 8.3 | H12: 8 | I12: 9.4 | J12: 8.6 | K12: 7.7 | L12: 7.7 | M12: 6.1 | N12: 7.9 | O12: 7.5 | P12: 7.5 | Q12: 7.9 | R12: 8.5 | S12: 8.7 | T12: 9.8 | U12: 9.5 | V12: 11.2 | W12: 9.3981722 | X12: 9.6978172 | Y12: 9.5887882 | Z12: 14.187547 | AA12: 11.062966 | AB12: 11.910295 | AC12: 11.679973 | AD12: 12.561587 | AE12: 11.6 | AF12: 11.8 | AG12: 12.5 | AH12: 16.9 | AI12: 12.3 | AJ12: 10.8 | AK12: 14.6 | AL12: 10.7 | AM12: 9.7 | AN12: 10.8 | AO12: 10.1 | AP12: 24.1 | AQ12: 10.7 | AR12: 9.3 | AS12: 9.7 | AT12: 10.3 | AU12: 11 | AV12: 9.3 | AW12: 11.1 | AX12: 20.8
A13: Other | B13: pozostałe | C13: 53.934462 | D13: 51.834462 | E13: 54.234462 | F13: 41.734462 | G13: 56.141991 | H13: 60.641991 | I13: 68.341991 | J13: 22.941991 | K13: 74.214958 | L13: 57.614958 | M13: 69.614958 | N13: 29.714958 | O13: 68.533829 | P13: 70.233829 | Q13: 63.533829 | R13: 37.733829 | S13: 75.852736 | T13: 75.052736 | U13: 69.552736 | V13: 69.852736 | W13: 79.929371 | X13: 85.027601 | Y13: 83.082564 | Z13: 64.976375 | AA13: 71.495361 | AB13: 71.268539 | AC13: 66.329555 | AD13: 74.941174 | AE13: 76.5 | AF13: 76.5 | AG13: 85.9 | AH13: 80.8 | AI13: 68.2 | AJ13: 86.4 | AK13: 76.9 | AL13: 141.2 | AM13: 87.1 | AN13: 98 | AO13: =79.7-0.1 -> 79.6 | AP13: 104 | AQ13: 102.9 | AR13: 88.2 | AS13: 94.9 | AT13: 108.5 | AU13: 131.7 | AV13: 96.8 | AW13: 105.6 | AX13: 109.6
A14: Result before risk costs | B14: Wynik segmentu | C14: =C5-C10 -> 96.4 | D14: =D5-D10 -> 86.5 | E14: =E5-E10 -> 91.2 | F14: =F5-F10 -> 62.2 | G14: =G5-G10 -> 151.9 | H14: =H5-H10 -> 135 | I14: =I5-I10 -> 120.1 | J14: =J5-J10 -> -75.6 | ... AX14: =AX5-AX10 -> 358.4
A15: Risk cost | B15: koszty ryzyka | C15: -3.9 | D15: -16.3 | E15: -39.4 | F15: -3.6 | G15: 3.3 | H15: -64.8 | I15: 2.3 | J15: 96.4 | K15: 78.9 | L15: 67 | M15: 32.7 | N15: 62 | O15: 26.9 | P15: 26.2 | Q15: 33.8 | R15: 35.6 | S15: 23.2 | T15: 16.5 | U15: 6.1 | V15: 36.4 | W15: 45.1 | X15: 106 | Y15: 61.1 | Z15: 60.5 | AA15: 20.019079 | AB15: 28.671282 | AC15: 30.689722 | AD15: 59.384944 | AE15: 47.4 | AF15: 22.7 | AG15: 52 | AH15: 66.9 | AI15: 50.5 | AJ15: 40.7 | AK15: 24.2 | AL15: =46.9+0.1-0.1 -> 46.9 | AM15: 62.5 | AN15: 12.9 | AO15: =28.2-3.9 -> 24.3 | AP15: 63.4 | AQ15: 33.6 | AR15: 79.3 | AS15: 69.3 | AT15: 78.7 | AU15: 57.3 | AV15: 70.4 | AW15: 92.2 | AX15: 10
A16: Tax on certain financial institutions | B16: podatek od niektórych instytucji finansowych | C16: 0 | D16: 0 | E16: 0 | F16: 0 | G16: 0 | H16: 0 | I16: 0 | J16: 0 | K16: 0 | L16: 0 | M16: 0 | N16: 0 | O16: 0 | P16: 0 | Q16: 0 | R16: 0 | S16: 0 | T16: 0 | U16: 0 | V16: 0 | W16: 0 | X16: 0 | Y16: 0 | Z16: 0 | AA16: 0 | AB16: 0 | AC16: 0 | AD16: 0 | AE16: 0 | AF16: 0 | AG16: 0 | AH16: 0 | AI16: 0 | AJ16: 0 | AK16: 0 | AL16: 0 | AM16: 32.8 | AN16: =49 -> 49 | AO16: =48.1+0.1 -> 48.2 | AP16: 48.5 | AQ16: 47.5 | AR16: 52 | AS16: 51.7 | AT16: 52.4 | AU16: 51.8 | AV16: 53.1 | AW16: 54.7 | AX16: 57.2
A17: Profit before tax | B17: Wynik segmentu z uwzględnieniem kosztów ryzyka (wynik finansowy brutto) | C17: =C14-C15 -> 100.3 | D17: =D14-D15 -> 102.8 | E17: =E14-E15 -> 130.6 | F17: =F14-F15 -> 65.8 | G17: =G14-G15 -> 148.6 | H17: =H14-H15 -> 199.8 | I17: =I14-I15 -> 117.8 | J17: =J14-J15 -> -172 | ... AL17: =AL14-AL15 -> 140.2 | AM17: =AM14-AM15-AM16 -> 148.6 | AN17: =AN14-AN15-AN16 -> 159.8 | AO17: =AO14-AO15-AO16 -> 195.9 | AP17: =AP14-AP15-AP16 -> 142.9 | AQ17: =AQ14-AQ15-AQ16 -> 198.7 | AR17: =AR14-AR15-AR16 -> 178.4 | AS17: =AS14-AS15-AS16 -> 203 | AT17: =AT14-AT15-AT16 -> 182.8 | ... AX17: =AX14-AX15-AX16 -> 291.2
A19: */ including the share in net profit of affiliated units shown using the method of ownership rights | B19: */ włączając udział w zyskach netto jednostek stowarzyszonych wykazywanych metodą praw własności

Sheet RZiS B. Detaliczna_P&L Retail
A1: Comparable data pro-forma | B1: Dane porównywalne pro-forma
A2: CONSOLIDATED INCOME STATEMENT Retail customers segment | B2: SKONSOLIDOWANY RACHUNEK ZYSKÓW I STRAT Segment klientów detalicznych | C2: 2007 | G2: 2008 | K2: 2009 | O2: 2010 | S2: 2011 | W2: 2012 | AA2: 2013 | AE2: 2014 | AI2: 2015 | AM2: 2016 | AQ2: 2017 | AT2: 2017 | AU2: 2018
C3: 1Q | D3: 2Q | E3: 3Q | F3: 4Q | G3: 1Q | H3: 2Q | I3: 3Q | J3: 4Q | K3: 1Q | L3: 2Q | M3: 3Q | N3: 4Q | O3: 1Q | P3: 2Q | Q3: 3Q | R3: 4Q | S3: 1Q | T3: 2Q | U3: 3Q | V3: 4Q | W3: 1Q | X3: 2Q | Y3: 3Q | Z3: 4Q | AA3: 1Q | AB3: 2Q | AC3: 3Q | AD3: 4Q | AE3: 1Q | AF3: 2Q | AG3: 3Q | AH3: 4Q | AI3: 1Q | AJ3: 2Q | AK3: 3Q | AL3: 4Q | AM3: 1Q | AN3: 2Q | AO3: 3Q | AP3: 4Q | AQ3: 1Q | AR3: 2Q | AS3: 3Q | AT3: 4Q | AU3: 1Q | AV3: 2Q | AW3: 3Q | AX3: 4Q
A4: (PLN million) | B4: (w mln zł)
A5: Revenue total* | B5: Przychody ogółem* | C5: =SUM(C6:C9) -> 319.96554 | D5: =SUM(D6:D9) -> 309.36554 | E5: =SUM(E6:E9) -> 320.56554 | F5: =SUM(F6:F9) -> 280.66554 | G5: =SUM(G6:G9) -> 297.45801 | H5: =SUM(H6:H9) -> 352.35801 | I5: =SUM(I6:I9) -> 342.85801 | J5: =SUM(J6:J9) -> 269.45801 | ... AX5: =SUM(AX6:AX9) -> 772.2
A6: Net interest income | B6: wynik z tytułu odsetek | C6: 138 | D6: 144.3 | E6: 148.8 | F6: 153.8 | G6: 154.3 | H6: 146 | I6: 170.6 | J6: 112 | K6: 123 | L6: 213 | M6: 153.1 | N6: 153 | O6: 178 | P6: 202.2 | Q6: 199.1 | R6: 236.5 | S6: 238.3 | T6: 245.8 | U6: 233.9 | V6: 236.9 | W6: 254.77382 | X6: 265.77382 | Y6: 276.17382 | Z6: 249.47382 | AA6: 242.18037 | AB6: 260.00902 | AC6: 281.62792 | AD6: 296.84214 | AE6: 317.4 | AF6: 346.7 | AG6: 362.3 | AH6: 341.5 | AI6: 344.4 | AJ6: 373.2 | AK6: 404.8 | AL6: =394.1+0.4 -> 394.5 | AM6: 402.8 | AN6: =429.6+0.1 -> 429.7 | AO6: =506.9-0.1 -> 506.8 | AP6: 523.3 | AQ6: 508.2 | AR6: 516.7 | AS6: 543.8 | AT6: 564.6 | AU6: 553.3 | AV6: 594.5 | AW6: 612.9 | AX6: 623.1
A7: Net commission income | B7: wynik z tytułu prowizji | C7: 130.16554 | D7: 136.56554 | E7: 135.06554 | F7: 124.46554 | G7: 124.25801 | H7: 146.15801 | I7: 140.75801 | J7: 189.35801 | K7: 146.78504 | L7: 149.58504 | M7: 159.78504 | N7: 88.385042 | O7: 117.26617 | P7: 159.16617 | Q7: 160.86617 | R7: 96.466171 | S7: 130.84726 | T7: 127.44726 | U7: 122.34726 | V7: 123.34726 | W7: 117.17075 | X7: 115.47075 | Y7: 117.57075 | Z7: 120.17075 | AA7: 106.86733 | AB7: 113.53325 | AC7: 97.434298 | AD7: 119.39543 | AE7: 121.9 | AF7: 123.1 | AG7: 97.9 | AH7: 93.5 | AI7: 89.5 | AJ7: 94.8 | AK7: 91.8 | AL7: =87-0.1 -> 86.9 | AM7: 90.1 | AN7: =92.2-0.1 -> 92.1 | AO7: =98.4+0.1 -> 98.5 | AP7: 100 | AQ7: 104.7 | AR7: 111 | AS7: 108 | AT7: 103.2 | AU7: 108.7 | AV7: 127.2 | AW7: 111.6 | AX7: 107.6
A8: Other income/expenses | B8: pozostałe przychody/koszty | C8: 39.4 | D8: 17.6 | E8: 27.1 | F8: -8.3 | G8: 7.3 | H8: 46 | I8: 18.5 | J8: -41.3 | K8: 18.5 | L8: -24.1 | M8: 17.9 | N8: 49.4 | O8: 6.2 | P8: -11.2 | Q8: 0 | R8: 41.3 | S8: 10.4 | T8: =15.1 -> 15.1 | U8: 11.9 | V8: 7.3 | W8: 48.982268 | X8: 29.582268 | Y8: 23.282268 | Z8: 26.582268 | AA8: 90.821572 | AB8: 39.610334 | AC8: 39.86588 | AD8: 26.914942 | AE8: 34.7 | AF8: 25.9 | AG8: 32.9 | AH8: 33.3 | AI8: 45.7 | AJ8: 101.6 | AK8: 34 | AL8: =27+0.1 -> 27.1 | AM8: 34.5 | AN8: 193.7 | AO8: =2.6+0.1 -> 2.7 | AP8: -2.1 | AQ8: 22.6 | AR8: 49.3 | AS8: 27.1 | AT8: 19.4 | AU8: 45.8 | AV8: 33 | AW8: 20.4 | AX8: 41.5
A9: Share in net profit (loss) of associated entities recognised under the equity method | B9: udział w zyskach (stratach) netto jednostek stowarzyszonych wykazywanych metodą praw własności | C9: 12.4 | D9: 10.9 | E9: 9.6 | F9: 10.7 | G9: 11.6 | H9: 14.2 | I9: 13 | J9: 9.4 | K9: 10.1 | L9: 15.5 | M9: 10.4 | N9: 16.1 | O9: 7.3 | P9: 10.9 | Q9: 10.6 | R9: 12.4 | S9: 9.7 | T9: 13.2 | U9: 8.2 | V9: 10.1 | W9: 6.8 | X9: 11.2 | Y9: 7.6 | Z9: 10.1 | AA9: 9 | AB9: 7.8 | AC9: 9.3 | AD9: 12 | AE9: 11.2 | AF9: 1.1 | AG9: 0 | AH9: 0 | AI9: 0 | AJ9: 0 | AK9: 0 | AL9: 0 | AM9: 0 | AN9: 0 | AO9: 0 | AP9: 0 | AQ9: 0 | AR9: 0 | AS9: 0 | AT9: 0 | AU9: 0 | AV9: 0 | AW9: 0 | AX9: 0
A10: Expenses total | B10: Koszty ogółem | C10: =SUM(C11:C13) -> 213.26554 | D10: =SUM(D11:D13) -> 218.66554 | E10: =SUM(E11:E13) -> 226.36554 | F10: =SUM(F11:F13) -> 224.76554 | G10: =SUM(G11:G13) -> 234.35801 | H10: =SUM(H11:H13) -> 251.55801 | I10: =SUM(I11:I13) -> 250.45801 | J10: =SUM(J11:J13) -> 228.55801 | ... AX10: =SUM(AX11:AX13) -> 337.5
A11: Personnel expenses | B11: koszty osobowe | C11: 98.3 | D11: 106.9 | E11: 110.9 | F11: 123.5 | G11: 111.2 | H11: 112.5 | I11: 129 | J11: 122.2 | K11: 98.4 | L11: 108.8 | M11: 110.5 | N11: 121.1 | O11: 109.7 | P11: 113.8 | Q11: 123.4 | R11: 151.2 | S11: 121 | T11: 117.2 | U11: 122 | V11: 124.7 | W11: 129.62812 | X11: 127.32975 | Y11: 125.97127 | Z11: 132.37698 | AA11: 128.86823 | AB11: 129.30981 | AC11: 130.91397 | AD11: 154.61098 | AE11: 131.6 | AF11: 138.4 | AG11: 132.7 | AH11: 139.8 | AI11: 135.3 | AJ11: 135.1 | AK11: 138.1 | AL11: 146.3 | AM11: 144 | AN11: 144.8 | AO11: 151.5 | AP11: 158.8 | AQ11: 144.6 | AR11: 153.1 | AS11: 153.3 | AT11: 156.1 | AU11: 162.4 | AV11: 168.3 | AW11: 167.7 | AX11: 160.6
A12: Depreciation | B12: amortyzacja | C12: 22 | D12: 23 | E12: 22.3 | F12: 31.2 | G12: 25 | H12: 25.6 | I12: 24.8 | J12: 24.1 | K12: 23.3 | L12: 24.3 | M12: 23.4 | N12: 23.5 | O12: 21.6 | P12: 22 | Q12: 22.2 | R12: 23.8 | S12: 21.8 | T12: 22.1 | U12: 24.5 | V12: 25 | W12: 24.201828 | X12: 25.002183 | Y12: 25.511212 | Z12: 30.512453 | AA12: 28.837034 | AB12: 28.789705 | AC12: 27.620027 | AD12: 31.538413 | AE12: 26.3 | AF12: 26.753905 | AG12: 27.1 | AH12: 42.1 | AI12: 29.4 | AJ12: 32.7 | AK12: 32.2 | AL12: 46.5 | AM12: 32.5 | AN12: 34.8 | AO12: 36 | AP12: 52.6 | AQ12: 35.3 | AR12: 35.6 | AS12: 34.9 | AT12: 36.5 | AU12: 36.9 | AV12: 31.3 | AW12: 34.5 | AX12: 38.6
A13: Other | B13: pozostałe | C13: 92.965538 | D13: 88.765538 | E13: 93.165538 | F13: 70.065538 | G13: 98.158009 | H13: 113.45801 | I13: 96.658009 | J13: 82.258009 | K13: 108.58504 | L13: 116.08504 | M13: 119.48504 | N13: 89.585042 | O13: 118.16617 | P13: 121.96617 | Q13: 119.26617 | R13: 77.966171 | S13: 111.74726 | T13: 115.94726 | U13: 116.74726 | V13: 99.347264 | W13: 133.37063 | X13: 132.1724 | Y13: 128.91744 | Z13: 109.82363 | AA13: 144.10464 | AB13: 138.73146 | AC13: 123.07044 | AD13: 87.858826 | AE13: 126.3 | AF13: 124 | AG13: 126.7 | AH13: 110.4 | AI13: 146.9 | AJ13: 135.4 | AK13: 142.3 | AL13: 197.2 | AM13: 128 | AN13: 122.4 | AO13: 129.9 | AP13: 100.3 | AQ13: 165.7 | AR13: 118.5 | AS13: 129.3 | AT13: 109.8 | AU13: 173.3 | AV13: 131.6 | AW13: 141.7 | AX13: 138.3
A14: Result before risk costs | B14: Wynik segmentu | C14: =C5-C10 -> 106.7 | D14: =D5-D10 -> 90.7 | E14: =E5-E10 -> 94.2 | F14: =F5-F10 -> 55.9 | G14: =G5-G10 -> 63.1 | H14: =H5-H10 -> 100.8 | I14: =I5-I10 -> 92.4 | J14: =J5-J10 -> 40.9 | ... AX14: =AX5-AX10 -> 434.7
A15: Risk cost | B15: koszty ryzyka | C15: -2.4 | D15: -10.4 | E15: -25 | F15: -2.2 | G15: -2.6 | H15: 6 | I15: 4.9 | J15: 20.1 | K15: 12.8 | L15: 6.8 | M15: 21.4 | N15: 22.8 | O15: 21.2 | P15: 13 | Q15: 21.3 | R15: 25.6 | S15: 33.9 | T15: 21.2 | U15: 21 | V15: 14.1 | W15: 19.2 | X15: 25.2 | Y15: 21.5 | Z15: 24.2 | AA15: 37.980921 | AB15: 40.428718 | AC15: 33.010278 | AD15: 17.015056 | AE15: 36.7 | AF15: 10.6 | AG15: 13.2 | AH15: 18.2 | AI15: 33.8 | AJ15: 23.6 | AK15: 7.8 | AL15: =4.6 -> 4.6 | AM15: 16.4 | AN15: 20.6 | AO15: =21.5+3.9 -> 25.4 | AP15: 75.1 | AQ15: 42.8 | AR15: 43.8 | AS15: 39.8 | AT15: 33.9 | AU15: 37.5 | AV15: 103.3 | AW15: 41.7 | AX15: 88.5
A16: Tax on certain financial institutions | B16: podatek od niektórych instytucji finansowych | C16: 0 | D16: 0 | E16: 0 | F16: 0 | G16: 0 | H16: 0 | I16: 0 | J16: 0 | K16: 0 | L16: 0 | M16: 0 | N16: 0 | O16: 0 | P16: 0 | Q16: 0 | R16: 0 | S16: 0 | T16: 0 | U16: 0 | V16: 0 | W16: 0 | X16: 0 | Y16: 0 | Z16: 0 | AA16: 0 | AB16: 0 | AC16: 0 | AD16: 0 | AE16: 0 | AF16: 0 | AG16: 0 | AH16: 0 | AI16: 0 | AJ16: 0 | AK16: 0 | AL16: 0 | AM16: 17.7 | AN16: =27.7+0.1 -> 27.8 | AO16: =27.6-0.1 -> 27.5 | AP16: 28.7 | AQ16: 31.9 | AR16: 28.4 | AS16: 32.5 | AT16: 33.7 | AU16: 35.7 | AV16: 38 | AW16: 39.5 | AX16: 41.7
A17: Profit before tax | B17: Wynik segmentu z uwzględnieniem kosztów ryzyka (wynik finansowy brutto) | C17: =C14-C15 -> 109.1 | D17: =D14-D15 -> 101.1 | E17: =E14-E15 -> 119.2 | F17: =F14-F15 -> 58.1 | G17: =G14-G15 -> 65.7 | H17: =H14-H15 -> 94.8 | I17: =I14-I15 -> 87.5 | J17: =J14-J15 -> 20.8 | ... AL17: =AL14-AL15 -> 113.9 | AM17: =AM14-AM15-AM16 -> 188.8 | AN17: =AN14-AN15-AN16 -> 365.1 | AO17: =AO14-AO15-AO16 -> 237.7 | AP17: =AP14-AP15-AP16 -> 205.7 | AQ17: =AQ14-AQ15-AQ16 -> 215.2 | AR17: =AR14-AR15-AR16 -> 297.6 | AS17: =AS14-AS15-AS16 -> 289.1 | AT17: =AT14-AT15-AT16 -> 317.2 | ... AX17: =AX14-AX15-AX16 -> 304.5
A19: */ including the share in net profit of affiliated units shown using the method of ownership rights | B19: */ włączając udział w zyskach netto jednostek stowarzyszonych wykazywanych metodą praw własności

Sheet Wynik odsetkowy_Interest income
A1: Comparable data pro-forma NOTE! - change in the layout Row 25 added | B1: Dane porównywalne pro-forma
A2: Net interest income | B2: Wynik z tytułu odsetek | C2: 2007 | G2: 2008 | K2: 2009 | O2: 2010 | S2: 2011 | W2: 2012 | AA2: 2013 | AE2: 2014 | AI2: 2015 | AM2: 2016 | AQ2: 2017 | AU2: 2018
C3: 1Q | D3: 2Q | E3: 3Q | F3: 4Q | G3: 1Q | H3: 2Q | I3: 3Q | J3: 4Q | K3: 1Q | L3: 2Q | M3: 3Q | N3: 4Q | O3: 1Q | P3: 2Q | Q3: 3Q | R3: 4Q | S3: 1Q | T3: 2Q | U3: 3Q | V3: 4Q | W3: 1Q | X3: 2Q | Y3: 3Q | Z3: 4Q | AA3: 1Q | AB3: 2Q | AC3: 3Q | AD3: 4Q | AE3: 1Q | AF3: 2Q | AG3: 3Q | AH3: 4Q | AI3: 1Q | AJ3: 2Q | AK3: 3Q | AL3: 4Q | AM3: 1Q | AN3: 2Q | AO3: 3Q | AP3: 4Q | AQ3: 1Q | AR3: 2Q | AS3: 3Q | AT3: 4Q | AU3: 1Q | AV3: 2Q | AW3: 3Q | AX3: 4Q
A4: (PLN million) | B4: (w mln zł)
A5: Interest income on assets measured at amortised cost, including: | B5: Przychody odsetkowe od aktywów wycenianych w zamortyzowanym koszcie w tym: | AU5: =SUM(AU6:AU9) -> 1096.8 | AV5: =SUM(AV6:AV9) -> 1148.8 | AW5: =SUM(AW6:AW9) -> 1193.4 | AX5: =SUM(AX6:AX9) -> 1229.5
A6: - Interest on loans and receivables to other banks measured at amortised cost | B6: - odsetki od kredytów i innych należności udzielonych innym bankom wycenianych zamortyzowanym kosztem | C6: 196.4 | D6: 219.2 | E6: 237 | F6: 220.2 | G6: 214.6 | H6: 176.1 | I6: 143 | J6: 139.2 | K6: 66.6 | L6: 39 | M6: 31.2 | N6: 32.2 | O6: 24.2 | P6: 29.9 | Q6: 21.7 | R6: 23.5 | S6: 26.3 | T6: 29.8 | U6: 30.2 | V6: 41.9 | W6: =26.8-26.8+26.9 -> 26.9 | X6: =30.4-30.4+31 -> 31 | Y6: 37.4 | Z6: 40.5 | AA6: 27.8 | AB6: 25.3 | AC6: 23.8 | AD6: 28.5 | AE6: 28.7 | AF6: 23.8 | AG6: 22.3 | AH6: 17.8 | AI6: 15.9 | AJ6: 15.4 | AK6: 17.1 | AL6: 14.4 | AM6: 12.3 | AN6: 13.9 | AO6: 12.7 | AP6: 12.3 | AQ6: 12.5 | AR6: 13.7 | AS6: 13.9 | AT6: 16.1 | AU6: 9.5 | AV6: 7.9 | AW6: 10.1 | AX6: 8.9
A7: - Interest on loans and receivables to customers measured at amortised cost | B7: - odsetki od kredytów i innych należności udzielonych klientom wycenianych zamortyzowanym kosztem | C7: 193.1 | D7: 216.6 | E7: 237.5 | F7: 277.4 | G7: 305.2 | H7: 353.2 | I7: 404.2 | J7: 438.7 | K7: 423.4 | L7: 419.3 | M7: 412 | N7: 404.7 | O7: 424.2 | P7: 431.4 | Q7: 461.7 | R7: 479.2 | S7: 497.1 | T7: 546.6 | U7: 608.3 | V7: 635.1 | W7: 707.7 | X7: 733 | Y7: 742.2 | Z7: 736.2 | AA7: 685.3 | AB7: 677.5 | AC7: 668.1 | AD7: 674.3 | AE7: 678.1 | AF7: 703.3 | AG7: 731.8 | AH7: 709.1 | AI7: 687.7 | AJ7: 691.1 | AK7: 738 | AL7: 750.4 | AM7: 746.6 | AN7: 764.7 | AO7: 802.5 | AP7: 821.1 | AQ7: 826.3 | AR7: 866.5 | AS7: 908.6 | AT7: 935.7 | AU7: 918.5 | AV7: 966.7 | AW7: 1010.6 | AX7: 1059.9
A8: - Interest on securities measured at amortised cost | B8: - odsetki od papierów wartościowych wycenianych zamortyzowanym kosztem | C8: - | D8: - | E8: - | F8: - | G8: - | H8: - | I8: - | J8: - | K8: - | L8: - | M8: - | N8: - | O8: - | P8: - | Q8: - | R8: - | S8: - | T8: - | U8: - | V8: - | W8: - | X8: - | Y8: - | Z8: - | AA8: - | AB8: - | AC8: - | AD8: - | AE8: - | AF8: - | AG8: - | AH8: - | AI8: - | AJ8: - | AK8: - | AL8: - | AM8: - | AN8: - | AO8: - | AP8: - | AQ8: - | AR8: - | AS8: - | AT8: - | AU8: 69.6 | AV8: 74.7 | AW8: 75.7 | AX8: 60.6
A9: - Interest on securities measured through other comprehensive income | B9: - odsetki od papierów wartościowych wycenianych przez inne całkowite dochody | C9: - | D9: - | E9: - | F9: - | G9: - | H9: - | I9: - | J9: - | K9: - | L9: - | M9: - | N9: - | O9: - | P9: - | Q9: - | R9: - | S9: - | T9: - | U9: - | V9: - | W9: - | X9: - | Y9: - | Z9: - | AA9: - | AB9: - | AC9: - | AD9: - | AE9: - | AF9: - | AG9: - | AH9: - | AI9: - | AJ9: - | AK9: - | AL9: - | AM9: - | AN9: - | AO9: - | AP9: - | AQ9: - | AR9: - | AS9: - | AT9: - | AU9: 99.2 | AV9: 99.5 | AW9: 97 | AX9: 100.1
A10: Other interest income, including: | B10: Pozostałe przychody odsetkowe tym | AU10: =SUM(AU12:AU13,AU15,AU16,AU17,AU11,AU14) -> 1.3 | AV10: =SUM(AV11:AV17) -> 1.4 | AW10: =SUM(AW11:AW17) -> 1.3 | AX10: =SUM(AX11:AX17) -> 1.3
A11: - Interest on loans and receivables to other banks measured at fair value through profit or lost | B11: - odsetki od kredytów i innych należności udzielonych klientom wycenianych do wartości godziwej przez rachunek zysków i strat | C11: - | D11: - | E11: - | F11: - | G11: - | H11: - | I11: - | J11: - | K11: - | L11: - | M11: - | N11: - | O11: - | P11: - | Q11: - | R11: - | S11: - | T11: - | U11: - | V11: - | W11: - | X11: - | Y11: - | Z11: - | AA11: - | AB11: - | AC11: - | AD11: - | AE11: - | AF11: - | AG11: - | AH11: - | AI11: - | AJ11: - | AK11: - | AL11: - | AM11: - | AN11: - | AO11: - | AP11: - | AQ11: - | AR11: - | AS11: - | AT11: - | AU11: 1.3 | AV11: 1.4 | AW11: 1.3 | AX11: 1.3
A12: - Interest on available-for-sale debt securities | B12: - odsetki od aktywów finansowych dostepnych do sprzedaży | C12: 191.5 | D12: 161.3 | E12: 150.5 | F12: 179.4 | G12: 99.01 | H12: 121.19 | I12: 193.3 | J12: 187.066 | K12: 140.6 | L12: 131.2 | M12: 64.6 | N12: 81.4 | O12: 85.6 | P12: =169.2-12.6 -> 156.6 | Q12: 135 | R12: 145.3 | S12: 171.9 | T12: 184.1 | U12: 170.6 | V12: 127.3 | W12: 118.5 | X12: 116.4 | Y12: =126.1+0.1 -> 126.2 | Z12: 180.9 | AA12: 191 | AB12: 190.5 | AC12: 182.8 | AD12: 171.9 | AE12: 178.4 | AF12: 188.7 | AG12: 193.7 | AH12: 187.9 | AI12: 157.7 | AJ12: 140.5 | AK12: 138.6 | AL12: 125.9 | AM12: 124.2 | AN12: 124.4 | AO12: 134.7 | AP12: 127.1 | AQ12: 121.2 | AR12: 108.3 | AS12: 103.4 | AT12: 103.8 | AU12: - | AV12: - | AW12: - | AX12: -
A13: - Interest on debt securities held for trading | B13: - odsetki od aktywów finansowych przeznaczonych do obrotu | G13: 53.020023 | H13: 57.328109 | I13: 59.351868 | J13: 61.206 | K13: =96-0.1 -> 95.9 | L13: 73.8 | M13: 97.2 | N13: 65.9 | O13: 59.8 | P13: -9 | Q13: 11.2 | R13: 12.6 | S13: 3.8 | T13: 6.7 | U13: 3.4 | V13: 4.5 | W13: 4.6 | X13: 3.1 | Y13: =3.8-0.2 -> 3.6 | Z13: 2.7 | AA13: 5.4 | AB13: 7.1 | AC13: 7.9 | AD13: 6.4 | AE13: 9 | AF13: 7.8 | AG13: 3.2 | AH13: 3.2 | AI13: 6.7 | AJ13: 7.6 | AK13: 6.1 | AL13: 4.9 | AM13: 4.2 | AN13: 4.2 | AO13: 4 | AP13: 5.1 | AQ13: 0 | AR13: 0 | AS13: 0 | AT13: 0 | AU13: - | AV13: - | AW13: - | AX13: -
A14: - Interest on held-to-maturity debt securities | B14: - odsetki od aktywów finansowych utrzymywanych do terminu wymagalności | G14: 21.783115 | H14: 86.900599 | I14: 103.23416 | J14: 108.94612 | K14: 108 | L14: 108.3 | M14: 109.3 | N14: 109.3 | O14: 106.9 | P14: 99.2 | Q14: 95.7 | R14: 94.1 | S14: 89.3 | T14: 78.9 | U14: 71.7 | V14: 73 | W14: 72.6 | X14: 56.8 | Y14: 35.1 | Z14: 0 | AA14: 0 | AB14: 0 | AC14: 0 | AD14: 0 | AE14: 0 | AF14: 0 | AG14: 0 | AH14: 0 | AI14: 11 | AJ14: 20.4 | AK14: 21.4 | AL14: 25.5 | AM14: 27.6 | AN14: 29.8 | AO14: 37.6 | AP14: 38.3 | AQ14: 44.3 | AR14: 52.1 | AS14: 55.7 | AT14: 55.4 | AU14: - | AV14: - | AW14: - | AX14: -
A15: - Interest on debt securities designated as fair value at initial recognition | B15: - odsetki od aktywów finansowych desygnowanych do wyceny do wartości godziwej przy początkowym ujęciu | G15: 36.08989 | H15: 33.973921 | I15: -13.281363 | J15: 21.481551 | K15: 6.6 | L15: 3.2 | M15: 3.2 | N15: 3.2 | O15: 3.1 | P15: 3.1 | Q15: 3.2 | R15: 2.2 | S15: 0.8 | T15: 0.9 | U15: 0 | V15: 0 | W15: 3.6 | X15: 2.7 | Y15: 0 | Z15: 0 | AA15: 0 | AB15: 0 | AC15: 0 | AD15: 0 | AE15: 0 | AF15: 0 | AG15: 0 | AH15: 0 | AI15: 0 | AJ15: 0 | AK15: 0 | AL15: 0 | AM15: 0 | AN15: 0 | AO15: 0 | AP15: 0 | AQ15: 0 | AR15: 0 | AS15: 0 | AT15: 0 | AU15: - | AV15: - | AW15: - | AX15: -
A16: - Net interest result on derivatives | B16: - wynik odsetkowy na instrumentach pochodnych | C16: -25 | D16: -11.1 | E16: -6.7 | F16: -3.7 | G16: 20.8 | H16: 26.6 | I16: 20.3 | J16: 26.2 | K16: 19.7 | L16: -1.5 | M16: 14.6 | N16: 14.8 | O16: 23 | P16: 11.9 | Q16: 18.8 | R16: -5.4 | S16: -16.6 | T16: -13.4 | U16: -1.9 | V16: 15.2 | W16: 11.3 | X16: 2.2 | Y16: 18.7 | Z16: 17.6 | AA16: 15.6 | AB16: 2.4 | AC16: 12.8 | AD16: 10.3 | AE16: 9.6 | AF16: 9 | AG16: 11.2 | AH16: 7.9 | AI16: 8 | AJ16: 3 | AK16: 7.3 | AL16: 14 | AM16: 20.1 | AN16: 24.2 | AO16: 19 | AP16: 12.3 | AQ16: 0 | AR16: 0 | AS16: 0 | AT16: 0 | AU16: - | AV16: - | AW16: - | AX16: -
A17: - Other | B17: - inne | C17: =-0.1+0.1 -> 0 | D17: =0.2-0.2 -> 0 | E17: =-0.6+0.6 -> 0 | F17: 0 | G17: =0.5-0.5 -> 0 | H17: =0.4-0.4 -> 0 | I17: =0.3-0.3 -> 0 | J17: =0.4-0.4 -> 0 | K17: =0.1-0.1 -> 0 | L17: =0.1-0.1 -> 0 | M17: =0.1-0.1 -> 0 | N17: 0 | O17: =0.1-0.1 -> 0 | P17: =0.1-0.1 -> 0 | Q17: 0 | R17: =0.1-0.1 -> 0 | S17: =0.2-0.2 -> 0 | T17: =0.1-0.1 -> 0 | U17: =0.1-0.1 -> 0 | V17: =0.1-0.1 -> 0 | W17: =0.4-0.4 -> 0 | X17: =1.1-1.1 -> 0 | Y17: 0 | Z17: 0 | AA17: 0 | AB17: 0 | AC17: 0 | AD17: 0 | AE17: 0 | AF17: 0 | AG17: 0 | AH17: 0 | AI17: 0 | AJ17: 0 | AK17: 0 | AL17: 0 | AM17: 0 | AN17: 0 | AO17: 0 | AP17: 0 | AQ17: 0 | AR17: 0 | AS17: 0 | AT17: 0 | AU17: - | AV17: - | AW17: - | AX17: -
A18: Total interest income | B18: Razem przychody z tytułu odsetek | C18: =SUM(C6:C7,C12:C17) -> 556 | D18: =SUM(D6:D7,D12:D17) -> 586 | E18: =SUM(E6:E7,E12:E17) -> 618.3 | F18: =SUM(F6:F7,F12:F17) -> 673.3 | G18: =SUM(G6:G7,G12:G17) -> 750.50303 | H18: =SUM(H6:H7,H12:H17) -> 855.29263 | I18: =SUM(I6:I7,I12:I17) -> 910.10467 | J18: =SUM(J6:J7,J12:J17) -> 982.79968 | ... AT18: =SUM(AT6:AT7,AT12:AT17) -> 1111 | AU18: =SUM(AU5,AU10) -> 1098.1 | AV18: =SUM(AV5,AV10) -> 1150.2 | AW18: =SUM(AW5,AW10) -> 1194.7 | AX18: =SUM(AX5,AX10) -> 1230.8
A20: Interest expenses | B20: Koszty odsetek
A21: - Interest on deposits from banks | B21: - odsetki od zobowiązań wobec innych banków | C21: 26.7 | D21: 25.7 | E21: 30.7 | F21: 35.4 | G21: =38.9-0.4 -> 38.5 | H21: =55-1.2 -> 53.8 | I21: =61.9-0.5 -> 61.4 | J21: =90.5-0.5 -> 90 | K21: =97.7-0.8 -> 96.9 | L21: =52.3-0.9 -> 51.4 | M21: =18.4-0.5 -> 17.9 | N21: =16.6-0.2 -> 16.4 | O21: 18.6 | P21: 18.6 | Q21: 19.3 | R21: 34.7 | S21: 42 | T21: 48.9 | U21: 44.3 | V21: 27.7 | W21: =39.8-0.2 -> 39.6 | X21: =31.4-0.1 -> 31.3 | Y21: =24.2-0.3 -> 23.9 | Z21: =32.3-0.3 -> 32 | AA21: =26.3-0.4 -> 25.9 | AB21: =24.5-1.9 -> 22.6 | AC21: =17.3-1.3 -> 16 | AD21: =16.9-1 -> 15.9 | AE21: 24.2 | AF21: 28.8 | AG21: 19.4 | AH21: 17.9 | AI21: 14.9 | AJ21: 16.5 | AK21: 19.5 | AL21: 14.3 | AM21: 8.6 | AN21: 7.8 | AO21: 15.2 | AP21: 13 | AQ21: 16.9 | AR21: 16.3 | AS21: 15.5 | AT21: 12.2 | AU21: 10.2 | AV21: 14.5 | AW21: 19.5 | AX21: 14.1
A22: - Interest on deposits from customers | B22: - odsetki od zobowiązań wobec klientów | C22: 293.2 | D22: 313.4 | E22: 333 | F22: 374.7 | G22: 428.6 | H22: 485.7 | I22: 527.8 | J22: 560.3 | K22: 452.8 | L22: 362.9 | M22: 336.2 | N22: 340.7 | O22: 317.8 | P22: 299.2 | Q22: 317.8 | R22: 295.1 | S22: 295.7 | T22: 325.2 | U22: 360.6 | V22: 389.6 | W22: 392.1 | X22: 399.8 | Y22: 423.8 | Z22: 438.1 | AA22: 416 | AB22: 377.6 | AC22: 346.9 | AD22: 323.7 | AE22: 305.8 | AF22: 316.1 | AG22: 340.3 | AH22: 319.2 | AI22: 296.6 | AJ22: 260.6 | AK22: 258.5 | AL22: 255.6 | AM22: 251.1 | AN22: 253.3 | AO22: 201.2 | AP22: 184.4 | AQ22: 183.8 | AR22: 185 | AS22: 188.3 | AT22: 195.7 | AU22: 200.1 | AV22: 210.6 | AW22: 209 | AX22: 215.8
A23: - Interest on issue of debt securities | B23: - odsetki od zobowiązań z tytułu emisji papierów wartościowych | C23: 0 | D23: 0 | E23: 0 | F23: 0 | G23: 0 | H23: 0 | I23: 0 | J23: 0 | K23: 0 | L23: 0 | M23: 0 | N23: 0 | O23: 0 | P23: 0 | Q23: 0 | R23: 0 | S23: 0 | T23: 0 | U23: 0 | V23: 0 | W23: 0 | X23: 0 | Y23: 0 | Z23: 2 | AA23: 7.4 | AB23: 6.8 | AC23: 5.1 | AD23: 5.1 | AE23: 5 | AF23: 5.1 | AG23: 5.1 | AH23: 5.3 | AI23: 6.1 | AJ23: 6.2 | AK23: 5.7 | AL23: 5.7 | AM23: 5.7 | AN23: 5.6 | AO23: 5.6 | AP23: 5.8 | AQ23: 5.7 | AR23: 5.7 | AS23: 5.8 | AT23: 4.7 | AU23: 1.9 | AV23: 1.9 | AW23: 1.9 | AX23: 1.9
A24: - Interest on subordinated liabilities | B24: - odsetki od zobowiązań podporządkowanych | C24: 0 | D24: 0 | E24: 0 | F24: 0 | G24: 0 | H24: 0 | I24: 0 | J24: 0 | K24: 0 | L24: 0 | M24: 0 | N24: 0 | O24: 0 | P24: 0 | Q24: 0 | R24: 0 | S24: 0 | T24: 0 | U24: 0 | V24: 0 | W24: 0 | X24: 0 | Y24: 0 | Z24: 0 | AA24: 0 | AB24: 0 | AC24: 0 | AD24: 0 | AE24: 0 | AF24: 0 | AG24: 0 | AH24: 0 | AI24: 0 | AJ24: 0 | AK24: 0 | AL24: 0 | AM24: 1.3 | AN24: 3.4 | AO24: 3.3 | AP24: 3.2 | AQ24: 3.1 | AR24: 3.1 | AS24: 3.1 | AT24: 3.2 | AU24: 2.9 | AV24: 3.2 | AW24: 3.1 | AX24: 3.9
A25: - Interest on financial liabilities held for trading | B25: - odsetki od zobowiązań finansowych przeznaczonych do obrotu | C25: 0 | D25: 0 | E25: 0 | F25: 0 | G25: 0 | H25: 0 | I25: 0 | J25: 0 | K25: 0 | L25: 0 | M25: 0 | N25: 0 | O25: 0 | P25: 0 | Q25: 0 | R25: 0 | S25: 0 | T25: 0 | U25: 0 | V25: 0 | W25: 0 | X25: 0 | Y25: 0 | Z25: 0 | AA25: 0 | AB25: 0.5 | AC25: 1.3 | AD25: 1.3 | AE25: 0.9 | AF25: 0.4 | AG25: 0.5 | AH25: 0.3 | AI25: 0.4 | AJ25: 0.6 | AK25: 0.2 | AL25: 0.1 | AM25: 0.2 | AN25: 0.2 | AO25: 0.3 | AP25: 0.3 | AQ25: 0 | AR25: 0 | AS25: 0 | AT25: 0 | AU25: - | AV25: - | AW25: - | AX25: -
A26: Total interest expenses | B26: Razem koszty odsetek | C26: =SUM(C21:C23) -> 319.9 | D26: =SUM(D21:D23) -> 339.1 | E26: =SUM(E21:E23) -> 363.7 | F26: =SUM(F21:F23) -> 410.1 | G26: =SUM(G21:G23) -> 467.1 | H26: =SUM(H21:H23) -> 539.5 | I26: =SUM(I21:I23) -> 589.2 | J26: =SUM(J21:J23) -> 650.3 | ... Z26: =SUM(Z21:Z23) -> 472.1 | AA26: =SUM(AA21:AA25) -> 449.3 | AB26: =SUM(AB21:AB25) -> 407.5 | AC26: =SUM(AC21:AC25) -> 369.3 | AD26: =SUM(AD21:AD25) -> 346 | AE26: =SUM(AE21:AE25) -> 335.9 | AF26: =SUM(AF21:AF25) -> 350.4 | AG26: =SUM(AG21:AG25) -> 365.3 | AH26: =SUM(AH21:AH25) -> 342.7 | ... AX26: =SUM(AX21:AX25) -> 235.7
A28: Net interest income | B28: Wynik z tytułu odsetek | C28: =C18-C26 -> 236.1 | D28: =D18-D26 -> 246.9 | E28: =E18-E26 -> 254.6 | F28: =F18-F26 -> 263.2 | G28: =G18-G26 -> 283.40303 | H28: =H18-H26 -> 315.79263 | I28: =I18-I26 -> 320.90467 | J28: =J18-J26 -> 332.49968 | ... AX28: =AX18-AX26 -> 995.1

Sheet Wynik prowizyjny_F&C income
A1: Comparable data pro-forma | B1: Dane porównywalne pro-forma
A2: Net fees & commission income | B2: Wynik z tytułu prowizji | C2: 2007 | G2: 2008 | K2: 2009 | O2: 2010 | S2: 2011 | W2: 2012 | AA2: 2013 | AE2: 2014 | AI2: 2015 | AM2: 2016 | AQ2: 2017 | AU2: 2018
C3: 1Q | D3: 2Q | E3: 3Q | F3: 4Q | G3: 1Q | H3: 2Q | I3: 3Q | J3: 4Q | K3: 1Q | L3: 2Q | M3: 3Q | N3: 4Q | O3: 1Q | P3: 2Q | Q3: 3Q | R3: 4Q | S3: 1Q | T3: 2Q | U3: 3Q | V3: 4Q | W3: 1Q | X3: 2Q | Y3: 3Q | Z3: 4Q | AA3: 1Q | AB3: 2Q | AC3: 3Q | AD3: 4Q | AE3: 1Q | AF3: 2Q | AG3: 3Q | AH3: 4Q | AI3: 1Q | AJ3: 2Q | AK3: 3Q | AL3: 4Q | AM3: 1Q | AN3: 2Q | AO3: 3Q | AP3: 4Q | AQ3: 1Q | AR3: 2Q | AS3: 3Q | AT3: 4Q | AU3: 1Q | AV3: 2Q | AW3: 3Q | AX3: 4Q
A4: (PLN million) | B4: (w mln zł)
A5: Fees and commission income | B5: Przychody z tytułu prowizji
A6: - the transaction margin on currency exchange transactions | B6: - marża transakcyjna na transakcjach wymiany walut | C6: 24.6 | D6: 27.4 | E6: 23.1 | F6: 23.7 | G6: 22.4 | H6: 23.4 | I6: 36.9 | J6: 56.8 | K6: 59.5 | L6: 55.1 | M6: 50.8 | N6: 45.1 | O6: 60.6 | P6: 59.6 | Q6: 61 | R6: 62.8 | S6: 59.7 | T6: 64.4 | U6: 70.3 | V6: 69.4 | W6: 65.5 | X6: 66.2 | Y6: 72 | Z6: 67.4 | AA6: 64.3 | AB6: =75.1-10.3 -> 64.8 | AC6: =56.8+5.1 -> 61.9 | AD6: 69.2 | AE6: 64.5 | AF6: 68.2 | AG6: 75.9 | AH6: 73.5 | AI6: 69.9 | AJ6: 75 | AK6: 69.6 | AL6: 69.6 | AM6: 63.9 | AN6: 67.6 | AO6: 72.1 | AP6: 77.9 | AQ6: 80.6 | AR6: 80.9 | AS6: 91 | AT6: 90.6 | AU6: 84.4 | AV6: 91.6 | AW6: 90.7 | AX6: 96.5
A7: - commission related to keeping accounts | B7: - prowadzenie rachunków klientów | C7: 62.5 | D7: 69.1 | E7: 66.6 | F7: 68.3 | G7: 68.7 | H7: 71.4 | I7: 71.5 | J7: 76.1 | K7: 71.2 | L7: =71.7-0.7 -> 71 | M7: 73.4 | N7: 72.2 | O7: 69.8 | P7: =66.3-0.1 -> 66.2 | Q7: =64.8-0.1 -> 64.7 | R7: =65.2-0.2 -> 65 | S7: =62.1-0.1 -> 62 | T7: =64.7-0.5 -> 64.2 | U7: =63.9-0.3 -> 63.6 | V7: =65-0.7 -> 64.3 | W7: =61.7-0.4 -> 61.3 | X7: =63.6-0.4 -> 63.2 | Y7: =61.4-0.4 -> 61 | Z7: =62.8-1.6 -> 61.2 | AA7: =63.6-0.1 -> 63.5 | AB7: =64.6-0.1 -> 64.5 | AC7: =65.3-1 -> 64.3 | AD7: =64.2-1.8 -> 62.4 | AE7: 62.5 | AF7: =62.8-0.2 -> 62.6 | AG7: =61.8-0.6 -> 61.2 | AH7: 60.1 | AI7: 59.1 | AJ7: 62.9 | AK7: 61.8 | AL7: 62.8 | AM7: 60.8 | AN7: 63.8 | AO7: 63.1 | AP7: 64.3 | AQ7: 66.2 | AR7: 70.2 | AS7: 69.5 | AT7: 72 | AU7: 70.2 | AV7: 72.6 | AW7: 72.2 | AX7: 71.9
A8: - commission related to payment and credit cards | B8: - karty płatnicze i kredytowe | C8: 25.2 | D8: 25.1 | E8: 24.8 | F8: 28.4 | G8: 30.5 | H8: 34.7 | I8: 36.9 | J8: 35.3 | K8: =33.9-0.1 -> 33.8 | L8: 41.4 | M8: 43.6 | N8: =43-0.2 -> 42.8 | O8: =39.2-0.1 -> 39.1 | P8: 43.9 | Q8: =48.9-0.3 -> 48.6 | R8: =53-0.2 -> 52.8 | S8: =50.8-0.2 -> 50.6 | T8: =51.1-0.2 -> 50.9 | U8: =52.2-0.2 -> 52 | V8: =54.3-0.2 -> 54.1 | W8: =49.6-0.3-0.3 -> 49 | X8: =51.1-0.4-0.4 -> 50.3 | Y8: =51.9-0.4-0.7 -> 50.8 | Z8: =54.4-0.6 -> 53.8 | AA8: =42.5-0.3-0.8 -> 41.4 | AB8: =46.3-0.2-1.1 -> 45 | AC8: =49.4-0.3-1.1 -> 48 | AD8: =52-0.5-1.4 -> 50.1 | AE8: =48.6-0.9-1.6 -> 46.1 | AF8: =51.8-1.9 -> 49.9 | AG8: =25.6-1.9 -> 23.7 | AH8: =25.2-2 -> 23.2 | AI8: =18.2-2.1 -> 16.1 | AJ8: =16.4-2.2 -> 14.2 | AK8: =17.6-2.6 -> 15 | AL8: =14.7-2.4 -> 12.3 | AM8: =24-2.1 -> 21.9 | AN8: 32 | AO8: 34.6 | AP8: 27.1 | AQ8: 31.7 | AR8: 27.2 | AS8: 29.1 | AT8: 25.2 | AU8: 25.3 | AV8: 45.8 | AW8: 21 | AX8: 23.9
A9: - commission related to loans | B9: - udzielanie kredytów | C9: 27.6 | D9: 21.9 | E9: 30.7 | F9: 29.7 | G9: 33.6 | H9: 25.8 | I9: 30.7 | J9: 32.7 | K9: 34.2 | L9: 33.2 | M9: 36.5 | N9: 37.9 | O9: 36.6 | P9: 38.6 | Q9: 40.1 | R9: 39.5 | S9: 42.8 | T9: 42.6 | U9: 49.1 | V9: 44.1 | W9: 43.9 | X9: 45.1 | Y9: 43 | Z9: 46.5 | AA9: =47.2+1.8 -> 49 | AB9: 51.6 | AC9: 49.1 | AD9: 44.5 | AE9: 54.6 | AF9: 54 | AG9: 51.4 | AH9: 50 | AI9: 57.1 | AJ9: 58.5 | AK9: 54 | AL9: 51.5 | AM9: 64 | AN9: 58.8 | AO9: 60.4 | AP9: 67.2 | AQ9: 67.1 | AR9: 64.5 | AS9: 65.4 | AT9: 66.4 | AU9: 77.4 | AV9: 74.4 | AW9: 72.7 | AX9: 73
A10: - commission related to distribution of participation units | B10: - dystrybucja jednostek uczestnictwa | C10: 50 | D10: 54.9 | E10: 58.2 | F10: 50.1 | G10: 33.7 | H10: 27.9 | I10: 21.8 | J10: 15.2 | K10: 12.2 | L10: 14.3 | M10: 13.5 | N10: 23.2 | O10: 16.4 | P10: 20.5 | Q10: 21.3 | R10: 23.1 | S10: 22.6 | T10: 23 | U10: 18.9 | V10: 15.9 | W10: 15.2 | X10: 14.8 | Y10: 14.7 | Z10: 16.9 | AA10: 16.3 | AB10: 17.8 | AC10: 19.3 | AD10: 22 | AE10: 20.5 | AF10: 21.2 | AG10: 21.1 | AH10: 22.8 | AI10: 23 | AJ10: 26.4 | AK10: 26.1 | AL10: 24.9 | AM10: 21.8 | AN10: 21.9 | AO10: 22.1 | AP10: 23.1 | AQ10: 23.5 | AR10: 24.6 | AS10: 26.2 | AT10: 27.1 | AU10: 25.8 | AV10: 26 | AW10: 27.7 | AX10: 20.1
A11: - commission related to brokerage activity | B11: - działalność maklerska | C11: 33.1 | D11: 32.4 | E11: 28.2 | F11: 31.1 | G11: 25.7 | H11: 16.3 | I11: 16.2 | J11: 17.2 | K11: 15.2 | L11: 17.3 | M11: 20 | N11: 21.4 | O11: 21.3 | P11: 17.4 | Q11: 20.3 | R11: 15.9 | S11: 19.9 | T11: 23.2 | U11: 17.6 | V11: 16.1 | W11: 19.1 | X11: 12.3 | Y11: 10.8 | Z11: 14.5 | AA11: 10.9 | AB11: 14.3 | AC11: 10.5 | AD11: 10.6 | AE11: 15.4 | AF11: 9.1 | AG11: 9.1 | AH11: 9.5 | AI11: 10.3 | AJ11: 11.2 | AK11: 9.3 | AL11: 15.4 | AM11: 8.8 | AN11: 8 | AO11: 7.6 | AP11: 4.7 | AQ11: 7.4 | AR11: 5.9 | AS11: 5.7 | AT11: 5.1 | AU11: 5.5 | AV11: 5 | AW11: 5.6 | AX11: 5.3
A12: - fiduciary and custodian fees | B12: - działalność powiernicza | C12: 8.5 | D12: 7.4 | E12: 9.2 | F12: 1.8 | G12: 7.2 | H12: 8 | I12: 7.4 | J12: 6.6 | K12: 6.3 | L12: 6.4 | M12: 6.4 | N12: 6.8 | O12: 6.8 | P12: 6.9 | Q12: 7.5 | R12: 7.3 | S12: 7.3 | T12: 8.2 | U12: 9 | V12: 6.9 | W12: 6.5 | X12: 7.1 | Y12: 6.8 | Z12: 7.1 | AA12: 7.8 | AB12: 7.6 | AC12: 8 | AD12: 7.5 | AE12: 7.1 | AF12: 7.9 | AG12: 7.8 | AH12: 7.3 | AI12: 8.3 | AJ12: 6.4 | AK12: 6 | AL12: 5.7 | AM12: 6 | AN12: 6.4 | AO12: 6.1 | AP12: 6.1 | AQ12: 7.6 | AR12: 6.9 | AS12: 7 | AT12: 7 | AU12: 7.3 | AV12: 7.1 | AW12: 6.7 | AX12: 8.2
A13: - commission related to factoring agreements | B13: - usługi faktoringowe i leasingowe | C13: 0.1 | D13: 0.1 | E13: 0.2 | F13: 0.2 | G13: 0.1 | H13: 0.2 | I13: 0.2 | J13: 0.2 | K13: 0.1 | L13: 0.1 | M13: 0.1 | N13: 0.1 | O13: 0.1 | P13: 0.2 | Q13: 0.2 | R13: 0.2 | S13: 0 | T13: 0.2 | U13: 0.2 | V13: 0.2 | W13: =5.5+0.4 -> 5.9 | X13: =5.1+0.8 -> 5.9 | Y13: =4.5+0.5 -> 5 | Z13: =5+0.5 -> 5.5 | AA13: 6.4 | AB13: 6.8 | AC13: 5.8 | AD13: 7.3 | AE13: 6.4 | AF13: 7.9 | AG13: 8.2 | AH13: 8.3 | AI13: 7.6 | AJ13: 8.7 | AK13: 7.9 | AL13: 10 | AM13: 9 | AN13: 11 | AO13: 11.1 | AP13: 12.3 | AQ13: 10.9 | AR13: 11.8 | AS13: 13.2 | AT13: 13.2 | AU13: 12.8 | AV13: 15.3 | AW13: 14.8 | AX13: 14.6
A14: - foreign commercial business | B14: - zagraniczne operacje handlowe | C14: 5.5 | D14: 5.8 | E14: 5.7 | F14: 4.7 | G14: 3.9 | H14: 4.1 | I14: 4 | J14: 3.8 | K14: 3.2 | L14: 3.5 | M14: 3.9 | N14: 3.7 | O14: 3.1 | P14: 3.2 | Q14: 3.2 | R14: 3.5 | S14: 3.4 | T14: 3.7 | U14: 3.7 | V14: 3.5 | W14: 3.3 | X14: 3.5 | Y14: 3.5 | Z14: 3.8 | AA14: 3.9 | AB14: 3.9 | AC14: 4 | AD14: 4.2 | AE14: 4.2 | AF14: 4.4 | AG14: 4.5 | AH14: 4.6 | AI14: 4.6 | AJ14: 4.9 | AK14: 5.1 | AL14: 5.3 | AM14: 5.2 | AN14: 6 | AO14: 6.3 | AP14: 6.5 | AQ14: 6.7 | AR14: 7.2 | AS14: 7.7 | AT14: 8.1 | AU14: 8.1 | AV14: 8.6 | AW14: 9.1 | AX14: 9.3
A15: - commission related to insurance product offering | B15: - oferowanie produktów ubezpieczeniowych | C15: 0.6 | D15: 0.8 | E15: 0.8 | F15: 2 | G15: 1.1 | H15: 1.6 | I15: 9.5 | J15: 16.2 | K15: 14.5 | L15: 20.8 | M15: 22.7 | N15: 18.9 | O15: 4 | P15: 15.2 | Q15: 11.6 | R15: 16.9 | S15: 8.4 | T15: 7.3 | U15: 6.9 | V15: 7.3 | W15: =5.5+0.3-0.3 -> 5.5 | X15: =8.5+0.4-0.3 -> 8.6 | Y15: =9.6+0.7-0.3 -> 10 | Z15: =8+0.6-0.3 -> 8.3 | AA15: =2.6+0.8-0.3 -> 3.1 | AB15: =3.6-0.5+1.1-0.3 -> 3.9 | AC15: =-8-1.2+1.1-0.3 -> -8.4 | AD15: =4.4+1.4-0.3 -> 5.5 | AE15: =10.4+1.6-0.3 -> 11.7 | AF15: =10.5+1.9-0.3 -> 12.1 | AG15: =11.5+1.9-0.3 -> 13.1 | AH15: =12.5+2-0.3 -> 14.2 | AI15: =13.7+2.1-0.3 -> 15.5 | AJ15: =15.6+2.2-0.3 -> 17.5 | AK15: =12.7+2.6-0.3 -> 15 | AL15: =12.8+2.4-0.3 -> 14.9 | AM15: =12+2.1-0.3 -> 13.8 | AN15: =9.9-0.3 -> 9.6 | AO15: =8.2-0.3 -> 7.9 | AP15: 18.6 | AQ15: 14.1 | AR15: 18.1 | AS15: 17.8 | AT15: 17.7 | AU15: 20.9 | AV15: 22.2 | AW15: 22.8 | AX15: 25.6
A16: - commission related to subscription of structured products | B16: - subskrypcja depozytów strukturyzowanych | C16: 0 | D16: 0 | E16: 0 | F16: 0 | G16: 0 | H16: 14.5 | I16: 4.4 | J16: 4.7 | K16: 1.9 | L16: 2.4 | M16: 0.2 | N16: 0.4 | O16: 0.4 | P16: 1.9 | Q16: 0.1 | R16: 0.1 | S16: 4.3 | T16: 2.9 | U16: 0.2 | V16: 3.4 | W16: 1.1 | X16: 0 | Y16: 0 | Z16: 0.4 | AA16: 0 | AB16: 0 | AC16: 0 | AD16: 0 | AE16: 0 | AF16: 0 | AG16: 0 | AH16: 0 | AI16: 0 | AJ16: 0 | AK16: 0 | AL16: 0 | AM16: 0 | AN16: 0 | AO16: 0 | AP16: 0 | AQ16: 0 | AR16: 0 | AS16: 0 | AT16: 0 | AU16: 0 | AV16: 0 | AW16: 0 | AX16: 0
A17: - other | B17: - pozostałe prowizje | C17: 1.3 | D17: 3.6 | E17: =4.4-0.1 -> 4.3 | F17: 1.5 | G17: 1.9 | H17: 7.8 | I17: 5.2 | J17: 3.7 | K17: 3.9 | L17: 9.1 | M17: 6.9 | N17: 3 | O17: 5.8 | P17: 3.9 | Q17: 8.2 | R17: 0.7 | S17: 4.6 | T17: 4.4 | U17: 5.7 | V17: 4.7 | W17: =3.8-0.4 -> 3.4 | X17: =7.2-0.3+1.2-0.8 -> 7.3 | Y17: =5.1 -> 5.1 | Z17: =5.3 -> 5.3 | AA17: =5.8-1.8 -> 4 | AB17: 2.6 | AC17: 3.2 | AD17: 6.3 | AE17: 3.5 | AF17: 8 | AG17: 9.5 | AH17: 6.2 | AI17: =5.2-1 -> 4.2 | AJ17: 5.3 | AK17: 9.7 | AL17: 13.9 | AM17: =10.1-1.4 -> 8.7 | AN17: =9.3 -> 9.3 | AO17: =11.5 -> 11.5 | AP17: 12.4 | AQ17: 7.4 | AR17: 10.3 | AS17: 10.7 | AT17: 16.6 | AU17: 13.1 | AV17: 12.9 | AW17: 12 | AX17: 24.2
A18: Total fees and comission income | B18: Razem przychody z tytułu prowizji | C18: =SUM(C6:C17) -> 239 | D18: =SUM(D6:D17) -> 248.5 | E18: =SUM(E6:E17) -> 251.8 | F18: =SUM(F6:F17) -> 241.5 | G18: =SUM(G6:G17) -> 228.8 | H18: =SUM(H6:H17) -> 235.7 | I18: =SUM(I6:I17) -> 244.7 | J18: =SUM(J6:J17) -> 268.5 | ... AX18: =SUM(AX6:AX17) -> 372.6
A20: Fees and commission expenses | B20: Koszty prowizji | C20: =16.7-1 -> 15.7 | D20: =15.2-1 -> 14.2 | E20: =21.1-1 -> 20.1 | F20: =29-1 -> 28 | G20: =22.1-1.2 -> 20.9 | H20: =19.9-1.2 -> 18.7 | I20: =16.4-1.2 -> 15.2 | J20: =29.6-1.2 -> 28.4 | K20: =22.1-4.1-0.1 -> 17.9 | L20: =25.4-4.1-0.7 -> 20.6 | M20: =25-4.1 -> 20.9 | N20: =48.2-4.1-0.2 -> 43.9 | O20: =35.6-3.9-0.1 -> 31.6 | P20: =30.7-3.9-0.1 -> 26.7 | Q20: =31.6-3.9-0.3-0.1 -> 27.3 | R20: =31.9-3.9-0.2-0.2 -> 27.6 | S20: =34.5-9.1-0.1-0.2 -> 25.1 | T20: =37.3-9.1-0.5-0.2 -> 27.5 | U20: =36.3-9.1-0.3-0.2 -> 26.7 | V20: =40.8-9.1-0.7-0.2 -> 30.8 | W20: =33.7-11-0.4-0.3-0.3 -> 21.7 | X20: =35-11-0.4-0.4-0.3 -> 22.9 | Y20: =32.6-11-0.4-0.4-0.3 -> 20.5 | Z20: =36.9-11-1.6-0.3 -> 24 | AA20: =31.5-11.3-0.3-0.1-0.3 -> 19.5 | AB20: =33.8-11.4-0.2-0.1-0.3 -> 21.8 | AC20: =33.6-11.3-0.3-1-0.3 -> 20.7 | AD20: =38.7-11.3-0.5-1.8-0.3 -> 24.8 | AE20: =21.6-0.9-0.3 -> 20.4 | AF20: =26.2-0.2-0.3 -> 25.7 | AG20: =28.1-0.6-0.3 -> 27.2 | AH20: =31.1-0.3 -> 30.8 | AI20: =27-0.3-1 -> 25.7 | AJ20: =27.8-0.3 -> 27.5 | AK20: =30.9-0.3 -> 30.6 | AL20: =31.8-0.3 -> 31.5 | AM20: =31.7-0.3-1.4 -> 30 | AN20: =36.6-0.3 -> 36.3 | AO20: =33.8-0.3 -> 33.5 | AP20: 36.7 | AQ20: 32.4 | AR20: 34.5 | AS20: 33.4 | AT20: 46.8 | AU20: 32.7 | AV20: 41.9 | AW20: 38.8 | AX20: 41.9
A22: Net commission income | B22: Wynik z tytułu prowizji | C22: =C18-C20 -> 223.3 | D22: =D18-D20 -> 234.3 | E22: =E18-E20 -> 231.7 | F22: =F18-F20 -> 213.5 | G22: =G18-G20 -> 207.9 | H22: =H18-H20 -> 217 | I22: =I18-I20 -> 229.5 | J22: =J18-J20 -> 240.1 | ... AX22: =AX18-AX20 -> 330.7

Sheet Pozost. przychody_Other income
A1: Comparable data pro-forma | B1: Dane porównywalne pro-forma
A2: Net income - other | B2: Wynik - pozostałe | C2: 2007 | G2: 2008 | K2: 2009 | O2: 2010 | S2: 2011 | W2: 2012 | AA2: 2013 | AE2: 2014 | AI2: 2015 | AM2: 2016 | AQ2: 2017 | AU2: 2018
C3: 1Q | D3: 2Q | E3: 3Q | F3: 4Q | G3: 1Q | H3: 2Q | I3: 3Q | J3: 4Q | K3: 1Q | L3: 2Q | M3: 3Q | N3: 4Q | O3: 1Q | P3: 2Q | Q3: 3Q | R3: 4Q | S3: 1Q | T3: 2Q | U3: 3Q | V3: 4Q | W3: 1Q | X3: 2Q | Y3: 3Q | Z3: 4Q | AA3: 1Q | AB3: 2Q | AC3: 3Q | AD3: 4Q | AE3: 1Q | AF3: 2Q | AG3: 3Q | AH3: 4Q | AI3: 1Q | AJ3: 2Q | AK3: 3Q | AL3: 4Q | AM3: 1Q | AN3: 2Q | AO3: 3Q | AP3: 4Q | AQ3: 1Q | AR3: 2Q | AS3: 3Q | AT3: 4Q | AU3: 1Q | AV3: 2Q | AW3: 3Q | AX3: 4Q
A4: (PLN million) | B4: (w mln zł)
A5: FX result and net income on currency derivatives, including: | B5: Wynik z pozycji wymiany oraz wynik na pochodnych transakcjach walutowych, w tym: | C5: =C6+C7 -> 30.1 | D5: =D6+D7 -> 40.4 | E5: =E6+E7 -> 42.4 | F5: =F6+F7 -> 49.7 | G5: =G6+G7 -> 37.8 | H5: =H6+H7 -> 91.4 | I5: =I6+I7 -> 17 | J5: =J6+J7 -> 84.2 | ... AX5: =AX6+AX7 -> 11.3
A6: - FX result | B6: - Wynik z pozycji wymiany | C6: -2.3 | D6: 27.3 | E6: -148.2 | F6: -218.9 | G6: -160.2 | H6: 180.3 | I6: 474.8 | J6: -543.8 | K6: -2835.6 | L6: 686.1 | M6: 477.8 | N6: 296.3 | O6: 235.9 | P6: -183.2 | Q6: 161 | R6: 204 | S6: 184.3 | T6: -102.3 | U6: 112.4 | V6: -46.2 | W6: 135.7 | X6: 222.5 | Y6: 58.2 | Z6: -18.4 | AA6: 91.4 | AB6: =-41.9+10.3 -> -31.6 | AC6: =-44.9-5.1 -> -50 | AD6: -22.4 | AE6: 9.1 | AF6: -38.7 | AG6: 57.9 | AH6: -10.6 | AI6: 19.4 | AJ6: -1.9 | AK6: 16.1 | AL6: 53.9 | AM6: -94 | AN6: -44.1 | AO6: 68.4 | AP6: 99.4 | AQ6: -41.8 | AR6: 38.8 | AS6: 4.5 | AT6: 56.4 | AU6: 19.1 | AV6: 84.9 | AW6: 22.9 | AX6: -12.3
A7: - Currency derivatives | B7: - Transakcje pochodne walutowe | C7: 32.4 | D7: 13.1 | E7: 190.6 | F7: 268.6 | G7: 198 | H7: -88.9 | I7: -457.8 | J7: 628 | K7: 2777.4 | L7: -732.5 | M7: -495.8 | N7: -357.2 | O7: -241.7 | P7: 179.2 | Q7: -150.8 | R7: -210.1 | S7: -167.3 | T7: 98.6 | U7: -143 | V7: 50.2 | W7: -101 | X7: -213.9 | Y7: -53.4 | Z7: 12.2 | AA7: -78.5 | AB7: 37.8 | AC7: 63.9 | AD7: 29.9 | AE7: 5.9 | AF7: 56.5 | AG7: -39.5 | AH7: 18.8 | AI7: -15.6 | AJ7: 17.4 | AK7: -1.5 | AL7: -41.9 | AM7: 108.2 | AN7: 45.8 | AO7: -57.3 | AP7: -88.8 | AQ7: 65.6 | AR7: -21.3 | AS7: 17.1 | AT7: -40.4 | AU7: -10.8 | AV7: -77.2 | AW7: -14.5 | AX7: 23.6
A8: Net income on interest rate derivatives | B8: Wynik na transakcjach pochodnych na stopę procentową | C8: 8.6 | D8: 4.7 | E8: -15.9 | F8: -48.7 | G8: -27.8 | H8: 62.6 | I8: -35.9 | J8: -279.8 | K8: 38.3 | L8: 94.2 | M8: 21.7 | N8: 57.1 | O8: -2.5 | P8: 19.7 | Q8: 10.5 | R8: 2.7 | S8: 0 | T8: 9.7 | U8: 17.2 | V8: -27 | W8: 6.3 | X8: 1.2 | Y8: 13.2 | Z8: 6.3 | AA8: =-2.9-1 -> -3.9 | AB8: =16-5.2 -> 10.8 | AC8: =15.9-16.2 -> -0.3 | AD8: -1.5 | AE8: =9.6-0.4 -> 9.2 | AF8: 3.2 | AG8: 3.5 | AH8: 12.3 | AI8: 10.5 | AJ8: 10.9 | AK8: 8 | AL8: 4.6 | AM8: 2.7 | AN8: -2.7 | AO8: -1 | AP8: -4.4 | AQ8: 3.2 | AR8: -1.8 | AS8: -0.4 | AT8: 2.4 | AU8: 1.4 | AV8: 14.1 | AW8: 15.6 | AX8: 5
A9: Net income on debt instruments | B9: Wynik na instrumentach dłużnych | C9: 8 | D9: -46.4 | E9: 5.7 | F9: -16.4 | G9: 39.5 | H9: -79.6 | I9: 71.5 | J9: -113.9 | K9: -5.5 | L9: -8 | M9: 51.2 | N9: 20.6 | O9: 35.2 | P9: 7.3 | Q9: 3.3 | R9: 4.2 | S9: 8.9 | T9: 5 | U9: 4.4 | V9: 10.8 | W9: 11.6 | X9: 3.1 | Y9: 0.4 | Z9: -0.2 | AA9: 6.4 | AB9: 11.4 | AC9: 5.9 | AD9: 3.4 | AE9: 0.1 | AF9: 1.5 | AG9: 1.4 | AH9: 2.5 | AI9: 0.8 | AJ9: 1.1 | AK9: -3.1 | AL9: 6.3 | AM9: 6.1 | AN9: 6.1 | AO9: 6.3 | AP9: 6.5 | AQ9: 9.7 | AR9: 11.9 | AS9: 10.1 | AT9: 4.8 | AU9: 8.3 | AV9: 2.5 | AW9: 3.1 | AX9: 5.1
A10: Net income on securities derivatives | B10: Wynik na transakcjach pochodnych związanych z papierami wartościowymi | C10: -9 | D10: 14.3 | E10: 3.5 | F10: 8.6 | G10: 14.3 | H10: 5.9 | I10: 8.7 | J10: 3.1 | K10: 3.8 | L10: 1.2 | M10: -1 | N10: 4 | O10: 1.8 | P10: 1.5 | Q10: -0.1 | R10: 2 | S10: 2.2 | T10: 1.1 | U10: 4.4 | V10: -0.2 | W10: 0.5 | X10: 0.6 | Y10: 0.5 | Z10: 0.7 | AA10: 0.7 | AB10: 0.7 | AC10: 0.7 | AD10: 0.7 | AE10: 0.6 | AF10: 0.3 | AG10: 0.3 | AH10: 0.1 | AI10: 0.1 | AJ10: 0 | AK10: 0 | AL10: 0 | AM10: 0 | AN10: 0 | AO10: 0 | AP10: 0 | AQ10: 0 | AR10: 0 | AS10: 0 | AT10: 0 | AU10: 0 | AV10: 0 | AW10: 0 | AX10: 0
A11: Net income on equity instruments | B11: Wynik na instrumentach kapitałowych | C11: -0.7 | D11: 2.1 | E11: 0.2 | F11: -4.6 | G11: -9.2 | H11: -1.3 | I11: -1.8 | J11: -6.7 | K11: -0.7 | L11: 2.8 | M11: 4.9 | N11: -0.5 | O11: 0 | P11: -0.3 | Q11: 1.9 | R11: 0 | S11: -1 | T11: -0.2 | U11: -3.5 | V11: 0.6 | W11: 0 | X11: 0 | Y11: 0 | Z11: 0 | AA11: 0 | AB11: 0 | AC11: 0 | AD11: 0 | AE11: 0 | AF11: 0 | AG11: 0 | AH11: 0 | AI11: 0 | AJ11: 0 | AK11: 0 | AL11: 0 | AM11: 0 | AN11: 0 | AO11: 0 | AP11: 0 | AQ11: 0 | AR11: 0 | AS11: 0 | AT11: 0 | AU11: 0 | AV11: 0 | AW11: 0 | AX11: 0
A12: Result on measurement of loans to customers which are measured at fair value through profit or loss | B12: Wynik z tytułu wyceny kredytów i innych należności udzielonych klientom wycenianych do wartości godziwej przez rachunek zysków i strat | C12: - | D12: - | E12: - | F12: - | G12: - | H12: - | I12: - | J12: - | K12: - | L12: - | M12: - | N12: - | O12: - | P12: - | Q12: - | R12: - | S12: - | T12: - | U12: - | V12: - | W12: - | X12: - | Y12: - | Z12: - | AA12: - | AB12: - | AC12: - | AD12: - | AE12: - | AF12: - | AG12: - | AH12: - | AI12: - | AJ12: - | AK12: - | AL12: - | AM12: - | AN12: - | AO12: - | AP12: - | AQ12: - | AR12: - | AS12: - | AT12: - | AU12: 0 | AV12: 0.1 | AW12: 0 | AX12: 0
A13: Net income on financial assets and liabilities measured at fair value upon initial recognition, of which: | B13: Wynik z tytułu aktywów i zobowiązań finansowych wycenianych wg wartości godziwej przy początkowym ujęciu, w tym: | C13: =C14+C15 -> 0.8 | D13: =D14+D15 -> 2.3 | E13: =E14+E15 -> 0.4 | F13: =F14+F15 -> 2.9 | G13: =G14+G15 -> 17.9 | H13: =H14+H15 -> -14.2 | I13: =I14+I15 -> -6.1 | J13: =J14+J15 -> 5.2 | ... AC13: =AC14+AC15 -> 0 | AD13: 0 | AE13: 0 | AF13: 0 | AG13: 0 | AH13: 0 | AI13: 0 | AJ13: 0 | AK13: 0 | AL13: 0 | AM13: 0 | AN13: 0 | AO13: 0 | AP13: 0 | AQ13: 0 | AR13: 0 | AS13: 0 | AT13: 0 | AU13: - | AV13: - | AW13: - | AX13: -
A14: - Net income on debt instruments | B14: - Wynik na instrumentach dłużnych | C14: 0.8 | D14: 2.3 | E14: 0.4 | F14: 2.9 | G14: -0.1 | H14: -1.9 | I14: 1.8 | J14: 0.8 | K14: 0.4 | L14: -0.2 | M14: 0 | N14: -0.8 | O14: -0.2 | P14: -1.4 | Q14: -1.4 | R14: -1 | S14: -0.3 | T14: -0.5 | U14: 0 | V14: 0 | W14: 0.6 | X14: -1.2 | Y14: 0 | Z14: 0 | AA14: 0 | AB14: 0 | AC14: 0 | AD14: 0 | AE14: 0 | AF14: 0 | AG14: 0 | AH14: 0 | AI14: 0 | AJ14: 0 | AK14: 0 | AL14: 0 | AM14: 0 | AN14: 0 | AO14: 0 | AP14: 0 | AQ14: 0 | AR14: 0 | AS14: 0 | AT14: 0 | AU14: - | AV14: - | AW14: - | AX14: -
A15: - Net income on the measurement of the deposits designated to be measured at their fair value | B15: - Wynik na wycenie lokat desygnowanych do wyceny według wartości godziwej | C15: 0 | D15: 0 | E15: 0 | F15: 0 | G15: 18 | H15: -12.3 | I15: -7.9 | J15: =2.3+2.1 -> 4.4 | K15: -2.1 | L15: 0 | M15: 0 | N15: 0 | O15: 0 | P15: 0 | Q15: 0 | R15: 0 | S15: 0 | T15: 0 | U15: 0 | V15: 0 | W15: 0 | X15: 0 | Y15: 0 | Z15: 0 | AA15: 0 | AB15: 0 | AC15: 0 | AD15: 0 | AE15: 0 | AF15: 0 | AG15: 0 | AH15: 0 | AI15: 0 | AJ15: 0 | AK15: 0 | AL15: 0 | AM15: 0 | AN15: 0 | AO15: 0 | AP15: 0 | AQ15: 0 | AR15: 0 | AS15: 0 | AT15: 0 | AU15: - | AV15: - | AW15: - | AX15: -
A17: Net income on financial instruments measured at fair value through profit or loss and FX result | B17: Wynik na instrumentach finansowych wycenianych przez rachunek zysków i strat oraz wynik z pozycji wymiany | C17: =C5+C8+C9+C10+C11+C13 -> 37.8 | D17: =D5+D8+D9+D10+D11+D13 -> 17.4 | E17: =E5+E8+E9+E10+E11+E13 -> 36.3 | F17: =F5+F8+F9+F10+F11+F13 -> -8.5 | G17: =G5+G8+G9+G10+G11+G13 -> 72.5 | H17: =H5+H8+H9+H10+H11+H13 -> 64.8 | I17: =I5+I8+I9+I10+I11+I13 -> 53.4 | J17: =J5+J8+J9+J10+J11+J13 -> -307.9 | ... AT17: =AT5+AT8+AT9+AT10+AT11+AT13 -> 23.2 | AU17: =AU5+AU8+AU9+AU10+AU11+AU12 -> 18 | AV17: =AV5+AV8+AV9+AV10+AV11+AV12 -> 24.4 | AW17: =AW5+AW8+AW9+AW10+AW11+AW12 -> 27.1 | AX17: =AX5+AX8+AX9+AX10+AX11+AX12 -> 21.4
A19: Net income on the sale of securities measured at amortised cost | B19: Wynik na sprzedaży papierów wartościowych wycenianych wg zamortyzowanego kosztu | C19: - | D19: - | E19: - | F19: - | G19: - | H19: - | I19: - | J19: - | K19: - | L19: - | M19: - | N19: - | O19: - | P19: - | Q19: - | R19: - | S19: - | T19: - | U19: - | V19: - | W19: - | X19: - | Y19: - | Z19: - | AA19: - | AB19: - | AC19: - | AD19: - | AE19: - | AF19: - | AG19: - | AH19: - | AI19: - | AJ19: - | AK19: - | AL19: - | AM19: - | AN19: - | AO19: - | AP19: - | AQ19: - | AR19: - | AS19: - | AT19: - | AU19: 1.1 | AV19: -0.1 | AW19: 0 | AX19: 0
A20: Net income on the sale of securities measured at fair value through other comprehensive income | B20: Wynik na sprzedaży papierów wartościowych wycenianych w wartości godziwej przez inne całkowite dochody | C20: - | D20: - | E20: - | F20: - | G20: - | H20: - | I20: - | J20: - | K20: - | L20: - | M20: - | N20: - | O20: - | P20: - | Q20: - | R20: - | S20: - | T20: - | U20: - | V20: - | W20: - | X20: - | Y20: - | Z20: - | AA20: - | AB20: - | AC20: - | AD20: - | AE20: - | AF20: - | AG20: - | AH20: - | AI20: - | AJ20: - | AK20: - | AL20: - | AM20: - | AN20: - | AO20: - | AP20: - | AQ20: - | AR20: - | AS20: - | AT20: - | AU20: 32.2 | AV20: 12 | AW20: 0 | AX20: 3.8
A21: Net income on equity instruments available-for-sale | B21: Wynik na instrumentach kapitałowych dostępnych do sprzedaży | C21: 14.6 | D21: 0 | E21: 0 | F21: 0 | G21: 0.1 | H21: 25.4 | I21: 0 | J21: 2.6 | K21: 0 | L21: 4.1 | M21: 0.1 | N21: -0.1 | O21: 0 | P21: 0 | Q21: 0.2 | R21: 0 | S21: 0 | T21: 0 | U21: 0 | V21: 1.4 | W21: 6.8 | X21: =S21+T21 -> 0 | Y21: 0 | Z21: 0 | AA21: 0 | AB21: 0 | AC21: 0 | AD21: 0.5 | AE21: 0 | AF21: 0 | AG21: 1.2 | AH21: 5.3 | AI21: 0 | AJ21: 0 | AK21: 23.1 | AL21: 0 | AM21: 0 | AN21: 189.6 | AO21: 0 | AP21: 0 | AQ21: 0 | AR21: 11.9 | AS21: 0.4 | AT21: 0 | AU21: - | AV21: - | AW21: - | AX21: -
A22: Net income on debt instruments available-for-sale | B22: Wynik na instrumentach dłużnych dostępnych do sprzedaży | C22: 2.3 | D22: 4.7 | E22: 0.6 | F22: 0 | G22: 0 | H22: -3.7 | I22: -0.7 | J22: 0 | K22: 0.3 | L22: 0.2 | M22: 5.2 | N22: -10.7 | O22: 3.8 | P22: -0.5 | Q22: -0.4 | R22: -5.7 | S22: 18.2 | T22: -0.2 | U22: 7.4 | V22: 4.3 | W22: 12.3 | X22: 2.5 | Y22: 0 | Z22: 3.7 | AA22: =120.3-20.9 -> 99.4 | AB22: =-3.7+6.8 -> 3.1 | AC22: =-11.7+3 -> -8.7 | AD22: 0 | AE22: =0.1+0.2 -> 0.3 | AF22: 4.9 | AG22: 0 | AH22: 0.1 | AI22: 50.9 | AJ22: 3.1 | AK22: 0 | AL22: 0.3 | AM22: 28.7 | AN22: 1.6 | AO22: 3.9 | AP22: 2.9 | AQ22: 10.1 | AR22: 14.7 | AS22: 3.2 | AT22: 0 | AU22: - | AV22: - | AW22: - | AX22: -
A23: Dividend income | B23: Przychody z tytułu dywidend | C23: 0 | D23: 1.4 | E23: 1.3 | F23: 0.1 | G23: 0 | H23: 2.4 | I23: 0.4 | J23: 4.3 | K23: 0 | L23: 4 | M23: 0.1 | N23: 0.1 | O23: =0.3-0.1 -> 0.2 | P23: 3.5 | Q23: 1 | R23: 0.1 | S23: 0 | T23: 4.4 | U23: 0.3 | V23: 0.2 | W23: 0 | X23: 4.1 | Y23: 0 | Z23: 0 | AA23: 0 | AB23: 3.4 | AC23: 0 | AD23: 0 | AE23: 0 | AF23: 0 | AG23: 4 | AH23: 0 | AI23: 0 | AJ23: 87.5 | AK23: 0.1 | AL23: 0 | AM23: 0 | AN23: 5.4 | AO23: 0.1 | AP23: 0.1 | AQ23: 0.1 | AR23: 6.2 | AS23: 0 | AT23: 0 | AU23: 0 | AV23: 6.3 | AW23: 0 | AX23: 0
A24: Impairment losses | B24: Odpisy z tytułu trwałej utraty wartości | C24: 0 | D24: 0 | E24: 0 | F24: 0 | G24: 0 | H24: 0 | I24: 0 | J24: 0 | K24: 0 | L24: 0 | M24: 0 | N24: 0 | O24: 0 | P24: 0 | Q24: 0 | R24: 0 | S24: 0 | T24: 0 | U24: 0 | V24: 0 | W24: 0 | X24: 0 | Y24: -0.9 | Z24: -3.9 | AA24: 0.1 | AB24: 0 | AC24: 0 | AD24: -0.1 | AE24: 0 | AF24: 0 | AG24: 0 | AH24: 0 | AI24: 0 | AJ24: 0 | AK24: 0 | AL24: 0 | AM24: 0 | AN24: 0 | AO24: 0 | AP24: 0 | AQ24: 0 | AR24: 0 | AS24: 0 | AT24: 0 | AU24: - | AV24: - | AW24: - | AX24: -
A25: Other | B25: Pozostałe | C25: 0 | D25: 0 | E25: 0 | F25: 0 | G25: 0 | H25: 0 | I25: 0 | J25: 0 | K25: 0 | L25: 0 | M25: 0 | N25: 0 | O25: 0 | P25: 0 | Q25: 0 | R25: 0 | S25: 0 | T25: 2 | U25: 0 | V25: 0 | W25: 0 | X25: 0 | Y25: 0 | Z25: 0 | AA25: 0 | AB25: 0 | AC25: 0 | AD25: 0 | AE25: 0 | AF25: 0 | AG25: 0 | AH25: 0 | AI25: 0 | AJ25: 0 | AK25: 0 | AL25: 0 | AM25: 0 | AN25: 0 | AO25: 0 | AP25: 0 | AQ25: 0 | AR25: 0 | AS25: 0 | AT25: 0 | AU25: - | AV25: - | AW25: - | AX25: -
A26: Net income on investments | B26: Wynik na inwestycjach | C26: =SUM(C21:C25) -> 16.9 | D26: =SUM(D21:D25) -> 6.1 | E26: =SUM(E21:E25) -> 1.9 | F26: =SUM(F21:F25) -> 0.1 | G26: =SUM(G21:G25) -> 0.1 | H26: =SUM(H21:H25) -> 24.1 | I26: =SUM(I21:I25) -> -0.3 | J26: =SUM(J21:J25) -> 6.9 | ... AT26: =SUM(AT21:AT25) -> 0 | AU26: =SUM(AU19:AU25) -> 33.3 | AV26: =SUM(AV19:AV25) -> 18.2 | AW26: =SUM(AW19:AW25) -> 0 | AX26: =SUM(AX19:AX25) -> 3.8
A28: Fair value hedge accounting for securities | B28: Rachunkowość zabezpieczeń wartości godziwej papierów wartościowych | C28: =C29+C30 -> 0 | D28: =D29+D30 -> -0.2 | E28: =E29+E30 -> 1.6 | F28: =F29+F30 -> -0.6 | G28: =G29+G30 -> 0.7 | H28: =H29+H30 -> -0.7 | I28: =I29+I30 -> 2.5 | J28: =J29+J30 -> 2.1 | ... AX28: =AX29+AX30 -> 5.8
A29: - valuation of the hedged transaction | B29: - wycena transakcji zabezpieczanej | C29: 0 | D29: -1.2 | E29: 1 | F29: -5.1 | G29: 3.8 | H29: 71.3 | I29: -16.3 | J29: 268.2 | K29: -24.6 | L29: -112.4 | M29: 61.1 | N29: -66.4 | O29: 133.1 | P29: 129.2 | Q29: 76.1 | R29: -224.1 | S29: -128.7 | T29: 76.3 | U29: 205.9 | V29: 20.4 | W29: 33.8 | X29: 57.8 | Y29: 70.1 | Z29: 42.2 | AA29: =-66.6+20.9 -> -45.7 | AB29: =-123.2-6.8 -> -130 | AC29: =-1.1-3 -> -4.1 | AD29: -13.4 | AE29: =53.6-0.2 -> 53.4 | AF29: 93.7 | AG29: 65.4 | AH29: 22 | AI29: 1.3 | AJ29: -112.8 | AK29: 22.2 | AL29: -23.9 | AM29: 46.3 | AN29: -15.1 | AO29: -82.1 | AP29: -225.8 | AQ29: -25.9 | AR29: -19 | AS29: -25.6 | AT29: -28.7 | AU29: 53.3 | AV29: -14.9 | AW29: -21.7 | AX29: 112.8
A30: - valuation of the hedging transaction | B30: - wycena transakcji zabezpieczającej | C30: 0 | D30: 1 | E30: 0.6 | F30: 4.5 | G30: -3.1 | H30: -72 | I30: 18.8 | J30: -266.1 | K30: 42.6 | L30: 118.2 | M30: -67.9 | N30: 69.7 | O30: -140.1 | P30: -144.5 | Q30: -84 | R30: 242.1 | S30: 112.8 | T30: -81.9 | U30: -227.8 | V30: -12.7 | W30: -31.4 | X30: -63.4 | Y30: -72.2 | Z30: -46.4 | AA30: =46.9+1 -> 47.9 | AB30: =134.9+5.2 -> 140.1 | AC30: =3.9+16.2 -> 20.1 | AD30: 17.5 | AE30: =-54.1+0.4 -> -53.7 | AF30: -89.8 | AG30: -58.5 | AH30: -23.9 | AI30: 10.1 | AJ30: 115.9 | AK30: -19.3 | AL30: 28.3 | AM30: -48.9 | AN30: 15.7 | AO30: 83 | AP30: 225.2 | AQ30: 27.5 | AR30: 27 | AS30: 28.5 | AT30: 33.2 | AU30: -51 | AV30: 17.7 | AW30: 21.7 | AX30: -107
A31: Cash flow hedge accounting | B31: Rachunkowość zabezpieczeń przepływów pieniężnych | C31: =C32 -> 0 | D31: =D32 -> 0 | E31: =E32 -> 0 | F31: =F32 -> 0 | G31: =G32 -> 0 | H31: =H32 -> 0 | I31: =I32 -> 0.2 | J31: =J32 -> -0.2 | ... W31: =W32 -> -0.7 | X31: =SUM(X32) -> 0.4 | Y31: =SUM(Y32) -> -3.4 | Z31: =SUM(Z32) -> -0.1 | AA31: =SUM(AA32) -> 0.7 | AB31: =SUM(AB32) -> -0.2 | AC31: =SUM(AC32) -> -0.5 | AD31: =SUM(AD32) -> -0.4 | AE31: =SUM(AE32) -> 1.1 | ... AG31: =SUM(AG32) -> 0.3 | AH31: -0.2 | AI31: 0 | AJ31: =SUM(AJ32) -> 0.2 | AK31: =SUM(AK32) -> -0.3 | AL31: =SUM(AL32) -> 1.2 | AM31: 0 | AN31: -0.1 | AO31: -0.7 | AP31: -0.1 | AQ31: 0.4 | AR31: 0.3 | AS31: -1.6 | AT31: -0.8 | AU31: -0.1 | AV31: =AV32 -> -0.8 | AW31: =AW32 -> -0.7 | AX31: =AX32 -> -1.4
A32: - ineffectiveness that arises from cash flow hedges | B32: - nieefektywność wynikająca z zabezpieczeń przepływów pieniężnych | C32: 0 | D32: 0 | E32: 0 | F32: 0 | G32: 0 | H32: 0 | I32: 0.2 | J32: -0.2 | K32: -0.1 | L32: 0.2 | M32: 0.1 | N32: -0.4 | O32: 0.1 | P32: 0 | Q32: 0 | R32: 0 | S32: -0.4 | T32: 2.4 | U32: -1.7 | V32: 2 | W32: -0.7 | X32: 0.4 | Y32: -3.4 | Z32: -0.1 | AA32: 0.7 | AB32: -0.2 | AC32: -0.5 | AD32: -0.4 | AE32: 1.1 | AF32: -0.9 | AG32: 0.3 | AH32: -0.2 | AI32: 0 | AJ32: 0.2 | AK32: -0.3 | AL32: 1.2 | AM32: 0 | AN32: -0.1 | AO32: -0.7 | AP32: -0.1 | AQ32: 0.4 | AR32: 0.3 | AS32: -1.6 | AT32: -0.8 | AU32: -0.1 | AV32: -0.8 | AW32: -0.7 | AX32: -1.4
A33: Net income on hedge accounting | B33: Wynik na rachunkowości zabezpieczeń | C33: =C28+C31 -> 0 | D33: =D28+D31 -> -0.2 | E33: =E28+E31 -> 1.6 | F33: =F28+F31 -> -0.6 | G33: =G28+G31 -> 0.7 | H33: =H28+H31 -> -0.7 | I33: =I28+I31 -> 2.7 | J33: =J28+J31 -> 1.9 | ... AO33: =AO28+AO31 -> 0.2 | AP33: -0.7 | AQ33: 2 | AR33: 8.3 | AS33: 1.3 | AT33: 3.7 | AU33: 2.2 | AV33: 2 | AW33: -0.7 | AX33: 4.4

Sheet Koszty działania_Operating cost
A1: Comparable data pro-forma | B1: Dane porównywalne pro-forma
A2: Operating costs | B2: Koszty działania | C2: 2007 | G2: 2008 | K2: 2009 | O2: 2010 | S2: 2011 | W2: 2012 | AA2: 2013 | AE2: 2014 | AI2: 2015 | AM2: 2016 | AQ2: 2017 | AU2: 2018
C3: 1Q | D3: 2Q | E3: 3Q | F3: 4Q | G3: 1Q | H3: 2Q | I3: 3Q | J3: 4Q | K3: 1Q | L3: 2Q | M3: 3Q | N3: 4Q | O3: 1Q | P3: 2Q | Q3: 3Q | R3: 4Q | S3: 1Q | T3: 2Q | U3: 3Q | V3: 4Q | W3: 1Q | X3: 2Q | Y3: 3Q | Z3: 4Q | AA3: 1Q | AB3: 2Q | AC3: 3Q | AD3: 4Q | AE3: 1Q | AF3: 2Q | AG3: 3Q | AH3: 4Q | AI3: 1Q | AJ3: 2Q | AK3: 3Q | AL3: 4Q | AM3: 1Q | AN3: 2Q | AO3: 3Q | AP3: 4Q | AQ3: 1Q | AR3: 2Q | AS3: 3Q | AT3: 4Q | AU3: 1Q | AV3: 2Q | AW3: 3Q | AX3: 4Q
A4: (PLN million) | B4: (w mln zł)
A5: Operating costs, of which: | B5: Koszty działania, w tym: | C5: 526.8 | D5: 511.3 | E5: 532.7 | F5: 462.5 | G5: 571.1 | H5: 611.5 | I5: 607.2 | J5: 294.5 | K5: 551.3 | L5: 673.6 | M5: 698 | N5: 573.6 | O5: 654.7 | P5: 671.6 | Q5: 693.5 | R5: 686.2 | S5: =+S6+S7+S8+S9+S10 -> 417.4 | T5: =+T6+T7+T8+T9+T10 -> 431.8 | U5: =+U6+U7+U8+U9+U10 -> 431.1 | V5: =+V6+V7+V8+V9+V10 -> 419.7 | W5: =+W6+W7+W8+W9+W10 -> 474.9 | X5: =+X6+X7+X8+X9+X10 -> 465 | Y5: =+Y6+Y7+Y8+Y9+Y10 -> 466.2 | Z5: =+Z6+Z7+Z8+Z9+Z10 -> 460.1 | ... AO5: =+AO6+AO7+AO8+AO9+AO10 -> 515.5 | AP5: 557.7 | AQ5: 565.6 | AR5: 512.1 | AS5: 529.6 | AT5: 528.5 | AU5: 628.3 | AV5: 555 | AW5: 577.2 | AX5: 566.3
A6: - Personnel costs | B6: - koszty osobowe | S6: 199.3 | T6: 208.9 | U6: 210.8 | V6: 214.3 | W6: 228 | X6: 213.1 | Y6: 219.1 | Z6: 240.6 | AA6: 226.7 | AB6: 226.3 | AC6: 230.1 | AD6: 243.5 | AE6: 230.5 | AF6: 241.3 | AG6: 237.4 | AH6: 238.3 | AI6: 238.9 | AJ6: 237.021 | AK6: 243.812 | AL6: 252.352 | AM6: 251.5 | AN6: 251.3 | AO6: 259.8 | AP6: 276.7 | AQ6: 251.049 | AR6: 260.542 | AS6: 260.6 | AT6: 263.516 | AU6: 275.352 | AV6: 286.06 | AW6: 284.3 | AX6: 259
A7: - General and administrative costs | B7: - koszty działania i ogólnego zarządu | S7: 168.029 | T7: 175.008 | U7: 166.223 | V7: 150.343 | W7: 181.98274 | X7: 182.78573 | Y7: 177.81274 | Z7: 140.57773 | AA7: 179.7 | AB7: 169.8 | AC7: 149.9 | AD7: 131.1 | AE7: 163.7 | AF7: 160.5 | AG7: 171.5 | AH7: 147.53 | AI7: 158.7 | AJ7: 164.865 | AK7: 160.948 | AL7: 125.117 | AM7: 157.9 | AN7: 162.9 | AO7: 156.9 | AP7: =AP5-AP6-AP8-AP10-AP9 -> 132.7 | AQ7: =AQ5-AQ6-AQ8-AQ10-AQ9 -> 155.987 | AR7: =AR5-AR6-AR8-AR10-AR9 -> 167.221 | AS7: =AS5-AS6-AS8-AS10-AS9 -> 172.007 | AT7: =AT5-AT6-AT8-AT10-AT9 -> 169.989 | AU7: =AU5-AU6-AU8-AU10-AU9 -> 195.409 | AV7: =AV5-AV6-AV8-AV10-AV9 -> 171.132 | AW7: =AW5-AW6-AW8-AW10-AW9 -> 189 | AX7: =AX5-AX6-AX8-AX10-AX9 -> 189.7
A8: - Amortisation and depreciation | B8: - amortyzacja | S8: 30.5 | T8: 31.9 | U8: 34 | V8: 36.2 | W8: 33.6 | X8: 34.7 | Y8: 35.1 | Z8: 44.7 | AA8: 39.9 | AB8: 40.7 | AC8: 39.3 | AD8: 44.1 | AE8: 38 | AF8: 38.5 | AG8: 39.6 | AH8: 58.98 | AI8: 41.8 | AJ8: 43.455 | AK8: 46.797 | AL8: 57.148 | AM8: 42.2 | AN8: 45.6 | AO8: 46.1 | AP8: 76.7 | AQ8: 46.046 | AR8: 44.904 | AS8: 44.574 | AT8: 46.83 | AU8: 43.734 | AV8: 44.808 | AW8: 45.7 | AX8: 59.3
A9: - Marketing and promotion costs | B9: - koszty merketingu i promocji | S9: 19.171 | T9: 18.892 | U9: 20.177 | V9: 15.457 | W9: 20.305 | X9: 23.402 | Y9: 23.175 | Z9: 23.21 | AA9: 24.6 | AB9: 28.8 | AC9: 28.2 | AD9: 16.4 | AE9: 25.4 | AF9: 26.7 | AG9: 27.5 | AH9: 30.09 | AI9: 30.1 | AJ9: 30.872 | AK9: 32.155 | AL9: 23.981 | AM9: 25.5 | AN9: 24.6 | AO9: 19.3 | AP9: 25.6 | AQ9: 23.418 | AR9: 20.733 | AS9: 33.519 | AT9: 29.165 | AU9: 29.505 | AV9: 26 | AW9: 31.3 | AX9: 31.3
A10: - Bank Guarantee Fund and Mortgage Support Fund costs | B10: - koszty Bankowego Funduszu Gwarancyjnego i Funduszu Wsparcia Kredytobiorców | S10: 0.4 | T10: -2.9 | U10: -0.1 | V10: 3.4 | W10: 11.01226 | X10: 11.01227 | Y10: 11.01226 | Z10: 11.01227 | AA10: 11.3 | AB10: 11.4 | AC10: 11.3 | AD10: 15.3 | AE10: 13.6 | AF10: 13.5 | AG10: 13.5 | AH10: 13.6 | AI10: 26.1 | AJ10: 26.087 | AK10: 26.088 | AL10: 189.402 | AM10: 31.7 | AN10: 32.8 | AO10: 33.4 | AP10: 46 | AQ10: 89.1 | AR10: 18.7 | AS10: 18.9 | AT10: 19 | AU10: 84.3 | AV10: 27 | AW10: 26.9 | AX10: 27

Sheet Bilans_BS
A1: Comparable data pro-forma | B1: Dane porównywalne pro-forma
A2: CONSOLIDATED STATEMENT OF FINANCIAL POSITION of the ING Bank Śląski Group S.A. | B2: SKONSOLIDOWANE SPRAWOZDANIE Z SYTUACJI FINANSOWEJ Grupy Kapitałowej ING Banku Śląskiego S.A. | C2: 2007 | G2: 2008 | K2: 2009 | O2: 2010 | S2: 2011 | W2: 2012 | AA2: 2013 | AE2: 2014 | AI2: 2015 | AM2: 2016 | AQ2: 2017 | AU2: 2018
C3: 1Q | D3: 2Q | E3: 3Q | F3: 4Q | G3: 1Q | H3: 2Q | I3: 3Q | J3: 4Q | K3: 1Q | L3: 2Q | M3: 3Q | N3: 4Q | O3: 1Q | P3: 2Q | Q3: 3Q | R3: 4Q | S3: 1Q | T3: 2Q | U3: 3Q | V3: 4Q | W3: 1Q | X3: 2Q | Y3: 3Q | Z3: 4Q | AA3: 1Q | AB3: 2Q | AC3: 3Q | AD3: 4Q | AE3: 1Q | AF3: 2Q | AG3: 3Q | AH3: 4Q | AI3: 1Q | AJ3: 2Q | AK3: 3Q | AL3: 4Q | AM3: 1Q | AN3: 2Q | AO3: 3Q | AP3: 4Q | AQ3: 1Q | AR3: 2Q | AS3: 3Q | AT3: 4Q | AU3: 1Q | AV3: 2Q | AW3: 3Q | AX3: 4Q
A4: (PLN million) | B4: (w mln zł)
A5: A S S E T S | B5: A K T Y W A
A6: - Cash in hand and balances with the Central Bank | B6: - Kasa, środki w Banku Centralnym | C6: 1807.6 | D6: 2608.9 | E6: 1593 | F6: 1841.7 | G6: 1661.3 | H6: 1622.9 | I6: 2151.3 | J6: 1369.8 | K6: 1584.3 | L6: 903.3 | M6: 1686 | N6: 2656.6 | O6: 2387.8 | P6: 2158.5 | Q6: 1265.1 | R6: 2394.2 | S6: 1401.5 | T6: 1566.6 | U6: 4064.9 | V6: 1493.1 | W6: 1558.1 | X6: 2321.2 | Y6: 2126 | Z6: 4071.6 | AA6: 3534.4 | AB6: 1673.5 | AC6: 4577.6 | AD6: 6970.1 | AE6: 7304.2 | AF6: 7857.1 | AG6: 3008 | AH6: 5330.7 | AI6: 2392.5 | AJ6: 2864.7 | AK6: 3940.7 | AL6: 3589.7 | AM6: 3565.7 | AN6: 1286.6 | AO6: 1299.1 | AP6: 1825 | AQ6: 1250 | AR6: 1351.9 | AS6: 1638.2 | AT6: 2815.2 | AU6: 2042.4 | AV6: 1781.5 | AW6: 1529.8 | AX6: 1237.4
A7: - Loans and receivables to other banks | B7: - Kredyty i inne należności udzielone innym bankom | C7: 16614.2 | D7: 18078.9 | E7: 17532.8 | F7: 15183.7 | G7: 14080.6 | H7: 9002 | I7: 7244.5 | J7: 7787.2 | K7: 2947.5 | L7: 3233.7 | M7: 3639.9 | N7: 1184.1 | O7: 1280.7 | P7: 1940.1 | Q7: 1859.2 | R7: 1181.1 | S7: 2386.8 | T7: 1758.3 | U7: 2706.4 | V7: 1018.1 | W7: 1478.4 | X7: 1605.3 | Y7: 3415.5 | Z7: 1377.1 | AA7: 1600.3 | AB7: 2043.8 | AC7: 2501.7 | AD7: 1399.8 | AE7: 2050.9 | AF7: 2576.1 | AG7: 2512.6 | AH7: 1838.3 | AI7: 2111.3 | AJ7: 2315.4 | AK7: 3325.7 | AL7: 1014.6 | AM7: 954.3 | AN7: 1285.4 | AO7: 1192.7 | AP7: 1113.4 | AQ7: 1125.7 | AR7: 1050.2 | AS7: 1174.7 | AT7: 2234.5 | AU7: 2017.4 | AV7: 951.8 | AW7: 621.8 | AX7: 776.5
A8: - Financial assets held for trading | B8: - Aktywa przeznaczone do obrotu | C8: 11114.9 | D8: 6998 | E8: 8243.9 | F8: 7907.5 | G8: 11238.7 | H8: 11160.1 | I8: 12817.9 | J8: 15128.6 | K8: 17144.8 | L8: 14064.1 | M8: 14131 | N8: 9834.4 | O8: 5166.7 | P8: 3207.2 | Q8: 5473.6 | R8: 1818.5 | S8: 1456 | T8: 1485.1 | U8: 2902.5 | V8: 2498 | W8: 2719.6 | X8: 2026.6 | Y8: 3047.3 | Z8: 3376.7 | AA8: 2984.2 | AB8: 3576.7 | AC8: 2933.1 | AD8: 3422.8 | AE8: 4052.7 | AF8: 4371.1 | AG8: 3453.9 | AH8: 4269.1 | AI8: 5253.7 | AJ8: 3705.4 | AK8: 4716.4 | AL8: 3118 | AM8: 3681.5 | AN8: 3167.8 | AO8: 2742.2 | AP8: 3943.9 | AQ8: 2715.8 | AR8: 3706.3 | AS8: 2243.7 | AT8: 1314.8 | AU8: 1263.6 | AV8: 2034 | AW8: 1270.7 | AX8: 1711.6
A9: - Derivative hedge instruments | B9: - Pochodne instrumenty zabezpieczające | C9: 2 | D9: 3.8 | E9: 4 | F9: 4.6 | G9: 3.6 | H9: 76 | I9: 70.4 | J9: 197 | K9: 212.4 | L9: 91 | M9: 64.6 | N9: 90.4 | O9: 111.7 | P9: 88.1 | Q9: 86.1 | R9: 104.8 | S9: 112.3 | T9: 168 | U9: 337.1 | V9: 433.4 | W9: 349.2 | X9: 420 | Y9: 675.3 | Z9: 1112.6 | AA9: 1066.9 | AB9: 990.7 | AC9: 994.1 | AD9: 1051.9 | AE9: 1011.1 | AF9: 1653 | AG9: 2370.9 | AH9: 2983.8 | AI9: 3039.3 | AJ9: 2036.6 | AK9: 2521.2 | AL9: 2454.8 | AM9: 2737.1 | AN9: 2389.6 | AO9: 2138.9 | AP9: 1338.6 | AQ9: 1259.1 | AR9: 1148.6 | AS9: 1050.1 | AT9: 967.2 | AU9: 960.6 | AV9: 880.2 | AW9: 836.5 | AX9: 909.6
A10: - Investments | B10: - Inwestycyjne papiery wartościowe | C10: 12001.7 | D10: 9593.8 | E10: 9149.9 | F10: 9388.3 | G10: 13933.4 | H10: 17001.2 | I10: 19710.7 | J10: 18050.9 | K10: 15901.9 | L10: 15568.2 | M10: 14334.5 | N10: 14166.3 | O10: 21639.7 | P10: 21008.7 | Q10: 18736.4 | R10: 23006.8 | S10: 23574.1 | T10: 23947.5 | U10: 22396.3 | V10: 20450.7 | W10: 16819.8 | X10: 13817.5 | Y10: 13536.1 | Z10: 17881.1 | AA10: 18003.9 | AB10: 20256.7 | AC10: 19794 | AD10: 19493.6 | AE10: 20994.9 | AF10: 22090.4 | AG10: 23190.6 | AH10: 22829.3 | AI10: 23869.7 | AJ10: 24267.6 | AK10: 24310.3 | AL10: 23478.8 | AM10: 25072 | AN10: 27761 | AO10: 27344 | AP10: 25721.3 | AQ10: 26569.7 | AR10: 24427.6 | AS10: 24446.1 | AT10: 25907.4 | AU10: 29135.7 | AV10: 28677 | AW10: 28823.4 | AX10: 31937.3
A11: - Loans and receivables to customers | B11: - Kredyty i inne należności udzielone klientom | C11: 13782.6 | D11: 14567.2 | E11: 15449.4 | F11: 16379.1 | G11: 18039.9 | H11: 20372 | I11: 21986.8 | J11: 25742.8 | K11: 29040.3 | L11: 29268.6 | M11: 29050 | N11: 30592.8 | O11: 30159.6 | P11: 31781.2 | Q11: 33320.6 | R11: 34509 | S11: 35332.4 | T11: 37094.8 | U11: 39789.7 | V11: 42329.7 | W11: 47795.9 | X11: 48490.6 | Y11: 49275.1 | Z11: 48985.3 | AA11: 49119.3 | AB11: 51756.7 | AC11: 52357.6 | AD11: 52876.7 | AE11: 55257.5 | AF11: 58092.5 | AG11: 60705.7 | AH11: 61161.4 | AI11: 64386.1 | AJ11: 68618.5 | AK11: 71978.8 | AL11: 73874 | AM11: 75349.9 | AN11: 78308.6 | AO11: 80397.2 | AP11: 81979.5 | AQ11: 84399.5 | AR11: 86922.3 | AS11: 90107 | AT11: 91108.1 | AU11: 90290.5 | AV11: 94724.3 | AW11: 99223.8 | AX11: 103125.8
A12: - Investments in controlled entities recognised under the equity method | B12: - Inwestycje w jednostki stowarzyszone wyceniane metodą praw własności | C12: 102.7 | D12: 77 | E12: 86.6 | F12: 97.3 | G12: 108.9 | H12: 84.9 | I12: 97.9 | J12: 107.3 | K12: 117.4 | L12: 89.1 | M12: 99.5 | N12: 115.6 | O12: 122.9 | P12: 133.8 | Q12: 144.4 | R12: 156.8 | S12: 166.6 | T12: 86.6 | U12: 94.8 | V12: 105 | W12: 111.8 | X12: 96.8 | Y12: 104.3 | Z12: 114.4 | AA12: 123.3 | AB12: 115.1 | AC12: 124.4 | AD12: 136.5 | AE12: 147.7 | AF12: -5.689893e-15 | AG12: 0 | AH12: -2.3092639e-14 | AI12: 0 | AJ12: 0 | AK12: 0 | AL12: 0 | AM12: 0 | AN12: 0 | AO12: 0 | AP12: 0 | AQ12: 0 | AR12: 0 | AS12: 0 | AT12: 1.3 | AU12: 1.3 | AV12: 1.3 | AW12: 1.1 | AX12: 1
A13: - Investment real estates | B13: - Nieruchomości inwestycyjne | C13: 150.1 | D13: 149.1 | E13: 151.1 | F13: 144.7 | G13: 145.8 | H13: 135.8 | I13: 135.8 | J13: 151.5 | K13: 151.5 | L13: 151.5 | M13: 151.5 | N13: 129.7 | O13: 129.7 | P13: 129.7 | Q13: 140.4 | R13: 118.2 | S13: 118.2 | T13: 118.2 | U13: 118.2 | V13: 118.7 | W13: 118.7 | X13: 118.7 | Y13: 118.7 | Z13: 120.9 | AA13: 120.9 | AB13: 120.9 | AC13: 120.9 | AD13: 121.4 | AE13: 121.4 | AF13: 121.6 | AG13: 59.6 | AH13: 60 | AI13: 60 | AJ13: 61 | AK13: 61 | AL13: 53.2 | AM13: 53.2 | AN13: 53.2 | AO13: 53.2 | AP13: 0 | AQ13: 0 | AR13: 0 | AS13: 0 | AT13: 0 | AU13: 0 | AV13: 0 | AW13: 0 | AX13: 0
A14: - Property, plant and equipment | B14: - Rzeczowe aktywa trwałe | C14: 565 | D14: 552.5 | E14: 543.1 | F14: 532.9 | G14: 536.4 | H14: 529.1 | I14: 527.6 | J14: 544.2 | K14: 548.6 | L14: 553.2 | M14: 541.3 | N14: 548.8 | O14: 539 | P14: 536.3 | Q14: 520.5 | R14: 544.2 | S14: 531.3 | T14: 511.2 | U14: 516.6 | V14: 575.3 | W14: 573.7 | X14: 579.5 | Y14: 583.4 | Z14: 600 | AA14: 573.3 | AB14: 554.1 | AC14: 544.3 | AD14: 576.6 | AE14: 569.9 | AF14: 583.9 | AG14: 635.2 | AH14: 595 | AI14: 583.5 | AJ14: 564.3 | AK14: 574.2 | AL14: 597.7 | AM14: 566.7 | AN14: 552.9 | AO14: 540 | AP14: 578 | AQ14: 580.2 | AR14: 564.4 | AS14: 557 | AT14: 549 | AU14: 538.1 | AV14: 526.8 | AW14: 539.2 | AX14: 556.1
A15: - Intangible assets | B15: - Wartości niematerialne | C15: 325.7 | D15: 319.3 | E15: 319 | F15: 318.8 | G15: 315.8 | H15: 311 | I15: 309.5 | J15: 316.2 | K15: 313.5 | L15: 317.8 | M15: 316.4 | N15: 327.3 | O15: 322.9 | P15: 325.9 | Q15: 325.8 | R15: 342.2 | S15: 342 | T15: 357.8 | U15: 355.6 | V15: 362 | W15: 360.4 | X15: 358.8 | Y15: 361.1 | Z15: 361.6 | AA15: 353.6 | AB15: 353.1 | AC15: 352 | AD15: 365.9 | AE15: 358.9 | AF15: 358.5 | AG15: 360.9 | AH15: 377.3 | AI15: 374.4 | AJ15: 380.1 | AK15: 387.4 | AL15: 419.6 | AM15: 417.9 | AN15: 426.4 | AO15: 431.8 | AP15: 426.2 | AQ15: 415.1 | AR15: 420.6 | AS15: 422 | AT15: 431 | AU15: 427.5 | AV15: 430 | AW15: 434.8 | AX15: 439.2
A16: - Property, plant and equipment held for sale | B16: - Aktywa trwałe przeznaczone do sprzedaży | C16: 0.2 | D16: 0.3 | E16: 0.2 | F16: 0.2 | G16: 0.3 | H16: 0.3 | I16: 0.2 | J16: 0.2 | K16: 0.2 | L16: 0.1 | M16: 0.2 | N16: 0.2 | O16: 0.2 | P16: 0.2 | Q16: 1.9 | R16: 14 | S16: 12.3 | T16: 40.9 | U16: 44.4 | V16: 33.6 | W16: 38.9 | X16: 37.3 | Y16: 33.8 | Z16: 33 | AA16: 44.3 | AB16: 49.6 | AC16: 49 | AD16: 35.3 | AE16: 32.2 | AF16: 134.3 | AG16: 151.8 | AH16: 144.9 | AI16: 151 | AJ16: 156 | AK16: 44.1 | AL16: 38.4 | AM16: 49.8 | AN16: 41.2 | AO16: 41.2 | AP16: 31.8 | AQ16: 19.7 | AR16: 14.3 | AS16: 15.3 | AT16: 11.1 | AU16: 10.9 | AV16: 16.2 | AW16: 16.2 | AX16: 10.9
A17: - Deferred tax assets | B17: - Aktywa z tytułu odroczonego podatku dochodowego | C17: 22.1 | D17: 99.5 | E17: 40.7 | F17: 49.3 | G17: 37.8 | H17: 88 | I17: 19.1 | J17: 48.7 | K17: 36.8 | L17: 0 | M17: 34.3 | N17: 86.4 | O17: 62.4 | P17: 97.4 | Q17: 77.4 | R17: 167.4 | S17: 143.9 | T17: 100.6 | U17: 97.4 | V17: 16.5 | W17: 69.7 | X17: 139.2 | Y17: 45.2 | Z17: 38.3 | AA17: 55.1 | AB17: 74.1 | AC17: 102.5 | AD17: 118.6 | AE17: 90.5 | AF17: 62.3 | AG17: 61.1 | AH17: 58 | AI17: 58.1 | AJ17: 65.4 | AK17: 55.4 | AL17: 59.5 | AM17: 68.2 | AN17: 76.6 | AO17: 77.4 | AP17: 0.3 | AQ17: 0.2 | AR17: 0 | AS17: 0 | AT17: 0 | AU17: 1.8 | AV17: 0 | AW17: 0 | AX17: 0
... A19: - Other assets | B19: - Inne aktywa | C19: 128.1 | D19: 154.8 | E19: 132.9 | F19: 137.4 | G19: 122.2 | H19: 129.9 | I19: 190.9 | J19: 166 | K19: 187.9 | L19: 193 | M19: 207.2 | N19: 150 | O19: 175.4 | P19: 175.6 | Q19: 214.1 | R19: 159.7 | S19: 224.5 | T19: 210.1 | U19: 216 | V19: 141.8 | W19: 177.6 | X19: 248.4 | Y19: 316 | Z19: 193.9 | AA19: 173.3 | AB19: 225.4 | AC19: 187.8 | AD19: 180.1 | AE19: 243 | AF19: 331.9 | AG19: 300.5 | AH19: 211.8 | AI19: 269 | AJ19: 283.4 | AK19: 265.1 | AL19: 194.7 | AM19: 213.2 | AN19: 290.1 | AO19: 292.2 | AP19: 282.5 | AQ19: 333.8 | AR19: 362.9 | AS19: 385.5 | AT19: 417.2 | AU19: 345.9 | AV19: 400.3 | AW19: 444.6 | AX19: 486
A20: T o t a l a s s e t s | B20: A k t y w a r a z e m | C20: =SUM(C6:C19) -> 56616.9 | D20: =SUM(D6:D19) -> 53203.1 | E20: =SUM(E6:E19) -> 53246.6 | F20: =SUM(F6:F19) -> 52010.8 | G20: =SUM(G6:G19) -> 60234.4 | H20: =SUM(H6:H19) -> 60513.2 | I20: =SUM(I6:I19) -> 65262.6 | J20: =SUM(J6:J19) -> 69610.5 | ... AX20: =SUM(AX6:AX19) -> 141589.6
A22: E Q U I T Y A N D L I A B I L I T I E S | B22: Z O B O W I Ą Z A N I A I K A P I T A Ł Y
A23: LIABILITIES | B23: ZOBOWIĄZANIA
A24: - Liabilities due to the Central Bank | B24: - Zobowiązania wobec Banku Centralnego | C24: 0 | D24: 0 | E24: 0 | F24: 0 | G24: 0 | H24: 0 | I24: 0 | J24: 5932.1 | K24: 4020.1 | L24: 0 | M24: 0 | N24: 0 | O24: 0 | P24: 0 | Q24: 0 | R24: 0 | S24: 0 | T24: 0 | U24: 0 | V24: 0 | W24: 0 | X24: 0 | Y24: 0 | Z24: 0 | AA24: 0 | AB24: 0 | AC24: 0 | AD24: 0 | AE24: 0 | AF24: 0 | AG24: 0 | AH24: 0 | AI24: 0 | AJ24: 0 | AK24: 0 | AL24: 0 | AM24: 0 | AN24: 0 | AO24: 0 | AP24: 0 | AQ24: 0 | AR24: 0 | AS24: 0 | AT24: 0 | AU24: 0 | AV24: 0 | AW24: 0 | AX24: 0
A25: - Liabilities due to other banks | B25: - Zobowiązania wobec innych banków | C25: 5598.6 | D25: 3868.4 | E25: 5592.2 | F25: 1810.2 | G25: 5212.3 | H25: 6024.8 | I25: 5153.5 | J25: 6015.9 | K25: 8073.1 | L25: 9535.3 | M25: 6355.9 | N25: 3927.8 | O25: 5359.1 | P25: 5121.8 | Q25: 3115.6 | R25: 3991 | S25: 10409.2 | T25: 8913.5 | U25: 7573.3 | V25: 4917.3 | W25: 5381.4 | X25: 4079.3 | Y25: 4932.7 | Z25: 4513.7 | AA25: 4773.3 | AB25: 4139.6 | AC25: 4513.2 | AD25: 4609.8 | AE25: 10542.5 | AF25: 11859.5 | AG25: 7043.3 | AH25: 6123.4 | AI25: 5807.5 | AJ25: 8493 | AK25: 10917.1 | AL25: 3913.5 | AM25: 4236 | AN25: 5082.3 | AO25: 7032.5 | AP25: 5043 | AQ25: 5606.6 | AR25: 6140.5 | AS25: 5637.8 | AT25: 4109 | AU25: 6288.8 | AV25: 4882 | AW25: 6882.2 | AX25: 5195.8
A26: - Financial liabilities measured at fair value through profit and loss | B26: - Zobowiązania finansowe wyceniane do wartości godziwej przez rachunek zysków i strat | C26: 5390.8 | D26: 4344.4 | E26: 2189.8 | F26: 1215 | G26: 4565.6 | H26: 1637.7 | I26: 3271.1 | J26: 5146.7 | K26: 3578.1 | L26: 3084.5 | M26: 5042 | N26: 2192 | O26: 3758.9 | P26: 3338.8 | Q26: 3782.6 | R26: 5974.1 | S26: 1430.5 | T26: 2582.5 | U26: 7236 | V26: 3508.8 | W26: 5621.3 | X26: 2966.4 | Y26: 4258.6 | Z26: 4781.5 | AA26: 3788.8 | AB26: 2509.5 | AC26: 2066.2 | AD26: 2727.2 | AE26: 2826.2 | AF26: 3055.2 | AG26: 4236.4 | AH26: 3439 | AI26: 3932.5 | AJ26: 2474.8 | AK26: 2971.5 | AL26: 2632.1 | AM26: 1845 | AN26: 1636.2 | AO26: 1700.5 | AP26: 1590.8 | AQ26: 1736.6 | AR26: 1154.3 | AS26: 2621.4 | AT26: 1714.3 | AU26: 1044.9 | AV26: 1281.7 | AW26: 1216.2 | AX26: 1464.3
A27: - Derivative hedge instruments | B27: - Pochodne instrumenty zabezpieczające | C27: 0 | D27: 0 | E27: 0 | F27: 0 | G27: 10.1 | H27: 24.5 | I27: 110.8 | J27: 420 | K27: 610.9 | L27: 382.1 | M27: 493.7 | N27: 482.6 | O27: 557 | P27: 663.3 | Q27: 776 | R27: 600.4 | S27: 421.1 | T27: 427.5 | U27: 813.1 | V27: 900.6 | W27: 851.5 | X27: 871.7 | Y27: 1069 | Z27: 1364 | AA27: 1267.9 | AB27: 1082.3 | AC27: 1084.2 | AD27: 1114.4 | AE27: 1122.3 | AF27: 1251.7 | AG27: 1637.8 | AH27: 2032.8 | AI27: 2062.5 | AJ27: 1900.5 | AK27: 1842.8 | AL27: 1830.9 | AM27: 1818 | AN27: 1730.1 | AO27: 1614.3 | AP27: 1468.1 | AQ27: 1206.4 | AR27: 1015 | AS27: 799.9 | AT27: 699.2 | AU27: 622.6 | AV27: 677.7 | AW27: 574 | AX27: 611.8
A28: - Liabilities due to customers | B28: - Zobowiązania wobec klientów | C28: 40774.6 | D28: 40253.4 | E28: 40658.1 | F28: 44501.8 | G28: 45359.1 | H28: 47651.4 | I28: 51303.5 | J28: 47111.9 | K28: 46583.4 | L28: 45927.9 | M28: 46520 | N28: 47630.7 | O28: 46197.3 | P28: 46022.6 | Q28: 47701.6 | R28: 47448.2 | S28: 46487.9 | T28: 48310.7 | U28: 50782.5 | V28: 52976.7 | W28: 52465.5 | X28: 54186 | Y28: 54896.2 | Z28: 57898.4 | AA28: 58126.8 | AB28: 64159.1 | AC28: 66911.4 | AD28: 67981.4 | AE28: 67036.3 | AF28: 70975.3 | AG28: 71979.6 | AH28: 75688.6 | AI28: 77661.5 | AJ28: 80755.1 | AK28: 83830 | AL28: 87866 | AM28: 90413.4 | AN28: 93492.4 | AO28: 92304.6 | AP28: 95825.4 | AQ28: 96620.7 | AR28: 97708.8 | AS28: 98459.8 | AT28: 104503.3 | AU28: 104662.1 | AV28: 109174.1 | AW28: 110205 | AX28: 117682.5
A29: - Liabilities under issue of debt securities | B29: - Zobowiązania z tytułu emisji papierów wartościowych | C29: 0 | D29: 0 | E29: 0 | F29: 0 | G29: 0 | H29: 0 | I29: 0 | J29: 0 | K29: 0 | L29: 0 | M29: 0 | N29: 0 | O29: 0 | P29: 0 | Q29: 0 | R29: 0 | S29: 0 | T29: 0 | U29: 0 | V29: 0 | W29: 0 | X29: 0 | Y29: 0 | Z29: 567.1 | AA29: 574.5 | AB29: 566.4 | AC29: 571.5 | AD29: 566.4 | AE29: 571.4 | AF29: 566.4 | AG29: 571.6 | AH29: 866.5 | AI29: 872.7 | AJ29: 866.3 | AK29: 872 | AL29: 866.3 | AM29: 872 | AN29: 866.3 | AO29: 871.9 | AP29: 866.4 | AQ29: 872 | AR29: 866.3 | AS29: 872.1 | AT29: 300.3 | AU29: 302.2 | AV29: 300.2 | AW29: 302.2 | AX29: 300.3
A30: - Subordinated liabilities | B30: - Zobowiązania podporządkowane | C30: 0 | D30: 0 | E30: 0 | F30: 0 | G30: 0 | H30: 0 | I30: 0 | J30: 0 | K30: 0 | L30: 0 | M30: 0 | N30: 0 | O30: 0 | P30: 0 | Q30: 0 | R30: 0 | S30: 0 | T30: 0 | U30: 0 | V30: 0 | W30: 0 | X30: 0 | Y30: 0 | Z30: 0 | AA30: 0 | AB30: 0 | AC30: 0 | AD30: 0 | AE30: 0 | AF30: 0 | AG30: 0 | AH30: 0 | AI30: 0 | AJ30: 0 | AK30: 0 | AL30: 0 | AM30: 641.6 | AN30: 665.2 | AO30: 648.1 | AP30: 664.9 | AQ30: 634.2 | AR30: 635.3 | AS30: 647.7 | AT30: 626.9 | AU30: 632.4 | AV30: 655.6 | AW30: 641.9 | AX30: 1076.9
A31: - Provisions | B31: - Rezerwy | C31: 82 | D31: 83 | E31: 75.9 | F31: 72.5 | G31: 69.3 | H31: 55.6 | I31: 62.7 | J31: 50.6 | K31: 57.3 | L31: 49 | M31: 49.7 | N31: 55.2 | O31: 48.3 | P31: 46.5 | Q31: 49.8 | R31: 55.8 | S31: 54 | T31: 66.9 | U31: 52.8 | V31: 58.1 | W31: 64.6 | X31: 64.2 | Y31: 65.4 | Z31: 72.8 | AA31: 73.9 | AB31: 77.6 | AC31: 67.3 | AD31: 67.8 | AE31: 68.9 | AF31: 71.1 | AG31: 71.7 | AH31: 74.8 | AI31: 70.6 | AJ31: 69.5 | AK31: 70.3 | AL31: 67.2 | AM31: 82.7 | AN31: 82 | AO31: 79.8 | AP31: 60.3 | AQ31: 59.4 | AR31: 69.5 | AS31: 77.3 | AT31: 91.9 | AU31: 115.6 | AV31: 125.1 | AW31: 164.9 | AX31: 152.4
A32: - Deferred tax provision | B32: - Rezerwa z tytułu odroczonego podatku dochodowego | C32: 0 | D32: 0 | E32: 0 | F32: 0 | G32: 0 | H32: 0 | I32: 0 | J32: 0 | K32: 0 | L32: 55.6 | M32: 0 | N32: 0 | O32: 0 | P32: 0 | Q32: 0 | R32: 0 | S32: 0 | T32: 0 | U32: 0 | V32: 0 | W32: 1.5 | X32: 1.8 | Y32: 2.3 | Z32: 29 | AA32: 2.5 | AB32: 2.6 | AC32: 2.7 | AD32: 2.3 | AE32: 2.5 | AF32: 138.9 | AG32: 254 | AH32: 234.8 | AI32: 247 | AJ32: 0 | AK32: 92.9 | AL32: 132 | AM32: 218.3 | AN32: 94.5 | AO32: 36.4 | AP32: 121.3 | AQ32: 24.1 | AR32: 121.4 | AS32: 181.1 | AT32: 232.9 | AU32: 244.8 | AV32: 68.3 | AW32: 53.8 | AX32: 280.3
A33: - Current income tax liabilities | B33: - Zobowiązanie z tytułu bieżącego podatku dochodowego | C33: 66.3 | D33: 51 | E33: 4.6 | F33: 0.1 | G33: 0.2 | H33: 53.6 | I33: 46.6 | J33: 39.1 | K33: 0 | L33: 0.1 | M33: 101.1 | N33: 156.1 | O33: 19.8 | P33: 55.4 | Q33: 60.5 | R33: 138.5 | S33: 0 | T33: 0.6 | U33: 0.4 | V33: 0 | W33: 2.2 | X33: 25.2 | Y33: 12.7 | Z33: 74 | AA33: 95.2 | AB33: 17.4 | AC33: 39.5 | AD33: 109.4 | AE33: 1.2 | AF33: 5.1 | AG33: 0.5 | AH33: 30.8 | AI33: 0.3 | AJ33: 10.2 | AK33: 30 | AL33: 24.8 | AM33: 3.4 | AN33: 86.9 | AO33: 110.4 | AP33: 0 | AQ33: 0 | AR33: 0 | AS33: 0 | AT33: 0 | AU33: 0 | AV33: 0 | AW33: 0 | AX33: 0
A34: - Other liabilities | B34: - Inne zobowiązania | C34: 776.4 | D34: 952 | E34: 903.9 | F34: 570.7 | G34: 1002.4 | H34: 1086.3 | I34: 1034.7 | J34: 669.7 | K34: 999.7 | L34: 965.1 | M34: 949.6 | N34: 552.3 | O34: 1024.7 | P34: 1052.1 | Q34: 1147.5 | R34: 656.4 | S34: 1252.8 | T34: 1245.4 | U34: 1041.1 | V34: 945.9 | W34: 1121.7 | X34: 1084.4 | Y34: 973.7 | Z34: 830.2 | AA34: 812.1 | AB34: 1102.6 | AC34: 1112 | AD34: 943.3 | AE34: 1185.5 | AF34: 1177.5 | AG34: 1119.4 | AH34: 913.4 | AI34: 1681.6 | AJ34: 1190.8 | AK34: 1249.7 | AL34: 879.8 | AM34: 1932.1 | AN34: 1091.2 | AO34: 1172.5 | AP34: 1360.3 | AQ34: 1301.1 | AR34: 1332.4 | AS34: 1506.7 | AT34: 1941.3 | AU34: 1338 | AV34: 1704.4 | AW34: 1896.1 | AX34: 1489
A35: T o t a l l i a b i l i t i e s | B35: Z o b o w i ą z a n i a o g ó ł e m | C35: =SUM(C24:C34) -> 52688.7 | D35: =SUM(D24:D34) -> 49552.2 | E35: =SUM(E24:E34) -> 49424.5 | F35: =SUM(F24:F34) -> 48170.3 | G35: =SUM(G24:G34) -> 56219 | H35: =SUM(H24:H34) -> 56533.9 | I35: =SUM(I24:I34) -> 60982.9 | J35: =SUM(J24:J34) -> 65386 | ... AX35: =SUM(AX24:AX34) -> 128253.3
A36: EQUITY | B36: KAPITAŁY
A37: - Share capital | B37: - Kapitał akcyjny | C37: 130.1 | D37: 130.1 | E37: 130.1 | F37: 130.1 | G37: 130.1 | H37: 130.1 | I37: 130.1 | J37: 130.1 | K37: 130.1 | L37: 130.1 | M37: 130.1 | N37: 130.1 | O37: 130.1 | P37: 130.1 | Q37: 130.1 | R37: 130.1 | S37: 130.1 | T37: 130.1 | U37: 130.1 | V37: 130.1 | W37: 130.1 | X37: 130.1 | Y37: 130.1 | Z37: 130.1 | AA37: 130.1 | AB37: 130.1 | AC37: 130.1 | AD37: 130.1 | AE37: 130.1 | AF37: 130.1 | AG37: 130.1 | AH37: 130.1 | AI37: 130.1 | AJ37: 130.1 | AK37: 130.1 | AL37: 130.1 | AM37: 130.1 | AN37: 130.1 | AO37: 130.1 | AP37: 130.1 | AQ37: 130.1 | AR37: 130.1 | AS37: 130.1 | AT37: 130.1 | AU37: 130.1 | AV37: 130.1 | AW37: 130.1 | AX37: 130.1
A38: - Supplementary capital - issuance of shares over nominal value | B38: - Kapitał zapasowy - nadwyżka ze sprzedaży akcji powyżej ich wartości nominalnej | C38: =993.8-37.5 -> 956.3 | D38: =993.8-37.5 -> 956.3 | E38: =993.8-37.5 -> 956.3 | F38: 956.3 | G38: 956.3 | H38: 956.3 | I38: 956.3 | J38: 956.3 | K38: 956.3 | L38: 956.3 | M38: 956.3 | N38: 956.3 | O38: 956.3 | P38: 956.3 | Q38: 956.3 | R38: 956.3 | S38: 956.3 | T38: 956.3 | U38: 956.3 | V38: 956.3 | W38: 956.3 | X38: 956.3 | Y38: 956.3 | Z38: 956.3 | AA38: 956.3 | AB38: 956.3 | AC38: 956.3 | AD38: 956.3 | AE38: 956.3 | AF38: 956.3 | AG38: 956.3 | AH38: 956.3 | AI38: 956.3 | AJ38: 956.3 | AK38: 956.3 | AL38: 956.3 | AM38: 956.3 | AN38: 956.3 | AO38: 956.3 | AP38: 956.3 | AQ38: 956.3 | AR38: 956.3 | AS38: 956.3 | AT38: 956.3 | AU38: 956.3 | AV38: 956.3 | AW38: 956.3 | AX38: 956.3
A39: - Accumulated other comprehensive income | B39: - Skumulowane inne całkowite dochody | C39: 74.2 | D39: -11.4 | E39: -12.5 | F39: -91.6 | G39: -90 | H39: -208.5 | I39: -75.2 | J39: -2.5 | K39: -24.6 | L39: 12.2 | M39: 28.1 | N39: 48.7 | O39: 117.5 | P39: 73.2 | Q39: 128.5 | R39: 56.4 | S39: -28.5 | T39: 99.1 | U39: 118.2 | V39: 118.3 | W39: 187.1 | X39: 244.2 | Y39: 483.6 | Z39: 999.7 | AA39: 840.1 | AB39: 516.8 | AC39: 419.3 | AD39: 524.3 | AE39: 526.5 | AF39: 1085.9 | AG39: 1584.5 | AH39: 1874.3 | AI39: 1908.8 | AJ39: 888.3 | AK39: 1316.9 | AL39: 1485 | AM39: 1774.8 | AN39: 1508 | AO39: 1341.8 | AP39: 577.5 | AQ39: 589.6 | AR39: 596.2 | AS39: 551.8 | AT39: 493.2 | AU39: 684 | AV39: 557 | AW39: 450.6 | AX39: 1169.7
A40: - Retained earnings | B40: - Zyski zatrzymane | C40: 2741.7 | D40: 2547 | E40: 2746.5 | F40: 2844 | G40: 3017.3 | H40: 3099.7 | I40: 3266.7 | J40: 3138.3 | K40: 3219.1 | L40: 3416 | M40: 3627.6 | N40: 3749.3 | O40: 3927.8 | P40: 4120.6 | Q40: 4314.6 | R40: 4508 | S40: 4724.1 | T40: 4766 | U40: 4990 | V40: 5209 | W40: 5477.6 | X40: 5648.2 | Y40: 5854.9 | Z40: 6047.7 | AA40: 6310 | AB40: 6528 | AC40: 6763.5 | AD40: 7015.6 | AE40: 7272.7 | AF40: 6986.4 | AG40: 7260.7 | AH40: 7493.3 | AI40: 7234.3 | AJ40: 7581.4 | AK40: 7898.5 | AL40: 8106.5 | AM40: 7806.5 | AN40: 8215.7 | AO40: 8548.5 | AP40: 8811 | AQ40: 9111.3 | AR40: 9471.5 | AS40: 9848 | AT40: 10215.2 | AU40: 10288.5 | AV40: 10246.1 | AW40: 10624.9 | AX40: 11080.2
A41: Equity attributable to shareholders of ING Bank Śląski S.A. | B41: Kapitał własny przypadający akcjonariuszom ING Banku Śląskiego S.A. | C41: =SUM(C37:C40) -> 3902.3 | D41: =SUM(D37:D40) -> 3622 | E41: =SUM(E37:E40) -> 3820.4 | F41: =SUM(F37:F40) -> 3838.8 | G41: =SUM(G37:G40) -> 4013.7 | H41: =SUM(H37:H40) -> 3977.6 | I41: =SUM(I37:I40) -> 4277.9 | J41: =SUM(J37:J40) -> 4222.2 | ... AX41: =SUM(AX37:AX40) -> 13336.3
A43: - Non-controlling interests | B43: - Udziały niekontrolujące | C43: 25.9 | D43: 28.9 | E43: 1.7 | F43: 1.7 | G43: 1.7 | H43: 1.7 | I43: 1.8 | J43: 2.3 | K43: 2.3 | L43: 2.3 | M43: 2.3 | N43: 2.3 | O43: 2.3 | P43: 2.3 | Q43: 2.4 | R43: 2.3 | S43: 2.3 | T43: 2.3 | U43: 2.3 | V43: 2.3 | W43: 2.3 | X43: 2.3 | Y43: 2.3 | Z43: 2.3 | AA43: 2.3 | AB43: 2.3 | AC43: 2.3 | AD43: 2.3 | AE43: 2.3 | AF43: 2.4 | AG43: 2.6 | AH43: 2.6 | AI43: 2.6 | AJ43: 2.6 | AK43: 2.6 | AL43: 2.6 | AM43: 2.5 | AN43: 2.5 | AO43: 2.3 | AP43: 2.3 | AQ43: 2.1 | AR43: 0 | AS43: 0 | AT43: 0 | AU43: 0 | AV43: 0 | AW43: 0 | AX43: 0
A45: T o t a l e q u i t y | B45: K a p i t a ł y w ł a s n e o g ó ł e m | C45: =C41+C43 -> 3928.2 | D45: =D41+D43 -> 3650.9 | E45: =E41+E43 -> 3822.1 | F45: =F41+F43 -> 3840.5 | G45: =G41+G43 -> 4015.4 | H45: =H41+H43 -> 3979.3 | I45: =I41+I43 -> 4279.7 | J45: =J41+J43 -> 4224.5 | ... AX45: =AX41+AX43 -> 13336.3
A47: T o t a l e q u i t y a n d l i a b i l i t i e s | B47: Z o b o w i ą z a n i a i k a p i t a ł w ł a s n y r a z e m | C47: =C35+C45 -> 56616.9 | D47: =D35+D45 -> 53203.1 | E47: =E35+E45 -> 53246.6 | F47: =F35+F45 -> 52010.8 | G47: =G35+G45 -> 60234.4 | H47: =H35+H45 -> 60513.2 | I47: =I35+I45 -> 65262.6 | J47: =J35+J45 -> 69610.5 | ... AX47: =AX35+AX45 -> 141589.6

Sheet Kredyty_loans
A1: Comparable data pro-forma | B1: Dane porównywalne pro-forma
A2: Loans and other receivables to customers | B2: Kredyty i inne należności udzielone klientom | AP2: 2016 | AQ2: 2017 | AU2: 2018
AP3: 4Q | AQ3: 1Q | AR3: 2Q | AS3: 3Q | AT3: 4Q | AU3: 1Q | AV3: 2Q | AW3: 3Q | AX3: 4Q
A4: (PLN million) | B4: (w mln zł) | AP4: [MSR 39 / IAS 39] | AQ4: [MSR 39 / IAS 39] | AR4: [MSR 39 / IAS 39] | AS4: [MSR 39 / IAS 39] | AT4: [MSR 39 / IAS 39] | AU4: [MSSF 9 / IFRS 9] | AV4: [MSSF 9 / IFRS 9] | AW4: [MSSF 9 / IFRS 9] | AX4: [MSSF 9 / IFRS 9]
A5: Measured at amortised cost | B5: Wyceniane wg zamortyzowanego kosztu | AP5: =AP60 -> 81979.5 | AQ5: =AQ60 -> 84399.5 | AR5: =AR60 -> 86922.3 | AS5: =AS60 -> 90107 | AT5: =AT60 -> 91108.1 | AU5: =AU60 -> 90028.2 | AV5: =AV60 -> 94475.3 | AW5: =AW60 -> 98986 | AX5: =AX60 -> 102907.4
A6: Measured at fair value through profit or loss | B6: Wyceniane do wartości godziwej przez rachunek zysków i strat | AP6: - | AQ6: - | AR6: - | AS6: - | AT6: - | AU6: 262.3 | AV6: 249 | AW6: 237.8 | AX6: 218.4
A7: Total (net) | B7: Razem (netto) | AP7: =SUM(AP5:AP6) -> 81979.5 | AQ7: =SUM(AQ5:AQ6) -> 84399.5 | AR7: =SUM(AR5:AR6) -> 86922.3 | AS7: =SUM(AS5:AS6) -> 90107 | AT7: =SUM(AT5:AT6) -> 91108.1 | AU7: =SUM(AU5:AU6) -> 90290.5 | AV7: =SUM(AV5:AV6) -> 94724.3 | AW7: =SUM(AW5:AW6) -> 99223.8 | AX7: =SUM(AX5:AX6) -> 103125.8
A9: Loans and other receivables measured at amortised cost | B9: Kredyty i inne należności wyceniane wg zamortyzowanego kosztu | AP9: 2016 | AQ9: 2017 | AU9: 2018
AP10: 4Q | AQ10: 1Q | AR10: 2Q | AS10: 3Q | AT10: 4Q | AU10: 1Q | AV10: 2Q | AW10: 3Q | AX10: 3Q
A12: Gross loans and other receivables measured at amortised cost, including: | B12: Kredyty i inne należności brutto wyceniane wg zamortyzowanego kosztu, w tym: | AP12: =SUM(AP14,AP30) -> 83447.2 | AQ12: =SUM(AQ14,AQ30) -> 85915.6 | AR12: =SUM(AR14,AR30) -> 88458.2 | AS12: =SUM(AS14,AS30) -> 91699.7 | AT12: =SUM(AT14,AT30) -> 92775.6 | AU12: =SUM(AU14,AU30) -> 92114.4 | AV12: =SUM(AV14,AV30) -> 96711.3 | AW12: =SUM(AW14,AW30) -> 101189.9 | AX12: =SUM(AX14,AX30) -> 105177.4
A14: Portfolio of gross loans, including: | B14: Portfel kredytowy brutto, w tym: | AP14: =SUM(AP15:AP17) -> 79100.6 | AQ14: =SUM(AQ15:AQ17) -> 81785.8 | AR14: =SUM(AR15:AR17) -> 84277.2 | AS14: =SUM(AS15:AS17) -> 87356.3 | AT14: =SUM(AT15:AT17) -> 88483.8 | AU14: =SUM(AU15:AU17) -> 91367.2 | AV14: =SUM(AV15:AV17) -> 95902.3 | AW14: =SUM(AW15:AW17) -> 100398.8 | AX14: =SUM(AX15:AX17) -> 104226.8
A15: Households | B15: Gospodarstwa domowe | AP15: 33450 | AQ15: 34675.2 | AR15: 36236.1 | AS15: 38046.5 | AT15: 39755.4 | AU15: 42477.4 | AV15: 44811.2 | AW15: 46785.7 | AX15: 48631.3
A16: Business entities | B16: Podmioty gospodarcze | AP16: 42233.4 | AQ16: 43730 | AR16: 44806.6 | AS16: 46243.1 | AT16: 45879.9 | AU16: 46239.5 | AV16: 48533.7 | AW16: 50952.3 | AX16: 52388.2
A17: The government and self-government institutions’ sector | B17: Sektor instytucji rządowych i samorządowych | AP17: 3417.2 | AQ17: 3380.6 | AR17: 3234.5 | AS17: 3066.7 | AT17: 2848.5 | AU17: 2650.3 | AV17: 2557.4 | AW17: 2660.8 | AX17: 3207.3
A18: Total, including: | B18: Razem, w tym: | AP18: =SUM(AP19,AP25) -> 79100.6 | AQ18: =SUM(AQ19,AQ25) -> 81785.8 | AR18: =SUM(AR19,AR25) -> 84277.2 | AS18: =SUM(AS19,AS25) -> 87356.3 | AT18: =SUM(AT19,AT25) -> 88483.8 | AU18: =SUM(AU19,AU25) -> 91367.2 | AV18: =SUM(AV19,AV25) -> 95902.3 | AW18: =SUM(AW19,AW25) -> 100398.8 | AX18: =SUM(AX19,AX25) -> 104226.8
A19: Corporate banking segment | B19: Bankowość korporacyjna | AP19: =SUM(AP20:AP24) -> 47460 | AQ19: =SUM(AQ20:AQ24) -> 48999.6 | AR19: =SUM(AR20:AR24) -> 49955.9 | AS19: =SUM(AS20:AS24) -> 51561 | AT19: =SUM(AT20:AT24) -> 50974.8 | AU19: =SUM(AU20:AU24) -> 51942.5 | AV19: =SUM(AV20:AV24) -> 54179.2 | AW19: =SUM(AW20:AW24) -> 56859 | AX19: =SUM(AX20:AX24) -> 58863.5
A20: loans in the current account | B20: kredyty w rachunku bieżącym | AP20: 7544.2 | AQ20: 9431 | AR20: 9538.6 | AS20: 9904.2 | AT20: 9230.7 | AU20: 10622.5 | AV20: 10393.2 | AW20: 11222.6 | AX20: 10782.9
A21: term loans and advances | B21: kredyty i pożyczki terminowe | AP21: 27754 | AQ21: 27293.1 | AR21: 27919.2 | AS21: 28932.8 | AT21: 28673.8 | AU21: 28311.8 | AV21: 30441.6 | AW21: 31819.8 | AX21: 33243.9
A22: leasing receivables | B22: należności leasingowe | AP22: 5258.2 | AQ22: 5278 | AR22: 5549.6 | AS22: 5725 | AT22: 5902.3 | AU22: 6116.6 | AV22: 6481.1 | AW22: 6782.6 | AX22: 7165
A23: factoring receivables | B23: należności faktoringowe | AP23: 4373.7 | AQ23: 4536.9 | AR23: 4643.2 | AS23: 4742.6 | AT23: 4619.8 | AU23: 4583.8 | AV23: 4773.9 | AW23: 4793.3 | AX23: 4861.9
A24: corporate and municipal securities | B24: papiery wartościowe komercyjne i komunalne | AP24: 2529.9 | AQ24: 2460.6 | AR24: 2305.3 | AS24: 2256.4 | AT24: 2548.2 | AU24: 2307.8 | AV24: 2089.4 | AW24: 2240.7 | AX24: 2809.8
A25: Retail banking segment | B25: Bankowość detaliczna | AP25: =SUM(AP26:AP29) -> 31640.6 | AQ25: =SUM(AQ26:AQ29) -> 32786.2 | AR25: =SUM(AR26:AR29) -> 34321.3 | AS25: =SUM(AS26:AS29) -> 35795.3 | AT25: =SUM(AT26:AT29) -> 37509 | AU25: =SUM(AU26:AU29) -> 39424.7 | AV25: =SUM(AV26:AV29) -> 41723.1 | AW25: =SUM(AW26:AW29) -> 43539.8 | AX25: =SUM(AX26:AX29) -> 45363.3
A26: mortgages | B26: kredyty i pożyczki hipoteczne | AP26: 23469.3 | AQ26: 24171.6 | AR26: 25179.6 | AS26: 26234.6 | AT26: 27539.8 | AU26: 28892.1 | AV26: 30540.9 | AW26: 31988.9 | AX26: 33371.7
A27: loans in the current account | B27: kredyty w rachunku bieżącym | AP27: 1217.9 | AQ27: 1281.1 | AR27: 1328.1 | AS27: 1367.6 | AT27: 1315 | AU27: 1394.2 | AV27: 1403.4 | AW27: 1376.8 | AX27: 1329.2
A28: leasing receivables | B28: należności leasingowe | AP28: 502.4 | AQ28: 536.4 | AR28: 576.9 | AS28: 631.1 | AT28: 690.7 | AU28: 753 | AV28: 811.2 | AW28: 872.9 | AX28: 979.1
A29: other loans and advances | B29: pozostałe kredyty i pożyczki | AP29: 6451 | AQ29: 6797.1 | AR29: 7236.7 | AS29: 7562 | AT29: 7963.5 | AU29: 8385.4 | AV29: 8967.6 | AW29: 9301.2 | AX29: 9683.3
A30: Other gross receivables, including: | B30: Inne należności brutto, w tym: | AP30: =SUM(AP31:AP34) -> 4346.6 | AQ30: =SUM(AQ31:AQ34) -> 4129.8 | AR30: =SUM(AR31:AR34) -> 4181 | AS30: =SUM(AS31:AS34) -> 4343.4 | AT30: =SUM(AT31:AT34) -> 4291.8 | AU30: =SUM(AU31:AU34) -> 747.2 | AV30: =SUM(AV31:AV34) -> 809 | AW30: =SUM(AW31:AW34) -> 791.1 | AX30: =SUM(AX31:AX34) -> 950.6
A31: Eurobonds (T-bonds) | B31: euroobligacje (obligacje Skarbu Państwa) | AP31: 3910.7 | AQ31: 3686.4 | AR31: 3589.8 | AS31: 3674.4 | AT31: 3564.8 | AU31: 0 | AV31: 0 | AW31: 0 | AX31: 0
A32: complex call deposits | B32: złożone depozyty zabezpieczające typu call | AP32: 329 | AQ32: 324.6 | AR32: 483.4 | AS32: 521.2 | AT32: 540.1 | AU32: 603 | AV32: 651.7 | AW32: 612 | AX32: 733
A33: receivables under repo transactions | B33: należności z tytułu transakcji z przyrzeczeniem odkupu | AP33: 0 | AQ33: 19.9 | AR33: 20 | AS33: 19.7 | AT33: 19.8 | AU33: 0 | AV33: 0 | AW33: 0 | AX33: 0
A34: other receivables | B34: pozostałe należności | AP34: 106.9 | AQ34: 98.9 | AR34: 87.8 | AS34: 128.1 | AT34: 167.1 | AU34: 144.2 | AV34: 157.3 | AW34: 179.1 | AX34: 217.6
A36: Impairment on loans and other receivables measured at amortised cost, including: | B36: Odpis na kredyty i inne należności wyceniane wg zamortyzowanego kosztu, w tym: | AP36: =SUM(AP38,AP54) -> -1467.7 | AQ36: =SUM(AQ38,AQ54) -> -1516.1 | AR36: =SUM(AR38,AR54) -> -1535.9 | AS36: =SUM(AS38,AS54) -> -1592.7 | AT36: =SUM(AT38,AT54) -> -1667.5 | AU36: =SUM(AU38,AU54) -> -2086.2 | AV36: =SUM(AV38,AV54) -> -2236 | AW36: =SUM(AW38,AW54) -> -2203.9 | AX36: =SUM(AX38,AX54) -> -2270
A38: Impairment on portfolio of loans, including: | B38: Odpis na portfel kredytowy, w tym: | AP38: =SUM(AP39:AP41) -> -1467 | AQ38: =SUM(AQ39:AQ41) -> -1515.4 | AR38: =SUM(AR39:AR41) -> -1535.2 | AS38: =SUM(AS39:AS41) -> -1592 | AT38: =SUM(AT39:AT41) -> -1666.8 | AU38: =SUM(AU39:AU41) -> -2086.2 | AV38: =SUM(AV39:AV41) -> -2236 | AW38: =SUM(AW39:AW41) -> -2203.9 | AX38: =SUM(AX39:AX41) -> -2270
A39: Households | B39: Gospodarstwa domowe | AP39: -584.6 | AQ39: -623.3 | AR39: -659.4 | AS39: -664.6 | AT39: -695.6 | AU39: -1004.4 | AV39: -1103.8 | AW39: -1021.7 | AX39: -1105.6
A40: Business entities | B40: Podmioty gospodarcze | AP40: -881.2 | AQ40: -890.9 | AR40: -874.5 | AS40: -926.1 | AT40: -970 | AU40: -1080.3 | AV40: -1131.6 | AW40: -1181.8 | AX40: -1164.3
A41: The government and self-government institutions’ sector | B41: Sektor instytucji rządowych i samorządowych | AP41: -1.2 | AQ41: -1.2 | AR41: -1.3 | AS41: -1.3 | AT41: -1.2 | AU41: -1.5 | AV41: -0.6 | AW41: -0.4 | AX41: -0.1
A42: Total, including: | B42: Razem, w tym: | AP42: =SUM(AP43,AP49) -> -1467 | AQ42: =SUM(AQ43,AQ49) -> -1515.4 | AR42: =SUM(AR43,AR49) -> -1535.2 | AS42: =SUM(AS43,AS49) -> -1592 | AT42: =SUM(AT43,AT49) -> -1666.8 | AU42: =SUM(AU43,AU49) -> -2086.2 | AV42: =SUM(AV43,AV49) -> -2236 | AW42: =SUM(AW43,AW49) -> -2203.9 | AX42: =SUM(AX43,AX49) -> -2270
A43: Corporate banking segment | B43: Bankowość korporacyjna | AP43: =SUM(AP44:AP48) -> -939.9 | AQ43: =SUM(AQ44:AQ48) -> -952.4 | AR43: =SUM(AR44:AR48) -> -933.6 | AS43: =SUM(AS44:AS48) -> -989.9 | AT43: =SUM(AT44:AT48) -> -1039 | AU43: =SUM(AU44:AU48) -> -1157.5 | AV43: =SUM(AV44:AV48) -> -1211.6 | AW43: =SUM(AW44:AW48) -> -1275.8 | AX43: =SUM(AX44:AX48) -> -1261.5
A44: loans in the current account | B44: kredyty w rachunku bieżącym | AP44: -265.3 | AQ44: -289.9 | AR44: -287.5 | AS44: -287.6 | AT44: -310.6 | AU44: -390.4 | AV44: -406.2 | AW44: -423 | AX44: -460.1
A45: term loans and advances | B45: kredyty i pożyczki terminowe | AP45: -585.2 | AQ45: -583.2 | AR45: -582.2 | AS45: -631.8 | AT45: -650.6 | AU45: -702.5 | AV45: -740.2 | AW45: -782.2 | AX45: -726.6
A46: leasing receivables | B46: należności leasingowe | AP46: -49 | AQ46: -39.3 | AR46: -26.7 | AS46: -26.9 | AT46: -30.9 | AU46: -42.3 | AV46: -42.6 | AW46: -43.5 | AX46: -46.9
A47: factoring receivables | B47: należności faktoringowe | AP47: -23.3 | AQ47: -23.5 | AR47: -21 | AS47: -27.5 | AT47: -30.8 | AU47: -21.2 | AV47: -22.3 | AW47: -26.3 | AX47: -27.4
A48: corporate and municipal securities | B48: papiery wartościowe komercyjne i komunalne | AP48: -17.1 | AQ48: -16.5 | AR48: -16.2 | AS48: -16.1 | AT48: -16.1 | AU48: -1.1 | AV48: -0.3 | AW48: -0.8 | AX48: -0.5
A49: Retail banking segment | B49: Bankowość detaliczna | AP49: =SUM(AP50:AP53) -> -527.1 | AQ49: =SUM(AQ50:AQ53) -> -563 | AR49: =SUM(AR50:AR53) -> -601.6 | AS49: =SUM(AS50:AS53) -> -602.1 | AT49: =SUM(AT50:AT53) -> -627.8 | AU49: =SUM(AU50:AU53) -> -928.7 | AV49: =SUM(AV50:AV53) -> -1024.4 | AW49: =SUM(AW50:AW53) -> -928.1 | AX49: =SUM(AX50:AX53) -> -1008.5
A50: mortgages | B50: kredyty i pożyczki hipoteczne | AP50: -185.3 | AQ50: -189.1 | AR50: -181.2 | AS50: -176.3 | AT50: -170.4 | AU50: -231 | AV50: -245.5 | AW50: -232.4 | AX50: -224.9
A51: loans in the current account | B51: kredyty w rachunku bieżącym | AP51: -74 | AQ51: -77.3 | AR51: -83.3 | AS51: -72.5 | AT51: -75.2 | AU51: -98.8 | AV51: -104 | AW51: -71.9 | AX51: -105.8
A52: leasing receivables | B52: należności leasingowe | AP52: -1 | AQ52: -1 | AR52: -1.2 | AS52: -1.8 | AT52: -2 | AU52: -2.3 | AV52: -3.4 | AW52: -3.7 | AX52: -3.6
A53: other loans and advances | B53: pozostałe kredyty i pożyczki | AP53: -266.8 | AQ53: -295.6 | AR53: -335.9 | AS53: -351.5 | AT53: -380.2 | AU53: -596.6 | AV53: -671.5 | AW53: -620.1 | AX53: -674.2
A54: Impairment on other receivables, including: | B54: Odpis na inne należności, w tym: | AP54: =SUM(AP55:AP58) -> -0.7 | AQ54: =SUM(AQ55:AQ58) -> -0.7 | AR54: =SUM(AR55:AR58) -> -0.7 | AS54: =SUM(AS55:AS58) -> -0.7 | AT54: =SUM(AT55:AT58) -> -0.7 | AU54: =SUM(AU55:AU58) -> 0 | AV54: =SUM(AV55:AV58) -> 0 | AW54: =SUM(AW55:AW58) -> 0 | AX54: =SUM(AX55:AX58) -> 0
A55: Eurobonds (T-bonds) | B55: euroobligacje (obligacje Skarbu Państwa) | AP55: -0.7 | AQ55: -0.7 | AR55: -0.7 | AS55: -0.7 | AT55: -0.7 | AU55: 0 | AV55: 0 | AW55: 0 | AX55: 0
A56: complex call deposits | B56: złożone depozyty zabezpieczające typu call | AP56: 0 | AQ56: 0 | AR56: 0 | AS56: 0 | AT56: 0 | AU56: 0 | AV56: 0 | AW56: 0 | AX56: 0
A57: receivables under repo transactions | B57: należności z tytułu transakcji z przyrzeczeniem odkupu | AP57: 0 | AQ57: 0 | AR57: 0 | AS57: 0 | AT57: 0 | AU57: 0 | AV57: 0 | AW57: 0 | AX57: 0
A58: other receivables | B58: pozostałe należności | AP58: 0 | AQ58: 0 | AR58: 0 | AS58: 0 | AT58: 0 | AU58: 0 | AV58: 0 | AW58: 0 | AX58: 0
A60: Net loans and other receivables measured at amortised cost, including: | B60: Kredyty i inne należności netto wyceniane wg zamortyzowanego kosztu, w tym: | AP60: =SUM(AP62,AP78) -> 81979.5 | AQ60: =SUM(AQ62,AQ78) -> 84399.5 | AR60: =SUM(AR62,AR78) -> 86922.3 | AS60: =SUM(AS62,AS78) -> 90107 | AT60: =SUM(AT62,AT78) -> 91108.1 | AU60: =SUM(AU62,AU78) -> 90028.2 | AV60: =SUM(AV62,AV78) -> 94475.3 | AW60: =SUM(AW62,AW78) -> 98986 | AX60: =SUM(AX62,AX78) -> 102907.4
A62: Portfolio of net loans, including: | B62: Portfel kredytowy netto, w tym: | AP62: =SUM(AP63:AP65) -> 77633.6 | AQ62: =SUM(AQ63:AQ65) -> 80270.4 | AR62: =SUM(AR63:AR65) -> 82742 | AS62: =SUM(AS63:AS65) -> 85764.3 | AT62: =SUM(AT63:AT65) -> 86817 | AU62: =SUM(AU63:AU65) -> 89281 | AV62: =SUM(AV63:AV65) -> 93666.3 | AW62: =SUM(AW63:AW65) -> 98194.9 | AX62: =SUM(AX63:AX65) -> 101956.8
A63: Households | B63: Gospodarstwa domowe | AP63: =SUM(AP15,AP39) -> 32865.4 | AQ63: =SUM(AQ15,AQ39) -> 34051.9 | AR63: =SUM(AR15,AR39) -> 35576.7 | AS63: =SUM(AS15,AS39) -> 37381.9 | AT63: =SUM(AT15,AT39) -> 39059.8 | AU63: =SUM(AU15,AU39) -> 41473 | AV63: =SUM(AV15,AV39) -> 43707.4 | AW63: =SUM(AW15,AW39) -> 45764 | AX63: =SUM(AX15,AX39) -> 47525.7
A64: Business entities | B64: Podmioty gospodarcze | AP64: =SUM(AP16,AP40) -> 41352.2 | AQ64: =SUM(AQ16,AQ40) -> 42839.1 | AR64: =SUM(AR16,AR40) -> 43932.1 | AS64: =SUM(AS16,AS40) -> 45317 | AT64: =SUM(AT16,AT40) -> 44909.9 | AU64: =SUM(AU16,AU40) -> 45159.2 | AV64: =SUM(AV16,AV40) -> 47402.1 | AW64: =SUM(AW16,AW40) -> 49770.5 | AX64: =SUM(AX16,AX40) -> 51223.9
A65: The government and self-government institutions’ sector | B65: Sektor instytucji rządowych i samorządowych | AP65: =SUM(AP17,AP41) -> 3416 | AQ65: =SUM(AQ17,AQ41) -> 3379.4 | AR65: =SUM(AR17,AR41) -> 3233.2 | AS65: =SUM(AS17,AS41) -> 3065.4 | AT65: =SUM(AT17,AT41) -> 2847.3 | AU65: =SUM(AU17,AU41) -> 2648.8 | AV65: =SUM(AV17,AV41) -> 2556.8 | AW65: =SUM(AW17,AW41) -> 2660.4 | AX65: =SUM(AX17,AX41) -> 3207.2
A66: Total, including: | B66: Razem, w tym: | AP66: =SUM(AP67,AP73) -> 77633.6 | AQ66: =SUM(AQ67,AQ73) -> 80270.4 | AR66: =SUM(AR67,AR73) -> 82742 | AS66: =SUM(AS67,AS73) -> 85764.3 | AT66: =SUM(AT67,AT73) -> 86817 | AU66: =SUM(AU67,AU73) -> 89281 | AV66: =SUM(AV67,AV73) -> 93666.3 | AW66: =SUM(AW67,AW73) -> 98194.9 | AX66: =SUM(AX67,AX73) -> 101956.8
A67: Corporate banking segment | B67: Bankowość korporacyjna | AP67: =SUM(AP68:AP72) -> 46520.1 | AQ67: =SUM(AQ68:AQ72) -> 48047.2 | AR67: =SUM(AR68:AR72) -> 49022.3 | AS67: =SUM(AS68:AS72) -> 50571.1 | AT67: =SUM(AT68:AT72) -> 49935.8 | AU67: =SUM(AU68:AU72) -> 50785 | AV67: =SUM(AV68:AV72) -> 52967.6 | AW67: =SUM(AW68:AW72) -> 55583.2 | AX67: =SUM(AX68:AX72) -> 57602
A68: loans in the current account | B68: kredyty w rachunku bieżącym | AP68: =SUM(AP20,AP44) -> 7278.9 | AQ68: =SUM(AQ20,AQ44) -> 9141.1 | AR68: =SUM(AR20,AR44) -> 9251.1 | AS68: =SUM(AS20,AS44) -> 9616.6 | AT68: =SUM(AT20,AT44) -> 8920.1 | AU68: =SUM(AU20,AU44) -> 10232.1 | AV68: =SUM(AV20,AV44) -> 9987 | AW68: =SUM(AW20,AW44) -> 10799.6 | AX68: =SUM(AX20,AX44) -> 10322.8
A69: term loans and advances | B69: kredyty i pożyczki terminowe | AP69: =SUM(AP21,AP45) -> 27168.8 | AQ69: =SUM(AQ21,AQ45) -> 26709.9 | AR69: =SUM(AR21,AR45) -> 27337 | AS69: =SUM(AS21,AS45) -> 28301 | AT69: =SUM(AT21,AT45) -> 28023.2 | AU69: =SUM(AU21,AU45) -> 27609.3 | AV69: =SUM(AV21,AV45) -> 29701.4 | AW69: =SUM(AW21,AW45) -> 31037.6 | AX69: =SUM(AX21,AX45) -> 32517.3
A70: leasing receivables | B70: należności leasingowe | AP70: =SUM(AP22,AP46) -> 5209.2 | AQ70: =SUM(AQ22,AQ46) -> 5238.7 | AR70: =SUM(AR22,AR46) -> 5522.9 | AS70: =SUM(AS22,AS46) -> 5698.1 | AT70: =SUM(AT22,AT46) -> 5871.4 | AU70: =SUM(AU22,AU46) -> 6074.3 | AV70: =SUM(AV22,AV46) -> 6438.5 | AW70: =SUM(AW22,AW46) -> 6739.1 | AX70: =SUM(AX22,AX46) -> 7118.1
A71: factoring receivables | B71: należności faktoringowe | AP71: =SUM(AP23,AP47) -> 4350.4 | AQ71: =SUM(AQ23,AQ47) -> 4513.4 | AR71: =SUM(AR23,AR47) -> 4622.2 | AS71: =SUM(AS23,AS47) -> 4715.1 | AT71: =SUM(AT23,AT47) -> 4589 | AU71: =SUM(AU23,AU47) -> 4562.6 | AV71: =SUM(AV23,AV47) -> 4751.6 | AW71: =SUM(AW23,AW47) -> 4767 | AX71: =SUM(AX23,AX47) -> 4834.5
A72: corporate and municipal securities | B72: papiery wartościowe komercyjne i komunalne | AP72: =SUM(AP24,AP48) -> 2512.8 | AQ72: =SUM(AQ24,AQ48) -> 2444.1 | AR72: =SUM(AR24,AR48) -> 2289.1 | AS72: =SUM(AS24,AS48) -> 2240.3 | AT72: =SUM(AT24,AT48) -> 2532.1 | AU72: =SUM(AU24,AU48) -> 2306.7 | AV72: =SUM(AV24,AV48) -> 2089.1 | AW72: =SUM(AW24,AW48) -> 2239.9 | AX72: =SUM(AX24,AX48) -> 2809.3
A73: Retail banking segment | B73: Bankowość detaliczna | AP73: =SUM(AP74:AP77) -> 31113.5 | AQ73: =SUM(AQ74:AQ77) -> 32223.2 | AR73: =SUM(AR74:AR77) -> 33719.7 | AS73: =SUM(AS74:AS77) -> 35193.2 | AT73: =SUM(AT74:AT77) -> 36881.2 | AU73: =SUM(AU74:AU77) -> 38496 | AV73: =SUM(AV74:AV77) -> 40698.7 | AW73: =SUM(AW74:AW77) -> 42611.7 | AX73: =SUM(AX74:AX77) -> 44354.8
A74: mortgages | B74: kredyty i pożyczki hipoteczne | AP74: =SUM(AP26,AP50) -> 23284 | AQ74: =SUM(AQ26,AQ50) -> 23982.5 | AR74: =SUM(AR26,AR50) -> 24998.4 | AS74: =SUM(AS26,AS50) -> 26058.3 | AT74: =SUM(AT26,AT50) -> 27369.4 | AU74: =SUM(AU26,AU50) -> 28661.1 | AV74: =SUM(AV26,AV50) -> 30295.4 | AW74: =SUM(AW26,AW50) -> 31756.5 | AX74: =SUM(AX26,AX50) -> 33146.8
A75: loans in the current account | B75: kredyty w rachunku bieżącym | AP75: =SUM(AP27,AP51) -> 1143.9 | AQ75: =SUM(AQ27,AQ51) -> 1203.8 | AR75: =SUM(AR27,AR51) -> 1244.8 | AS75: =SUM(AS27,AS51) -> 1295.1 | AT75: =SUM(AT27,AT51) -> 1239.8 | AU75: =SUM(AU27,AU51) -> 1295.4 | AV75: =SUM(AV27,AV51) -> 1299.4 | AW75: =SUM(AW27,AW51) -> 1304.9 | AX75: =SUM(AX27,AX51) -> 1223.4
A76: leasing receivables | B76: należności leasingowe | AP76: =SUM(AP28,AP52) -> 501.4 | AQ76: =SUM(AQ28,AQ52) -> 535.4 | AR76: =SUM(AR28,AR52) -> 575.7 | AS76: =SUM(AS28,AS52) -> 629.3 | AT76: =SUM(AT28,AT52) -> 688.7 | AU76: =SUM(AU28,AU52) -> 750.7 | AV76: =SUM(AV28,AV52) -> 807.8 | AW76: =SUM(AW28,AW52) -> 869.2 | AX76: =SUM(AX28,AX52) -> 975.5
A77: other loans and advances | B77: pozostałe kredyty i pożyczki | AP77: =SUM(AP29,AP53) -> 6184.2 | AQ77: =SUM(AQ29,AQ53) -> 6501.5 | AR77: =SUM(AR29,AR53) -> 6900.8 | AS77: =SUM(AS29,AS53) -> 7210.5 | AT77: =SUM(AT29,AT53) -> 7583.3 | AU77: =SUM(AU29,AU53) -> 7788.8 | AV77: =SUM(AV29,AV53) -> 8296.1 | AW77: =SUM(AW29,AW53) -> 8681.1 | AX77: =SUM(AX29,AX53) -> 9009.1
A78: Other net receivables, including: | B78: Inne należności netto, w tym: | AP78: =SUM(AP79:AP82) -> 4345.9 | AQ78: =SUM(AQ79:AQ82) -> 4129.1 | AR78: =SUM(AR79:AR82) -> 4180.3 | AS78: =SUM(AS79:AS82) -> 4342.7 | AT78: =SUM(AT79:AT82) -> 4291.1 | AU78: =SUM(AU79:AU82) -> 747.2 | AV78: =SUM(AV79:AV82) -> 809 | AW78: =SUM(AW79:AW82) -> 791.1 | AX78: =SUM(AX79:AX82) -> 950.6
A79: Eurobonds (T-bonds) | B79: euroobligacje (obligacje Skarbu Państwa) | AP79: =SUM(AP31,AP55) -> 3910 | AQ79: =SUM(AQ31,AQ55) -> 3685.7 | AR79: =SUM(AR31,AR55) -> 3589.1 | AS79: =SUM(AS31,AS55) -> 3673.7 | AT79: =SUM(AT31,AT55) -> 3564.1 | AU79: =SUM(AU31,AU55) -> 0 | AV79: =SUM(AV31,AV55) -> 0 | AW79: =SUM(AW31,AW55) -> 0 | AX79: =SUM(AX31,AX55) -> 0
A80: complex call deposits | B80: złożone depozyty zabezpieczające typu call | AP80: =SUM(AP32,AP56) -> 329 | AQ80: =SUM(AQ32,AQ56) -> 324.6 | AR80: =SUM(AR32,AR56) -> 483.4 | AS80: =SUM(AS32,AS56) -> 521.2 | AT80: =SUM(AT32,AT56) -> 540.1 | AU80: =SUM(AU32,AU56) -> 603 | AV80: =SUM(AV32,AV56) -> 651.7 | AW80: =SUM(AW32,AW56) -> 612 | AX80: =SUM(AX32,AX56) -> 733
A81: receivables under repo transactions | B81: należności z tytułu transakcji z przyrzeczeniem odkupu | AP81: =SUM(AP33,AP57) -> 0 | AQ81: =SUM(AQ33,AQ57) -> 19.9 | AR81: =SUM(AR33,AR57) -> 20 | AS81: =SUM(AS33,AS57) -> 19.7 | AT81: =SUM(AT33,AT57) -> 19.8 | AU81: =SUM(AU33,AU57) -> 0 | AV81: =SUM(AV33,AV57) -> 0 | AW81: =SUM(AW33,AW57) -> 0 | AX81: =SUM(AX33,AX57) -> 0
A82: other receivables | B82: pozostałe należności | AP82: =SUM(AP34,AP58) -> 106.9 | AQ82: =SUM(AQ34,AQ58) -> 98.9 | AR82: =SUM(AR34,AR58) -> 87.8 | AS82: =SUM(AS34,AS58) -> 128.1 | AT82: =SUM(AT34,AT58) -> 167.1 | AU82: =SUM(AU34,AU58) -> 144.2 | AV82: =SUM(AV34,AV58) -> 157.3 | AW82: =SUM(AW34,AW58) -> 179.1 | AX82: =SUM(AX34,AX58) -> 217.6

Sheet Jakość portfela_Portf. quality
A2: Quality of loan portfolio under IFRS 9 | B2: Jakość portfela kredytowego wg MSSF 9 | C2: 2007 - N/A | G2: 2008 | K2: 2009 | O2: 2010 | S2: 2011 | W2: 2012 | AA2: 2013 | AE2: 2014 | AI2: 2015 | AM2: 2016 | AQ2: 2017 | AU2: 2018
C3: 1Q | D3: 2Q | E3: 3Q | F3: 4Q | G3: 1Q - N/A | H3: 2Q | I3: 3Q | J3: 4Q | K3: 1Q | L3: 2Q | M3: 3Q | N3: 4Q | O3: 1Q | P3: 2Q | Q3: 3Q | R3: 4Q | S3: 1Q | T3: 2Q | U3: 3Q | V3: 4Q | W3: 1Q | X3: 2Q | Y3: 3Q | Z3: 4Q | AA3: 1Q | AB3: 2Q | AC3: 3Q | AD3: 4Q | AE3: 1Q | AF3: 2Q | AG3: 3Q | AH3: 4Q | AI3: 1Q | AJ3: 2Q | AK3: 3Q | AL3: 4Q | AM3: 1Q | AN3: 2Q | AO3: 3Q | AP3: 4Q | AQ3: 1Q | AR3: 2Q | AS3: 3Q | AT3: 4Q | AU3: 1Q | AV3: 2Q | AW3: 3Q | AX3: 4Q
A4: (PLN million) | B4: (w mln zł)
A5: Corporate banking segment | B5: Działalność korporacyjna
A6: Gross amount | B6: Wartość brutto | C6: - | D6: - | E6: - | F6: - | G6: - | H6: - | I6: - | J6: - | K6: - | L6: - | M6: - | N6: - | O6: - | P6: - | Q6: - | R6: - | S6: - | T6: - | U6: - | V6: - | W6: - | X6: - | Y6: - | Z6: - | AA6: - | AB6: - | AC6: - | AD6: - | AE6: - | AF6: - | AG6: - | AH6: - | AI6: - | AJ6: - | AK6: - | AL6: - | AM6: - | AN6: - | AO6: - | AP6: - | AQ6: - | AR6: - | AS6: - | AT6: - | AU6: =SUM(AU7:AU9) -> 51942.5 | AV6: =SUM(AV7:AV9) -> 54179.2 | AW6: =SUM(AW7:AW9) -> 56859 | AX6: =SUM(AX7:AX9) -> 58863.5
A7: - assets in Stage 1 | B7: - aktywa w etapie 1 | C7: - | D7: - | E7: - | F7: - | G7: - | H7: - | I7: - | J7: - | K7: - | L7: - | M7: - | N7: - | O7: - | P7: - | Q7: - | R7: - | S7: - | T7: - | U7: - | V7: - | W7: - | X7: - | Y7: - | Z7: - | AA7: - | AB7: - | AC7: - | AD7: - | AE7: - | AF7: - | AG7: - | AH7: - | AI7: - | AJ7: - | AK7: - | AL7: - | AM7: - | AN7: - | AO7: - | AP7: - | AQ7: - | AR7: - | AS7: - | AT7: - | AU7: 45083.8 | AV7: 47295.4 | AW7: 49796.8 | AX7: 51733.2
A8: - assets in Stage 2 | B8: - aktywa w etapie 2 | C8: - | D8: - | E8: - | F8: - | G8: - | H8: - | I8: - | J8: - | K8: - | L8: - | M8: - | N8: - | O8: - | P8: - | Q8: - | R8: - | S8: - | T8: - | U8: - | V8: - | W8: - | X8: - | Y8: - | Z8: - | AA8: - | AB8: - | AC8: - | AD8: - | AE8: - | AF8: - | AG8: - | AH8: - | AI8: - | AJ8: - | AK8: - | AL8: - | AM8: - | AN8: - | AO8: - | AP8: - | AQ8: - | AR8: - | AS8: - | AT8: - | AU8: 4904.2 | AV8: 4870.4 | AW8: 4969.9 | AX8: 5038.9
A9: - assets in Stage 3 | B9: - aktywa w etapie 3 | C9: - | D9: - | E9: - | F9: - | G9: - | H9: - | I9: - | J9: - | K9: - | L9: - | M9: - | N9: - | O9: - | P9: - | Q9: - | R9: - | S9: - | T9: - | U9: - | V9: - | W9: - | X9: - | Y9: - | Z9: - | AA9: - | AB9: - | AC9: - | AD9: - | AE9: - | AF9: - | AG9: - | AH9: - | AI9: - | AJ9: - | AK9: - | AL9: - | AM9: - | AN9: - | AO9: - | AP9: - | AQ9: - | AR9: - | AS9: - | AT9: - | AU9: 1954.5 | AV9: 2013.4 | AW9: 2092.3 | AX9: 2091.4
A10: Impairment for expected losses | B10: Odpis z tytułu strat oczekiwanych | C10: - | D10: - | E10: - | F10: - | G10: - | H10: - | I10: - | J10: - | K10: - | L10: - | M10: - | N10: - | O10: - | P10: - | Q10: - | R10: - | S10: - | T10: - | U10: - | V10: - | W10: - | X10: - | Y10: - | Z10: - | AA10: - | AB10: - | AC10: - | AD10: - | AE10: - | AF10: - | AG10: - | AH10: - | AI10: - | AJ10: - | AK10: - | AL10: - | AM10: - | AN10: - | AO10: - | AP10: - | AQ10: - | AR10: - | AS10: - | AT10: - | AU10: =SUM(AU11:AU13) -> -1157.5 | AV10: =SUM(AV11:AV13) -> -1211.6 | AW10: =SUM(AW11:AW13) -> -1275.8 | AX10: =SUM(AX11:AX13) -> -1261.5
A11: - on assets in Stage 1 | B11: - na aktywa w etapie 1 | C11: - | D11: - | E11: - | F11: - | G11: - | H11: - | I11: - | J11: - | K11: - | L11: - | M11: - | N11: - | O11: - | P11: - | Q11: - | R11: - | S11: - | T11: - | U11: - | V11: - | W11: - | X11: - | Y11: - | Z11: - | AA11: - | AB11: - | AC11: - | AD11: - | AE11: - | AF11: - | AG11: - | AH11: - | AI11: - | AJ11: - | AK11: - | AL11: - | AM11: - | AN11: - | AO11: - | AP11: - | AQ11: - | AR11: - | AS11: - | AT11: - | AU11: -53.2 | AV11: -66.4 | AW11: -61.9 | AX11: -56
A12: - on assets in Stage 2 | B12: - na aktywa w etapie 2 | C12: - | D12: - | E12: - | F12: - | G12: - | H12: - | I12: - | J12: - | K12: - | L12: - | M12: - | N12: - | O12: - | P12: - | Q12: - | R12: - | S12: - | T12: - | U12: - | V12: - | W12: - | X12: - | Y12: - | Z12: - | AA12: - | AB12: - | AC12: - | AD12: - | AE12: - | AF12: - | AG12: - | AH12: - | AI12: - | AJ12: - | AK12: - | AL12: - | AM12: - | AN12: - | AO12: - | AP12: - | AQ12: - | AR12: - | AS12: - | AT12: - | AU12: -58.4 | AV12: -69.2 | AW12: -64.8 | AX12: -62.8
A13: - on assets in Stage 3 | B13: - na aktywa w etapie 3 | C13: - | D13: - | E13: - | F13: - | G13: - | H13: - | I13: - | J13: - | K13: - | L13: - | M13: - | N13: - | O13: - | P13: - | Q13: - | R13: - | S13: - | T13: - | U13: - | V13: - | W13: - | X13: - | Y13: - | Z13: - | AA13: - | AB13: - | AC13: - | AD13: - | AE13: - | AF13: - | AG13: - | AH13: - | AI13: - | AJ13: - | AK13: - | AL13: - | AM13: - | AN13: - | AO13: - | AP13: - | AQ13: - | AR13: - | AS13: - | AT13: - | AU13: -1045.9 | AV13: -1076 | AW13: -1149.1 | AX13: -1142.7
A14: Net amount | B14: Wartość netto | C14: - | D14: - | E14: - | F14: - | G14: - | H14: - | I14: - | J14: - | K14: - | L14: - | M14: - | N14: - | O14: - | P14: - | Q14: - | R14: - | S14: - | T14: - | U14: - | V14: - | W14: - | X14: - | Y14: - | Z14: - | AA14: - | AB14: - | AC14: - | AD14: - | AE14: - | AF14: - | AG14: - | AH14: - | AI14: - | AJ14: - | AK14: - | AL14: - | AM14: - | AN14: - | AO14: - | AP14: - | AQ14: - | AR14: - | AS14: - | AT14: - | AU14: =SUM(AU15:AU17) -> 50785 | AV14: =SUM(AV15:AV17) -> 52967.6 | AW14: =SUM(AW15:AW17) -> 55583.2 | AX14: =SUM(AX15:AX17) -> 57602
A15: - assets in Stage 1 | B15: - aktywa w etapie 1 | C15: - | D15: - | E15: - | F15: - | G15: - | H15: - | I15: - | J15: - | K15: - | L15: - | M15: - | N15: - | O15: - | P15: - | Q15: - | R15: - | S15: - | T15: - | U15: - | V15: - | W15: - | X15: - | Y15: - | Z15: - | AA15: - | AB15: - | AC15: - | AD15: - | AE15: - | AF15: - | AG15: - | AH15: - | AI15: - | AJ15: - | AK15: - | AL15: - | AM15: - | AN15: - | AO15: - | AP15: - | AQ15: - | AR15: - | AS15: - | AT15: - | AU15: =AU7+AU11 -> 45030.6 | AV15: =AV7+AV11 -> 47229 | AW15: =AW7+AW11 -> 49734.9 | AX15: =AX7+AX11 -> 51677.2
A16: - assets in Stage 2 | B16: - aktywa w etapie 2 | C16: - | D16: - | E16: - | F16: - | G16: - | H16: - | I16: - | J16: - | K16: - | L16: - | M16: - | N16: - | O16: - | P16: - | Q16: - | R16: - | S16: - | T16: - | U16: - | V16: - | W16: - | X16: - | Y16: - | Z16: - | AA16: - | AB16: - | AC16: - | AD16: - | AE16: - | AF16: - | AG16: - | AH16: - | AI16: - | AJ16: - | AK16: - | AL16: - | AM16: - | AN16: - | AO16: - | AP16: - | AQ16: - | AR16: - | AS16: - | AT16: - | AU16: =AU8+AU12 -> 4845.8 | AV16: =AV8+AV12 -> 4801.2 | AW16: =AW8+AW12 -> 4905.1 | AX16: =AX8+AX12 -> 4976.1
A17: - assets in Stage 3 | B17: - aktywa w etapie 3 | C17: - | D17: - | E17: - | F17: - | G17: - | H17: - | I17: - | J17: - | K17: - | L17: - | M17: - | N17: - | O17: - | P17: - | Q17: - | R17: - | S17: - | T17: - | U17: - | V17: - | W17: - | X17: - | Y17: - | Z17: - | AA17: - | AB17: - | AC17: - | AD17: - | AE17: - | AF17: - | AG17: - | AH17: - | AI17: - | AJ17: - | AK17: - | AL17: - | AM17: - | AN17: - | AO17: - | AP17: - | AQ17: - | AR17: - | AS17: - | AT17: - | AU17: =AU9+AU13 -> 908.6 | AV17: =AV9+AV13 -> 937.4 | AW17: =AW9+AW13 -> 943.2 | AX17: =AX9+AX13 -> 948.7
A19: Retail banking segment | B19: Działalność detaliczna
A20: Gross amount | B20: Wartość brutto | C20: - | D20: - | E20: - | F20: - | G20: - | H20: - | I20: - | J20: - | K20: - | L20: - | M20: - | N20: - | O20: - | P20: - | Q20: - | R20: - | S20: - | T20: - | U20: - | V20: - | W20: - | X20: - | Y20: - | Z20: - | AA20: - | AB20: - | AC20: - | AD20: - | AE20: - | AF20: - | AG20: - | AH20: - | AI20: - | AJ20: - | AK20: - | AL20: - | AM20: - | AN20: - | AO20: - | AP20: - | AQ20: - | AR20: - | AS20: - | AT20: - | AU20: =SUM(AU21:AU23) -> 39424.7 | AV20: =SUM(AV21:AV23) -> 41723.1 | AW20: =SUM(AW21:AW23) -> 43539.8 | AX20: =SUM(AX21:AX23) -> 45363.3
A21: - assets in Stage 1 | B21: - aktywa w etapie 1 | C21: - | D21: - | E21: - | F21: - | G21: - | H21: - | I21: - | J21: - | K21: - | L21: - | M21: - | N21: - | O21: - | P21: - | Q21: - | R21: - | S21: - | T21: - | U21: - | V21: - | W21: - | X21: - | Y21: - | Z21: - | AA21: - | AB21: - | AC21: - | AD21: - | AE21: - | AF21: - | AG21: - | AH21: - | AI21: - | AJ21: - | AK21: - | AL21: - | AM21: - | AN21: - | AO21: - | AP21: - | AQ21: - | AR21: - | AS21: - | AT21: - | AU21: 33565.2 | AV21: 35539.4 | AW21: 37281.2 | AX21: 38633
A22: - assets in Stage 2 | B22: - aktywa w etapie 2 | C22: - | D22: - | E22: - | F22: - | G22: - | H22: - | I22: - | J22: - | K22: - | L22: - | M22: - | N22: - | O22: - | P22: - | Q22: - | R22: - | S22: - | T22: - | U22: - | V22: - | W22: - | X22: - | Y22: - | Z22: - | AA22: - | AB22: - | AC22: - | AD22: - | AE22: - | AF22: - | AG22: - | AH22: - | AI22: - | AJ22: - | AK22: - | AL22: - | AM22: - | AN22: - | AO22: - | AP22: - | AQ22: - | AR22: - | AS22: - | AT22: - | AU22: 5072.9 | AV22: 5324.2 | AW22: 5505.3 | AX22: 5916.7
A23: - assets in Stage 3 | B23: - aktywa w etapie 3 | C23: - | D23: - | E23: - | F23: - | G23: - | H23: - | I23: - | J23: - | K23: - | L23: - | M23: - | N23: - | O23: - | P23: - | Q23: - | R23: - | S23: - | T23: - | U23: - | V23: - | W23: - | X23: - | Y23: - | Z23: - | AA23: - | AB23: - | AC23: - | AD23: - | AE23: - | AF23: - | AG23: - | AH23: - | AI23: - | AJ23: - | AK23: - | AL23: - | AM23: - | AN23: - | AO23: - | AP23: - | AQ23: - | AR23: - | AS23: - | AT23: - | AU23: 786.6 | AV23: 859.5 | AW23: 753.3 | AX23: 813.6
A24: Impairment for expected losses | B24: Odpis z tytułu strat oczekiwanych | C24: - | D24: - | E24: - | F24: - | G24: - | H24: - | I24: - | J24: - | K24: - | L24: - | M24: - | N24: - | O24: - | P24: - | Q24: - | R24: - | S24: - | T24: - | U24: - | V24: - | W24: - | X24: - | Y24: - | Z24: - | AA24: - | AB24: - | AC24: - | AD24: - | AE24: - | AF24: - | AG24: - | AH24: - | AI24: - | AJ24: - | AK24: - | AL24: - | AM24: - | AN24: - | AO24: - | AP24: - | AQ24: - | AR24: - | AS24: - | AT24: - | AU24: =SUM(AU25:AU27) -> -928.7 | AV24: =SUM(AV25:AV27) -> -1024.4 | AW24: =SUM(AW25:AW27) -> -928.1 | AX24: =SUM(AX25:AX27) -> -1008.5
A25: - on assets in Stage 1 | B25: - na aktywa w etapie 1 | C25: - | D25: - | E25: - | F25: - | G25: - | H25: - | I25: - | J25: - | K25: - | L25: - | M25: - | N25: - | O25: - | P25: - | Q25: - | R25: - | S25: - | T25: - | U25: - | V25: - | W25: - | X25: - | Y25: - | Z25: - | AA25: - | AB25: - | AC25: - | AD25: - | AE25: - | AF25: - | AG25: - | AH25: - | AI25: - | AJ25: - | AK25: - | AL25: - | AM25: - | AN25: - | AO25: - | AP25: - | AQ25: - | AR25: - | AS25: - | AT25: - | AU25: -57.4 | AV25: -67.7 | AW25: -65.1 | AX25: -58.2
A26: - on assets in Stage 2 | B26: - na aktywa w etapie 2 | C26: - | D26: - | E26: - | F26: - | G26: - | H26: - | I26: - | J26: - | K26: - | L26: - | M26: - | N26: - | O26: - | P26: - | Q26: - | R26: - | S26: - | T26: - | U26: - | V26: - | W26: - | X26: - | Y26: - | Z26: - | AA26: - | AB26: - | AC26: - | AD26: - | AE26: - | AF26: - | AG26: - | AH26: - | AI26: - | AJ26: - | AK26: - | AL26: - | AM26: - | AN26: - | AO26: - | AP26: - | AQ26: - | AR26: - | AS26: - | AT26: - | AU26: -285.1 | AV26: -314.4 | AW26: -331.4 | AX26: -362
A27: - on assets in Stage 3 | B27: - na aktywa w etapie 3 | C27: - | D27: - | E27: - | F27: - | G27: - | H27: - | I27: - | J27: - | K27: - | L27: - | M27: - | N27: - | O27: - | P27: - | Q27: - | R27: - | S27: - | T27: - | U27: - | V27: - | W27: - | X27: - | Y27: - | Z27: - | AA27: - | AB27: - | AC27: - | AD27: - | AE27: - | AF27: - | AG27: - | AH27: - | AI27: - | AJ27: - | AK27: - | AL27: - | AM27: - | AN27: - | AO27: - | AP27: - | AQ27: - | AR27: - | AS27: - | AT27: - | AU27: -586.2 | AV27: -642.3 | AW27: -531.6 | AX27: -588.3
A28: Net amount | B28: Wartość netto | C28: - | D28: - | E28: - | F28: - | G28: - | H28: - | I28: - | J28: - | K28: - | L28: - | M28: - | N28: - | O28: - | P28: - | Q28: - | R28: - | S28: - | T28: - | U28: - | V28: - | W28: - | X28: - | Y28: - | Z28: - | AA28: - | AB28: - | AC28: - | AD28: - | AE28: - | AF28: - | AG28: - | AH28: - | AI28: - | AJ28: - | AK28: - | AL28: - | AM28: - | AN28: - | AO28: - | AP28: - | AQ28: - | AR28: - | AS28: - | AT28: - | AU28: =SUM(AU29:AU31) -> 38496 | AV28: =SUM(AV29:AV31) -> 40698.7 | AW28: =SUM(AW29:AW31) -> 42611.7 | AX28: =SUM(AX29:AX31) -> 44354.8
A29: - assets in Stage 1 | B29: - aktywa w etapie 1 | C29: - | D29: - | E29: - | F29: - | G29: - | H29: - | I29: - | J29: - | K29: - | L29: - | M29: - | N29: - | O29: - | P29: - | Q29: - | R29: - | S29: - | T29: - | U29: - | V29: - | W29: - | X29: - | Y29: - | Z29: - | AA29: - | AB29: - | AC29: - | AD29: - | AE29: - | AF29: - | AG29: - | AH29: - | AI29: - | AJ29: - | AK29: - | AL29: - | AM29: - | AN29: - | AO29: - | AP29: - | AQ29: - | AR29: - | AS29: - | AT29: - | AU29: =AU21+AU25 -> 33507.8 | AV29: =AV21+AV25 -> 35471.7 | AW29: =AW21+AW25 -> 37216.1 | AX29: =AX21+AX25 -> 38574.8
A30: - assets in Stage 2 | B30: - aktywa w etapie 2 | C30: - | D30: - | E30: - | F30: - | G30: - | H30: - | I30: - | J30: - | K30: - | L30: - | M30: - | N30: - | O30: - | P30: - | Q30: - | R30: - | S30: - | T30: - | U30: - | V30: - | W30: - | X30: - | Y30: - | Z30: - | AA30: - | AB30: - | AC30: - | AD30: - | AE30: - | AF30: - | AG30: - | AH30: - | AI30: - | AJ30: - | AK30: - | AL30: - | AM30: - | AN30: - | AO30: - | AP30: - | AQ30: - | AR30: - | AS30: - | AT30: - | AU30: =AU22+AU26 -> 4787.8 | AV30: =AV22+AV26 -> 5009.8 | AW30: =AW22+AW26 -> 5173.9 | AX30: =AX22+AX26 -> 5554.7
A31: - assets in Stage 3 | B31: - aktywa w etapie 3 | C31: - | D31: - | E31: - | F31: - | G31: - | H31: - | I31: - | J31: - | K31: - | L31: - | M31: - | N31: - | O31: - | P31: - | Q31: - | R31: - | S31: - | T31: - | U31: - | V31: - | W31: - | X31: - | Y31: - | Z31: - | AA31: - | AB31: - | AC31: - | AD31: - | AE31: - | AF31: - | AG31: - | AH31: - | AI31: - | AJ31: - | AK31: - | AL31: - | AM31: - | AN31: - | AO31: - | AP31: - | AQ31: - | AR31: - | AS31: - | AT31: - | AU31: =AU23+AU27 -> 200.4 | AV31: =AV23+AV27 -> 217.2 | AW31: =AW23+AW27 -> 221.7 | AX31: =AX23+AX27 -> 225.3
A33: Total | B33: Ogółem
A34: Gross amount | B34: Wartość brutto | C34: - | D34: - | E34: - | F34: - | G34: - | H34: - | I34: - | J34: - | K34: - | L34: - | M34: - | N34: - | O34: - | P34: - | Q34: - | R34: - | S34: - | T34: - | U34: - | V34: - | W34: - | X34: - | Y34: - | Z34: - | AA34: - | AB34: - | AC34: - | AD34: - | AE34: - | AF34: - | AG34: - | AH34: - | AI34: - | AJ34: - | AK34: - | AL34: - | AM34: - | AN34: - | AO34: - | AP34: - | AQ34: - | AR34: - | AS34: - | AT34: - | AU34: =SUM(AU35:AU37) -> 91367.2 | AV34: =SUM(AV35:AV37) -> 95902.3 | AW34: =SUM(AW35:AW37) -> 100398.8 | AX34: =SUM(AX35:AX37) -> 104226.8
A35: - assets in Stage 1 | B35: - aktywa w etapie 1 | C35: - | D35: - | E35: - | F35: - | G35: - | H35: - | I35: - | J35: - | K35: - | L35: - | M35: - | N35: - | O35: - | P35: - | Q35: - | R35: - | S35: - | T35: - | U35: - | V35: - | W35: - | X35: - | Y35: - | Z35: - | AA35: - | AB35: - | AC35: - | AD35: - | AE35: - | AF35: - | AG35: - | AH35: - | AI35: - | AJ35: - | AK35: - | AL35: - | AM35: - | AN35: - | AO35: - | AP35: - | AQ35: - | AR35: - | AS35: - | AT35: - | AU35: =AU7+AU21 -> 78649 | AV35: =AV7+AV21 -> 82834.8 | AW35: =AW7+AW21 -> 87078 | AX35: =AX7+AX21 -> 90366.2
A36: - assets in Stage 2 | B36: - aktywa w etapie 2 | C36: - | D36: - | E36: - | F36: - | G36: - | H36: - | I36: - | J36: - | K36: - | L36: - | M36: - | N36: - | O36: - | P36: - | Q36: - | R36: - | S36: - | T36: - | U36: - | V36: - | W36: - | X36: - | Y36: - | Z36: - | AA36: - | AB36: - | AC36: - | AD36: - | AE36: - | AF36: - | AG36: - | AH36: - | AI36: - | AJ36: - | AK36: - | AL36: - | AM36: - | AN36: - | AO36: - | AP36: - | AQ36: - | AR36: - | AS36: - | AT36: - | AU36: =AU8+AU22 -> 9977.1 | AV36: =AV8+AV22 -> 10194.6 | AW36: =AW8+AW22 -> 10475.2 | AX36: =AX8+AX22 -> 10955.6
A37: - assets in Stage 3 | B37: - aktywa w etapie 3 | C37: - | D37: - | E37: - | F37: - | G37: - | H37: - | I37: - | J37: - | K37: - | L37: - | M37: - | N37: - | O37: - | P37: - | Q37: - | R37: - | S37: - | T37: - | U37: - | V37: - | W37: - | X37: - | Y37: - | Z37: - | AA37: - | AB37: - | AC37: - | AD37: - | AE37: - | AF37: - | AG37: - | AH37: - | AI37: - | AJ37: - | AK37: - | AL37: - | AM37: - | AN37: - | AO37: - | AP37: - | AQ37: - | AR37: - | AS37: - | AT37: - | AU37: =AU9+AU23 -> 2741.1 | AV37: =AV9+AV23 -> 2872.9 | AW37: =AW9+AW23 -> 2845.6 | AX37: =AX9+AX23 -> 2905
A38: Impairment for expected losses | B38: Odpis z tytułu strat oczekiwanych | C38: - | D38: - | E38: - | F38: - | G38: - | H38: - | I38: - | J38: - | K38: - | L38: - | M38: - | N38: - | O38: - | P38: - | Q38: - | R38: - | S38: - | T38: - | U38: - | V38: - | W38: - | X38: - | Y38: - | Z38: - | AA38: - | AB38: - | AC38: - | AD38: - | AE38: - | AF38: - | AG38: - | AH38: - | AI38: - | AJ38: - | AK38: - | AL38: - | AM38: - | AN38: - | AO38: - | AP38: - | AQ38: - | AR38: - | AS38: - | AT38: - | AU38: =SUM(AU39:AU41) -> -2086.2 | AV38: =SUM(AV39:AV41) -> -2236 | AW38: =SUM(AW39:AW41) -> -2203.9 | AX38: =SUM(AX39:AX41) -> -2270
A39: - on assets in Stage 1 | B39: - na aktywa w etapie 1 | C39: - | D39: - | E39: - | F39: - | G39: - | H39: - | I39: - | J39: - | K39: - | L39: - | M39: - | N39: - | O39: - | P39: - | Q39: - | R39: - | S39: - | T39: - | U39: - | V39: - | W39: - | X39: - | Y39: - | Z39: - | AA39: - | AB39: - | AC39: - | AD39: - | AE39: - | AF39: - | AG39: - | AH39: - | AI39: - | AJ39: - | AK39: - | AL39: - | AM39: - | AN39: - | AO39: - | AP39: - | AQ39: - | AR39: - | AS39: - | AT39: - | AU39: =AU11+AU25 -> -110.6 | AV39: =AV11+AV25 -> -134.1 | AW39: =AW11+AW25 -> -127 | AX39: =AX11+AX25 -> -114.2
A40: - on assets in Stage 2 | B40: - na aktywa w etapie 2 | C40: - | D40: - | E40: - | F40: - | G40: - | H40: - | I40: - | J40: - | K40: - | L40: - | M40: - | N40: - | O40: - | P40: - | Q40: - | R40: - | S40: - | T40: - | U40: - | V40: - | W40: - | X40: - | Y40: - | Z40: - | AA40: - | AB40: - | AC40: - | AD40: - | AE40: - | AF40: - | AG40: - | AH40: - | AI40: - | AJ40: - | AK40: - | AL40: - | AM40: - | AN40: - | AO40: - | AP40: - | AQ40: - | AR40: - | AS40: - | AT40: - | AU40: =AU12+AU26 -> -343.5 | AV40: =AV12+AV26 -> -383.6 | AW40: =AW12+AW26 -> -396.2 | AX40: =AX12+AX26 -> -424.8
A41: - on assets in Stage 3 | B41: - na aktywa w etapie 3 | C41: - | D41: - | E41: - | F41: - | G41: - | H41: - | I41: - | J41: - | K41: - | L41: - | M41: - | N41: - | O41: - | P41: - | Q41: - | R41: - | S41: - | T41: - | U41: - | V41: - | W41: - | X41: - | Y41: - | Z41: - | AA41: - | AB41: - | AC41: - | AD41: - | AE41: - | AF41: - | AG41: - | AH41: - | AI41: - | AJ41: - | AK41: - | AL41: - | AM41: - | AN41: - | AO41: - | AP41: - | AQ41: - | AR41: - | AS41: - | AT41: - | AU41: =AU13+AU27 -> -1632.1 | AV41: =AV13+AV27 -> -1718.3 | AW41: =AW13+AW27 -> -1680.7 | AX41: =AX13+AX27 -> -1731
A42: Net amount | B42: Wartość netto | C42: - | D42: - | E42: - | F42: - | G42: - | H42: - | I42: - | J42: - | K42: - | L42: - | M42: - | N42: - | O42: - | P42: - | Q42: - | R42: - | S42: - | T42: - | U42: - | V42: - | W42: - | X42: - | Y42: - | Z42: - | AA42: - | AB42: - | AC42: - | AD42: - | AE42: - | AF42: - | AG42: - | AH42: - | AI42: - | AJ42: - | AK42: - | AL42: - | AM42: - | AN42: - | AO42: - | AP42: - | AQ42: - | AR42: - | AS42: - | AT42: - | AU42: =SUM(AU43:AU45) -> 89281 | AV42: =SUM(AV43:AV45) -> 93666.3 | AW42: =SUM(AW43:AW45) -> 98194.9 | AX42: =SUM(AX43:AX45) -> 101956.8
A43: - assets in Stage 1 | B43: - aktywa w etapie 1 | C43: - | D43: - | E43: - | F43: - | G43: - | H43: - | I43: - | J43: - | K43: - | L43: - | M43: - | N43: - | O43: - | P43: - | Q43: - | R43: - | S43: - | T43: - | U43: - | V43: - | W43: - | X43: - | Y43: - | Z43: - | AA43: - | AB43: - | AC43: - | AD43: - | AE43: - | AF43: - | AG43: - | AH43: - | AI43: - | AJ43: - | AK43: - | AL43: - | AM43: - | AN43: - | AO43: - | AP43: - | AQ43: - | AR43: - | AS43: - | AT43: - | AU43: =AU15+AU29 -> 78538.4 | AV43: =AV15+AV29 -> 82700.7 | AW43: =AW15+AW29 -> 86951 | AX43: =AX15+AX29 -> 90252
A44: - assets in Stage 2 | B44: - aktywa w etapie 2 | C44: - | D44: - | E44: - | F44: - | G44: - | H44: - | I44: - | J44: - | K44: - | L44: - | M44: - | N44: - | O44: - | P44: - | Q44: - | R44: - | S44: - | T44: - | U44: - | V44: - | W44: - | X44: - | Y44: - | Z44: - | AA44: - | AB44: - | AC44: - | AD44: - | AE44: - | AF44: - | AG44: - | AH44: - | AI44: - | AJ44: - | AK44: - | AL44: - | AM44: - | AN44: - | AO44: - | AP44: - | AQ44: - | AR44: - | AS44: - | AT44: - | AU44: =AU16+AU30 -> 9633.6 | AV44: =AV16+AV30 -> 9811 | AW44: =AW16+AW30 -> 10079 | AX44: =AX16+AX30 -> 10530.8
A45: - assets in Stage 3 | B45: - aktywa w etapie 3 | C45: - | D45: - | E45: - | F45: - | G45: - | H45: - | I45: - | J45: - | K45: - | L45: - | M45: - | N45: - | O45: - | P45: - | Q45: - | R45: - | S45: - | T45: - | U45: - | V45: - | W45: - | X45: - | Y45: - | Z45: - | AA45: - | AB45: - | AC45: - | AD45: - | AE45: - | AF45: - | AG45: - | AH45: - | AI45: - | AJ45: - | AK45: - | AL45: - | AM45: - | AN45: - | AO45: - | AP45: - | AQ45: - | AR45: - | AS45: - | AT45: - | AU45: =AU17+AU31 -> 1109 | AV45: =AV17+AV31 -> 1154.6 | AW45: =AW17+AW31 -> 1164.9 | AX45: =AX17+AX31 -> 1174
A47: Share of assets in Stage 1 | B47: Udział aktywów w etapie 1 | C47: - | D47: - | E47: - | F47: - | G47: - | H47: - | I47: - | J47: - | K47: - | L47: - | M47: - | N47: - | O47: - | P47: - | Q47: - | R47: - | S47: - | T47: - | U47: - | V47: - | W47: - | X47: - | Y47: - | Z47: - | AA47: - | AB47: - | AC47: - | AD47: - | AE47: - | AF47: - | AG47: - | AH47: - | AI47: - | AJ47: - | AK47: - | AL47: - | AM47: - | AN47: - | AO47: - | AP47: - | AQ47: - | AR47: - | AS47: - | AT47: - | AU47: =AU35/AU34 -> 0.86080125 | AV47: =AV35/AV34 -> 0.86374154 | AW47: =AW35/AW34 -> 0.86732112 | AX47: =AX35/AX34 -> 0.86701501
A48: Share of assets in Stage 2 | B48: Udział aktywów w etapie 2 | C48: - | D48: - | E48: - | F48: - | G48: - | H48: - | I48: - | J48: - | K48: - | L48: - | M48: - | N48: - | O48: - | P48: - | Q48: - | R48: - | S48: - | T48: - | U48: - | V48: - | W48: - | X48: - | Y48: - | Z48: - | AA48: - | AB48: - | AC48: - | AD48: - | AE48: - | AF48: - | AG48: - | AH48: - | AI48: - | AJ48: - | AK48: - | AL48: - | AM48: - | AN48: - | AO48: - | AP48: - | AQ48: - | AR48: - | AS48: - | AT48: - | AU48: =AU36/AU34 -> 0.10919783 | AV48: =AV36/AV34 -> 0.10630193 | AW48: =AW36/AW34 -> 0.10433591 | AX48: =AX36/AX34 -> 0.10511308
A49: Share of assets in Stage 3 | B49: Udział aktywów w etapie 3 | C49: - | D49: - | E49: - | F49: - | G49: - | H49: - | I49: - | J49: - | K49: - | L49: - | M49: - | N49: - | O49: - | P49: - | Q49: - | R49: - | S49: - | T49: - | U49: - | V49: - | W49: - | X49: - | Y49: - | Z49: - | AA49: - | AB49: - | AC49: - | AD49: - | AE49: - | AF49: - | AG49: - | AH49: - | AI49: - | AJ49: - | AK49: - | AL49: - | AM49: - | AN49: - | AO49: - | AP49: - | AQ49: - | AR49: - | AS49: - | AT49: - | AU49: =AU37/AU34 -> 0.030000919 | AV49: =AV37/AV34 -> 0.029956529 | AW49: =AW37/AW34 -> 0.028342968 | AX49: =AX37/AX34 -> 0.02787191
A51: Coverage of assets in Stage 1 | B51: Pokrycie odpisem aktywów w etapie 1 | C51: - | D51: - | E51: - | F51: - | G51: - | H51: - | I51: - | J51: - | K51: - | L51: - | M51: - | N51: - | O51: - | P51: - | Q51: - | R51: - | S51: - | T51: - | U51: - | V51: - | W51: - | X51: - | Y51: - | Z51: - | AA51: - | AB51: - | AC51: - | AD51: - | AE51: - | AF51: - | AG51: - | AH51: - | AI51: - | AJ51: - | AK51: - | AL51: - | AM51: - | AN51: - | AO51: - | AP51: - | AQ51: - | AR51: - | AS51: - | AT51: - | AU51: =-AU39/AU35 -> 0.001406248 | AV51: =-AV39/AV35 -> 0.0016188848 | AW51: =-AW39/AW35 -> 0.0014584625 | AX51: =-AX39/AX35 -> 0.0012637468
A52: Coverage of assets in Stage 2 | B52: Pokrycie odpisem aktywów w etapie 2 | C52: - | D52: - | E52: - | F52: - | G52: - | H52: - | I52: - | J52: - | K52: - | L52: - | M52: - | N52: - | O52: - | P52: - | Q52: - | R52: - | S52: - | T52: - | U52: - | V52: - | W52: - | X52: - | Y52: - | Z52: - | AA52: - | AB52: - | AC52: - | AD52: - | AE52: - | AF52: - | AG52: - | AH52: - | AI52: - | AJ52: - | AK52: - | AL52: - | AM52: - | AN52: - | AO52: - | AP52: - | AQ52: - | AR52: - | AS52: - | AT52: - | AU52: =-AU40/AU36 -> 0.034428842 | AV52: =-AV40/AV36 -> 0.037627764 | AW52: =-AW40/AW36 -> 0.037822667 | AX52: =-AX40/AX36 -> 0.038774691
A53: Coverage of assets in Stage 3 | B53: Pokrycie odpisem aktywów w etapie 3 | C53: - | D53: - | E53: - | F53: - | G53: - | H53: - | I53: - | J53: - | K53: - | L53: - | M53: - | N53: - | O53: - | P53: - | Q53: - | R53: - | S53: - | T53: - | U53: - | V53: - | W53: - | X53: - | Y53: - | Z53: - | AA53: - | AB53: - | AC53: - | AD53: - | AE53: - | AF53: - | AG53: - | AH53: - | AI53: - | AJ53: - | AK53: - | AL53: - | AM53: - | AN53: - | AO53: - | AP53: - | AQ53: - | AR53: - | AS53: - | AT53: - | AU53: =-AU41/AU37 -> 0.5954179 | AV53: =-AV41/AV37 -> 0.59810644 | AW53: =-AW41/AW37 -> 0.59063115 | AX53: =-AX41/AX37 -> 0.59586919
A55: Comparable data pro-forma | B55: Dane porównywalne pro-forma
A56: Quality of portfolio of loans and advances under IAS 39 | B56: Jakość portfela kredytów i pożyczek wg MSR 39 | C56: 2007 - N/A | G56: 2008 | K56: 2009 | O56: 2010 | S56: 2011 | W56: 2012 | AA56: 2013 | AE56: 2014 | AI56: 2015 | AM56: 2016 | AQ56: 2017
C57: 1Q | D57: 2Q | E57: 3Q | F57: 4Q | G57: 1Q - N/A | H57: 2Q | I57: 3Q | J57: 4Q | K57: 1Q | L57: 2Q | M57: 3Q | N57: 4Q | O57: 1Q | P57: 2Q | Q57: 3Q | R57: 4Q | S57: 1Q | T57: 2Q | U57: 3Q | V57: 4Q | W57: 1Q | X57: 2Q | Y57: 3Q | Z57: 4Q | AA57: 1Q | AB57: 2Q | AC57: 3Q | AD57: 4Q | AE57: 1Q | AF57: 2Q | AG57: 3Q | AH57: 4Q | AI57: 1Q | AJ57: 2Q | AK57: 3Q | AL57: 4Q | AM57: 1Q | AN57: 2Q | AO57: 3Q | AP57: 4Q | AQ57: 1Q | AR57: 2Q | AS57: 3Q | AT57: 4Q
A58: (PLN million) | B58: (w mln zł)
A59: Corporate activity | B59: Działalność korporacyjna
A60: Exposure | B60: Zaangażowanie | H60: =H61+H62 -> 14090.5 | I60: =I61+I62 -> 15666.1 | J60: =J61+J62 -> 16997.1 | K60: =K61+K62 -> 17573.5 | L60: =L61+L62 -> 17136.9 | M60: =M61+M62 -> 16943.8 | N60: =N61+N62 -> 17604.6 | O60: =O61+O62 -> 17355.7 | ... AT60: =AT61+AT62 -> 51534.6
A61: - unimpaired (IBNR – incurred but not reported) | B61: - portfel bez przesłanki utraty wartości | H61: 13867.3 | I61: 15405.6 | J61: 16649.4 | K61: 16827.6 | L61: =16280.5+0.1 -> 16280.6 | M61: =16149.1+0.1 -> 16149.2 | N61: 16632.6 | O61: =16315.9+0.1 -> 16316 | P61: 16843.7 | Q61: =17914.1+0.2 -> 17914.3 | R61: =18405.8+0.1 -> 18405.9 | S61: =18727.7+0.1 -> 18727.8 | T61: =19803.8+0.3 -> 19804.1 | U61: =21189.2+0.1 -> 21189.3 | V61: =23323.9+0.1 -> 23324 | W61: 28645.9 | X61: =28547.8+0.1 -> 28547.9 | Y61: =28858.4+0.1 -> 28858.5 | Z61: =28500.4+0.3 -> 28500.7 | AA61: =28213.1+0.2 -> 28213.3 | AB61: =28757.2+0.1 -> 28757.3 | AC61: =29791.7+0.1 -> 29791.8 | AD61: =29663.1+0.1 -> 29663.2 | AE61: =31419-38.1+0.1 -> 31381 | AF61: =33338+0.1 -> 33338.1 | AG61: =34873.1+0.1 -> 34873.2 | AH61: =34981.4+0.1 -> 34981.5 | AI61: 35951.1 | AJ61: 39415.7 | AK61: 41800.2 | AL61: 41867.2 | AM61: 43220 | AN61: 44581.7 | AO61: 45644.6 | AP61: 46269.2 | AQ61: 47772.3 | AR61: 48785.2 | AS61: 50371.8 | AT61: 49737.7
A62: - impaired | B62: - portfel z przesłanką utraty wartości | H62: 223.2 | I62: 260.5 | J62: 347.7 | K62: 745.9 | L62: 856.3 | M62: 794.6 | N62: 972 | O62: 1039.7 | P62: 1046.6 | Q62: 1139.2 | R62: 1177.6 | S62: 1184.7 | T62: 1146.3 | U62: 1189.3 | V62: 1133.2 | W62: 1181.5 | X62: 1524.5 | Y62: 1524.3 | Z62: 1377.3 | AA62: 1497.1 | AB62: 1669 | AC62: 1711.2 | AD62: 1813.6 | AE62: =1878.5+38.1 -> 1916.6 | AF62: 1867.9 | AG62: 1856.3 | AH62: 1799.6 | AI62: 2127.5 | AJ62: 1886.5 | AK62: 1694.3 | AL62: 1726.2 | AM62: 1926 | AN62: 1665.9 | AO62: 1661.9 | AP62: 1538.1 | AQ62: 1571.5 | AR62: 1672 | AS62: 1728.9 | AT62: 1796.9
A63: Impairment losses and provisions | B63: Odpis aktualizujący z tytułu utraty wartości i rezerwy | H63: =SUM(H64:H66) -> 268.4 | I63: =SUM(I64:I66) -> 271.5 | J63: =SUM(J64:J66) -> 338.7 | K63: =SUM(K64:K66) -> 500.6 | L63: =SUM(L64:L66) -> 571.7 | M63: =SUM(M64:M66) -> 613.7 | N63: =SUM(N64:N66) -> 668.7 | O63: =SUM(O64:O66) -> 697.6 | ... AT63: =SUM(AT64:AT66) -> 1079.7
A64: - related to unimpaired portfolio | B64: - odpis dotyczący portfela bez przesłanki utraty wartości | H64: 77.3 | I64: 71.3 | J64: 71.2 | K64: 75.3 | L64: 84.6 | M64: 96.5 | N64: 77.2 | O64: 76 | P64: 72.7 | Q64: 70.3 | R64: 62.1 | S64: 56 | T64: 60.3 | U64: 65.9 | V64: 63 | W64: 79.4 | X64: 86.4 | Y64: 78.6 | Z64: 58 | AA64: 56.8 | AB64: 54.4 | AC64: 44.3 | AD64: 47.9 | AE64: 51.9 | AF64: 53.4 | AG64: 68.1 | AH64: 79.5 | AI64: 71.4 | AJ64: 72.1 | AK64: 85.9 | AL64: 79.2 | AM64: 74.1 | AN64: 78 | AO64: 68.5 | AP64: 70.2 | AQ64: 67.9 | AR64: 71.7 | AS64: 76.1 | AT64: 78.4
A65: - related to impaired portfolio | B65: - odpis dotyczący portfela z przesłanką utraty wartości | H65: 184.8 | I65: 192.9 | J65: 258.2 | K65: 408.8 | L65: 473.6 | M65: 502.3 | N65: 571.4 | O65: 604.2 | P65: 636.3 | Q65: 685.9 | R65: 712.6 | S65: 729.5 | T65: 728 | U65: 743.8 | V65: 663 | W65: 711.3 | X65: 773.5 | Y65: 828.9 | Z65: 895.5 | AA65: 905.6 | AB65: 945.7 | AC65: 978 | AD65: 1019.6 | AE65: 1061.8 | AF65: 1022 | AG65: 1043.2 | AH65: 1074.2 | AI65: 1117.6 | AJ65: 963.6 | AK65: 904.4 | AL65: 950.8 | AM65: 995.7 | AN65: 894.6 | AO65: 925.6 | AP65: 869.6 | AQ65: 884.5 | AR65: 861.8 | AS65: 913.9 | AT65: 960.7
A66: - provisions for off-balance sheet liabilities | B66: - rezerwy na zobowiązania pozabilansowe | H66: 6.3 | I66: 7.3 | J66: 9.3 | K66: 16.5 | L66: 13.5 | M66: 14.9 | N66: 20.1 | O66: 17.4 | P66: 17.6 | Q66: 9.2 | R66: 11.1 | S66: 9.9 | T66: 10.6 | U66: 9 | V66: 10.6 | W66: 14.9 | X66: 17.6 | Y66: 20 | Z66: 22.3 | AA66: 23.5 | AB66: 27.2 | AC66: 16.4 | AD66: 13.5 | AE66: 14 | AF66: 16.2 | AG66: 16.3 | AH66: 18.3 | AI66: 14.1 | AJ66: 13.8 | AK66: 14.5 | AL66: 26.1 | AM66: 32.6 | AN66: 32.7 | AO66: 30.5 | AP66: 22.5 | AQ66: 20.9 | AR66: 29.9 | AS66: 36.5 | AT66: 40.6
A68: Share of the impaired portfolio (%) | B68: Udział portfela zagrożonego utratą wartości bankowości korporacyjnej | H68: =H62/H60 -> 0.01584046 | I68: =I62/I60 -> 0.016628261 | J68: =J62/J60 -> 0.020456431 | K68: =K62/K60 -> 0.04244459 | L68: =L62/L60 -> 0.049968197 | M68: =M62/M60 -> 0.04689621 | N68: =N62/N60 -> 0.055212842 | O68: =O62/O60 -> 0.059905391 | ... AT68: =AT62/AT60 -> 0.034867836
A69: Impaired portfolio coverage ratio (%) | B69: Współczynnik pokrycia portfela zagrożonego utratą wartości | H69: =H65/H62 -> 0.82795699 | I69: =I65/I62 -> 0.74049904 | J69: =J65/J62 -> 0.74259419 | K69: =K65/K62 -> 0.54806274 | L69: =L65/L62 -> 0.55307719 | M69: =M65/M62 -> 0.63214196 | N69: =N65/N62 -> 0.58786008 | O69: =O65/O62 -> 0.58112917 | ... AT69: =AT65/AT62 -> 0.534643
A71: Retail activity | B71: Działalność detaliczna
A72: Exposure | B72: Zaangażowanie | H72: =H73+H74 -> 5723.8 | I72: =I73+I74 -> 6439.6 | J72: =J73+J74 -> 7300.9 | K72: =K73+K74 -> 8041 | L72: =L73+L74 -> 8639.8 | M72: =M73+M74 -> 9190.2 | N72: =N73+N74 -> 9756.8 | O72: =O73+O74 -> 10220.7 | ... AT72: =AT73+AT74 -> 37509
A73: - unimpaired (IBNR – incurred but not reported) | B73: - portfel bez przesłanki utraty wartości | H73: 5582.2 | I73: 6306.1 | J73: 7146.3 | K73: 7889 | L73: 8469.5 | M73: 9018.2 | N73: 9564.1 | O73: 9982.2 | P73: 10841.9 | Q73: 11323 | R73: 12264.8 | S73: 12736 | T73: 13432.4 | U73: 14140.6 | V73: 14589.1 | W73: 14837.9 | X73: 15370.2 | Y73: 15863.2 | Z73: 16114.3 | AA73: 16421.8 | AB73: 17092.2 | AC73: 17778.4 | AD73: 18004.5 | AE73: 18532 | AF73: 19363 | AG73: 20470.8 | AH73: 21389.6 | AI73: 22632.2 | AJ73: 24009.8 | AK73: 25032.9 | AL73: 25911.3 | AM73: 27254 | AN73: 29018.1 | AO73: 30084 | AP73: 31101.9 | AQ73: 32192.9 | AR73: 33687.5 | AS73: 35152.1 | AT73: 36809
A74: - impaired | B74: - portfel z przesłanką utraty wartości | H74: 141.6 | I74: 133.5 | J74: 154.6 | K74: 152 | L74: 170.3 | M74: 172 | N74: 192.7 | O74: 238.5 | P74: 262.2 | Q74: 291.3 | R74: 330 | S74: 340.2 | T74: 371.9 | U74: 400 | V74: 419.8 | W74: 440.6 | X74: 465 | Y74: 498.9 | Z74: 517.7 | AA74: 538.2 | AB74: 618.2 | AC74: 483.1 | AD74: 501 | AE74: 516.6 | AF74: 530.1 | AG74: 550.5 | AH74: 579.8 | AI74: 612.3 | AJ74: 631.7 | AK74: 519.1 | AL74: 542.2 | AM74: 507 | AN74: 545.1 | AO74: 497.8 | AP74: 538.7 | AQ74: 593.3 | AR74: 633.8 | AS74: 643.2 | AT74: 700
A75: Impairment losses and provisions | B75: Odpis aktualizujący z tytułu utraty wartości i rezerwy | H75: =SUM(H76:H78) -> 132.7 | I75: =SUM(I76:I78) -> 141.2 | J75: =SUM(J76:J78) -> 164.2 | K75: =SUM(K76:K78) -> 180.7 | L75: =SUM(L76:L78) -> 198.3 | M75: =SUM(M76:M78) -> 202.6 | N75: =SUM(N76:N78) -> 224.1 | O75: =SUM(O76:O78) -> 246 | ... AT75: =SUM(AT76:AT78) -> 633.1
A76: - related to unimpaired portfolio | B76: - dotyczący portfela bez przesłanki utraty wartości | H76: 28.5 | I76: 32.8 | J76: 44.9 | K76: 51.7 | L76: 56.6 | M76: 63.9 | N76: 75.9 | O76: 85.6 | P76: 88.1 | Q76: 92.2 | R76: 90.1 | S76: 98.4 | T76: 97.8 | U76: 98.7 | V76: 96.9 | W76: 95.9 | X76: 96.9 | Y76: 96 | Z76: 70.4 | AA76: 86.5 | AB76: 91.3 | AC76: 105.2 | AD76: 103.5 | AE76: 108.3 | AF76: 106.6 | AG76: 103.8 | AH76: 87.8 | AI76: 97.8 | AJ76: 101.5 | AK76: 106.5 | AL76: 101.7 | AM76: 103.3 | AN76: 99.7 | AO76: 104.1 | AP76: 141.9 | AQ76: 139.2 | AR76: 155.6 | AS76: 157 | AT76: 163.8
A77: - related to impaired portfolio | B77: - dotyczący portfela z przesłanką utraty wartości | H77: 104.2 | I77: 108.4 | J77: 119.3 | K77: 129 | L77: 141.7 | M77: 138.7 | N77: 148.2 | O77: 160.4 | P77: 170.9 | Q77: 188.7 | R77: 215.4 | S77: 236.5 | T77: 250.9 | U77: 270.9 | V77: 285.9 | W77: 305 | X77: 329.8 | Y77: 351.2 | Z77: 400.1 | AA77: 420.1 | AB77: 478.1 | AC77: 365.4 | AD77: 383.4 | AE77: 416.7 | AF77: 430.2 | AG77: 446.4 | AH77: 478.8 | AI77: 504.2 | AJ77: 524.5 | AK77: 408.1 | AL77: 414.2 | AM77: 382.8 | AN77: 407.3 | AO77: 355.5 | AP77: 385.3 | AQ77: 423.9 | AR77: 446 | AS77: 445 | AT77: 464
A78: - provisions for off-balance sheet liabilities | B78: - rezerwy na zobowiązania pozabilansowe | H78: 0 | I78: 0 | J78: 0 | K78: 0 | L78: 0 | M78: 0 | N78: 0 | O78: 0 | P78: 0 | Q78: 0 | R78: 0 | S78: 0 | T78: 0 | U78: 0 | V78: 0 | W78: 0 | X78: 0 | Y78: 0 | Z78: 0 | AA78: 0 | AB78: 0 | AC78: 0 | AD78: 0 | AE78: 0 | AF78: 0 | AG78: 0 | AH78: 0 | AI78: 0 | AJ78: 0.1 | AK78: 0.1 | AL78: 0 | AM78: 8.5 | AN78: 8.8 | AO78: 8.7 | AP78: 4.3 | AQ78: 4.3 | AR78: 4.9 | AS78: 4.9 | AT78: 5.3
A80: Share of the impaired portfolio (%) | B80: Udział portfela zagrożonego utratą wartości bankowości detalicznej | H80: =H74/H72 -> 0.02473881 | I80: =I74/I72 -> 0.020731101 | J80: =J74/J72 -> 0.021175472 | K80: =K74/K72 -> 0.018903122 | L80: =L74/L72 -> 0.019711104 | M80: =M74/M72 -> 0.018715588 | N80: =N74/N72 -> 0.019750328 | O80: =O74/O72 -> 0.023334997 | ... AT80: =AT74/AT72 -> 0.018662188
A81: Impaired portfolio coverage ratio (%) | B81: Współczynnik pokrycia portfela zagrożonego utratą wartości | H81: =H77/H74 -> 0.73587571 | I81: =I77/I74 -> 0.81198502 | J81: =J77/J74 -> 0.77166882 | K81: =K77/K74 -> 0.84868421 | L81: =L77/L74 -> 0.83206107 | M81: =M77/M74 -> 0.80639535 | N81: =N77/N74 -> 0.76907109 | O81: =O77/O74 -> 0.67253669 | ... AT81: =AT77/AT74 -> 0.66285714
A83: Total exposure | B83: Zaangażowanie ogółem | H83: =H60+H72 -> 19814.3 | I83: =I60+I72 -> 22105.7 | J83: =J60+J72 -> 24298 | K83: =K60+K72 -> 25614.5 | L83: =L60+L72 -> 25776.7 | M83: =M60+M72 -> 26134 | N83: =N60+N72 -> 27361.4 | O83: =O60+O72 -> 27576.4 | ... AT83: =AT60+AT72 -> 89043.6
A85: Impairment losses and total provisions, of which: | B85: Odpis aktualizujący z tytułu utraty wartości i rezerwy ogółem, w tym: | H85: =H86+H87 -> 401.1 | I85: =I86+I87 -> 412.7 | J85: =J86+J87 -> 502.9 | K85: =K86+K87 -> 681.3 | L85: =L86+L87 -> 770 | M85: =M86+M87 -> 816.3 | N85: =N86+N87 -> 892.8 | O85: =O86+O87 -> 943.6 | ... AT85: =AT86+AT87 -> 1712.8
A86: - impairment losses | B86: - odpis aktualizujący z tytułu utraty wartości | H86: =H64+H65+H76+H77 -> 394.8 | I86: =I64+I65+I76+I77 -> 405.4 | J86: =J64+J65+J76+J77 -> 493.6 | K86: =K64+K65+K76+K77 -> 664.8 | L86: =L64+L65+L76+L77 -> 756.5 | M86: =M64+M65+M76+M77 -> 801.4 | N86: =N64+N65+N76+N77 -> 872.7 | O86: =O64+O65+O76+O77 -> 926.2 | ... AT86: =AT64+AT65+AT76+AT77 -> 1666.9
A87: - provisions for off-balance sheet liabilities | B87: - rezerwy na zobowiązania pozabilansowe | H87: =H66+H78 -> 6.3 | I87: =I66+I78 -> 7.3 | J87: =J66+J78 -> 9.3 | K87: =K66+K78 -> 16.5 | L87: =L66+L78 -> 13.5 | M87: =M66+M78 -> 14.9 | N87: =N66+N78 -> 20.1 | O87: =O66+O78 -> 17.4 | ... AT87: =AT66+AT78 -> 45.9
A89: Total portfolio coverage ratio | B89: Współczynnik pokrycia portfela ogółem | H89: =H85/H83 -> 0.020242956 | I89: =I85/I83 -> 0.018669393 | J89: =J85/J83 -> 0.020697177 | K89: =K85/K83 -> 0.026598216 | L89: =L85/L83 -> 0.029871939 | M89: =M85/M83 -> 0.031235173 | N89: =N85/N83 -> 0.032629909 | O89: =O85/O83 -> 0.034217664 | ... AT89: =AT85/AT83 -> 0.019235521
A90: Share of the impaired portfolio (%) | B90: Udział portfela zagrożonego utratą wartości | H90: =(H74+H62)/H83 -> 0.018410946 | I90: =(I74+I62)/I83 -> 0.017823457 | J90: =(J74+J62)/J83 -> 0.020672483 | K90: =(K74+K62)/K83 -> 0.035054364 | L90: =(L74+L62)/L83 -> 0.039826665 | M90: =(M74+M62)/M83 -> 0.036986301 | N90: =(N74+N62)/N83 -> 0.042567266 | O90: =(O74+O62)/O83 -> 0.046351228 | ... AT90: =(AT74+AT62)/AT83 -> 0.028041319
A91: Impaired portfolio coverage ratio (%) | B91: Współczynnik pokrycia portfela zagrożonego utratą wartości | H91: =(H77+H65)/(H74+H62) -> 0.79221491 | I91: =(I77+I65)/(I74+I62) -> 0.76472081 | J91: =(J77+J65)/(J74+J62) -> 0.7515429 | K91: =(K77+K65)/(K74+K62) -> 0.59895311 | L91: =(L77+L65)/(L74+L62) -> 0.5993571 | M91: =(M77+M65)/(M74+M62) -> 0.66314918 | N91: =(N77+N65)/(N74+N62) -> 0.6178415 | O91: =(O77+O65)/(O74+O62) -> 0.59818495 | ... AT91: =(AT77+AT65)/(AT74+AT62) -> 0.57058753

Sheet Aktywa finans_Financial assets
A1: Comparable data pro-forma | B1: Dane porównywalne pro-forma
A2: Financial assets | B2: Aktywa finansowe | C2: 2007 | G2: 2008 | K2: 2009 | O2: 2010 | S2: 2011 | W2: 2012 | AA2: 2013 | AE2: 2014 | AI2: 2015 | AM2: 2016 | AQ2: 2017 | AU2: 2018
C3: 1Q | D3: 2Q | E3: 3Q | F3: 4Q | G3: 1Q | H3: 2Q | I3: 3Q | J3: 4Q | K3: 1Q | L3: 2Q | M3: 3Q | N3: 4Q | O3: 1Q | P3: 2Q | Q3: 3Q | R3: 4Q | S3: 1Q | T3: 2Q | U3: 3Q | V3: 4Q | W3: 1Q | X3: 2Q | Y3: 3Q | Z3: 4Q | AA3: 1Q | AB3: 2Q | AC3: 3Q | AD3: 4Q | AE3: 1Q | AF3: 2Q | AG3: 3Q | AH3: 4Q | AI3: 1Q | AJ3: 2Q | AK3: 3Q | AL3: 4Q | AM3: 1Q | AN3: 2Q | AO3: 3Q | AP3: 4Q | AQ3: 1Q | AR3: 2Q | AS3: 3Q | AT3: 4Q | AU3: 1Q | AV3: 2Q | AW3: 3Q | AX3: 4Q
A4: (PLN million) | B4: (w mln zł)
A5: Financial assets held for trading, of which: | B5: Aktywa finansowe przeznaczone do obrotu, w tym:
A6: - valuation of derivatives | B6: - wycena instrumentów pochodnych | C6: 893.8 | D6: 849.7 | E6: 1144.2 | F6: 1651 | G6: 2061.5 | H6: 2185.9 | I6: 1621.6 | J6: 4579.8 | K6: 5167.4 | L6: 3242 | M6: 1953.3 | N6: 1566.7 | O6: 1408.3 | P6: 1755.7 | Q6: 1527.9 | R6: 1158.9 | S6: 879.1 | T6: 912.6 | U6: 1782 | V6: 1858.4 | W6: 1293.9 | X6: 1235.1 | Y6: 1524.7 | Z6: 1822.1 | AA6: 1572.1 | AB6: 1519.3 | AC6: 1329.4 | AD6: 1471.4 | AE6: 1352.4 | AF6: 1467.4 | AG6: 1998.5 | AH6: 2412.3 | AI6: 2608 | AJ6: 1949.8 | AK6: 1947.2 | AL6: 1990.9 | AM6: 1613.8 | AN6: 1320.5 | AO6: 1124.9 | AP6: 1117.1 | AQ6: 1210.6 | AR6: 1029.7 | AS6: 828.5 | AT6: 784.8 | AU6: 647.7 | AV6: 677.1 | AW6: 528.7 | AX6: 509.7
A7: - debt instruments | B7: - instrumenty dłużne | C7: 9032.9 | D7: 4323.5 | E7: 5318.4 | F7: 4373.2 | G7: 4973.9 | H7: 4814 | I7: 7100.1 | J7: 6115.9 | K7: 10762.5 | L7: 9937.6 | M7: 11558.9 | N7: 7531.5 | O7: 3424.4 | P7: 904.7 | Q7: 2652.4 | R7: 489.9 | S7: 362.5 | T7: 431.1 | U7: 319.5 | V7: 444.7 | W7: 853.7 | X7: 412.4 | Y7: 994 | Z7: 507.6 | AA7: 1034.7 | AB7: 1405.7 | AC7: 1056.7 | AD7: 1276.3 | AE7: 1768.5 | AF7: 2565.5 | AG7: 1073.6 | AH7: 1409.8 | AI7: 2068.3 | AJ7: 1740.5 | AK7: 2411.8 | AL7: 964.3 | AM7: 2067.7 | AN7: 1847.3 | AO7: 1617.3 | AP7: 2805.2 | AQ7: 1470.6 | AR7: 2676.6 | AS7: 1392.8 | AT7: 469.5 | AU7: 596 | AV7: 1356.9 | AW7: 742 | AX7: 1201.9
A8: - repo transactions | B8: - transakcje z przyrzeczeniem odkupu | C8: 0 | D8: 0 | E8: 0 | F8: 0 | G8: 0 | H8: 0 | I8: 0 | J8: 0 | K8: 0 | L8: 0 | M8: 0 | N8: 0 | O8: 0 | P8: 0 | Q8: 0 | R8: 0 | S8: 0 | T8: 0 | U8: 0 | V8: 0 | W8: 0 | X8: 0 | Y8: 0 | Z8: 0 | AA8: 0 | AB8: 651.7 | AC8: 547 | AD8: 675.1 | AE8: 931.8 | AF8: 338.2 | AG8: 381.8 | AH8: 447 | AI8: 577.4 | AJ8: 15.1 | AK8: 357.4 | AL8: 162.8 | AM8: 0 | AN8: 0 | AO8: 0 | AP8: 21.6 | AQ8: 34.6 | AR8: 0 | AS8: 22.4 | AT8: 60.5 | AU8: 19.9 | AV8: 0 | AW8: 0 | AX8: 0
A9: - equity instruments | B9: - instrumenty kapitałowe | C9: 11.2 | D9: 2.1 | E9: 0.7 | F9: 38.5 | G9: 23.1 | H9: 2.1 | I9: 4.9 | J9: 1 | K9: 12.1 | L9: 1.1 | M9: 1.9 | N9: 2.1 | O9: 21.2 | P9: 7.3 | Q9: 15.1 | R9: 22.9 | S9: 25.2 | T9: 5 | U9: 7.8 | V9: 0 | W9: 0 | X9: 0 | Y9: 0 | Z9: 0 | AA9: 0 | AB9: 0 | AC9: 0 | AD9: 0 | AE9: 0 | AF9: 0 | AG9: 0 | AH9: 0 | AI9: 0 | AJ9: 0 | AK9: 0 | AL9: 0 | AM9: 0 | AN9: 0 | AO9: 0 | AP9: 0 | AQ9: 0 | AR9: 0 | AS9: 0 | AT9: 0 | AU9: 0 | AV9: 0 | AW9: 0 | AX9: 0
A10: - financial assets designated as at fair value upon initial recognition, of which: | B10: - aktywa finansowe desygnowane do wyceny do wartości godziwej przy początkowym ujęciu, w tym: | C10: 1177 | D10: 1822.7 | E10: 1780.6 | F10: 1844.8 | G10: 4180.2 | H10: 4158.1 | I10: 4091.3 | J10: 4431.9 | K10: 1202.8 | L10: 883.4 | M10: 616.9 | N10: 734.1 | O10: 312.8 | P10: 539.5 | Q10: 1278.2 | R10: 146.8 | S10: 189.2 | T10: 136.4 | U10: 793.2 | V10: 194.9 | W10: 572 | X10: 379.1 | Y10: 528.6 | Z10: 1047 | AA10: 377.4 | AB10: 0 | AC10: 0 | AD10: 0 | AE10: 0 | AF10: 0 | AG10: 0 | AH10: 0 | AI10: 0 | AJ10: 0 | AK10: 0 | AL10: 0 | AM10: 0 | AN10: 0 | AO10: 0 | AP10: 0 | AQ10: 0 | AR10: 0 | AS10: 0 | AT10: 0 | AU10: 0 | AV10: 0 | AW10: 0 | AX10: 0
A11: - debt instruments | B11: - instrumenty dłużne | C11: 690.3 | D11: 1035.8 | E11: 1514.7 | F11: 1513.2 | G11: 1587.6 | H11: 1432.4 | I11: 1576.6 | J11: 1822.7 | K11: 205.2 | L11: 203.6 | M11: 199.8 | N11: 186.5 | O11: 185.5 | P11: 191.8 | Q11: 188.3 | R11: 61.2 | S11: 62.6 | T11: 62.5 | U11: 0 | V11: 0 | W11: 414.5 | X11: 0 | Y11: 0 | Z11: 0 | AA11: 0 | AB11: 0 | AC11: 0 | AD11: 0 | AE11: 0 | AF11: 0 | AG11: 0 | AH11: 0 | AI11: 0 | AJ11: 0 | AK11: 0 | AL11: 0 | AM11: 0 | AN11: 0 | AO11: 0 | AP11: 0 | AQ11: 0 | AR11: 0 | AS11: 0 | AT11: 0 | AU11: 0 | AV11: 0 | AW11: 0 | AX11: 0
A12: - buy-sell-back transactions | B12: - transakcje z przyrzeczeniem odkupu (buy-sell-back) | C12: 486.7 | D12: 786.9 | E12: 265.9 | F12: 331.6 | G12: 358.3 | H12: 255 | I12: 369.7 | J12: 362.5 | K12: 997.6 | L12: 679.8 | M12: 417.1 | N12: 547.6 | O12: 127.3 | P12: 347.7 | Q12: 1089.9 | R12: 85.6 | S12: 126.6 | T12: 73.9 | U12: 793.2 | V12: 194.9 | W12: 157.5 | X12: 379.1 | Y12: 528.6 | Z12: 1047 | AA12: 377.4 | AB12: 0 | AC12: 0 | AD12: 0 | AE12: 0 | AF12: 0 | AG12: 0 | AH12: 0 | AI12: 0 | AJ12: 0 | AK12: 0 | AL12: 0 | AM12: 0 | AN12: 0 | AO12: 0 | AP12: 0 | AQ12: 0 | AR12: 0 | AS12: 0 | AT12: 0 | AU12: 0 | AV12: 0 | AW12: 0 | AX12: 0
A13: - deposits | B13: - lokaty | C13: 0 | D13: 0 | E13: 0 | F13: 0 | G13: 2234.3 | H13: 2470.7 | I13: 2145 | J13: 2246.7 | K13: 0 | L13: 0 | M13: 0 | N13: 0 | O13: 0 | P13: 0 | Q13: 0 | R13: 0 | S13: 0 | T13: 0 | U13: 0 | V13: 0 | W13: 0 | X13: 0 | Y13: 0 | Z13: 0 | AA13: 0 | AB13: 0 | AC13: 0 | AD13: 0 | AE13: 0 | AF13: 0 | AG13: 0 | AH13: 0 | AI13: 0 | AJ13: 0 | AK13: 0 | AL13: 0 | AM13: 0 | AN13: 0 | AO13: 0 | AP13: 0 | AQ13: 0 | AR13: 0 | AS13: 0 | AT13: 0 | AU13: 0 | AV13: 0 | AW13: 0 | AX13: 0
A14: Total financial assets held for trading | B14: Razem aktywa finansowe przeznaczone do obrotu | C14: =SUM(C6:C10) -> 11114.9 | D14: =SUM(D6:D10) -> 6998 | E14: =SUM(E6:E10) -> 8243.9 | F14: =SUM(F6:F10) -> 7907.5 | G14: =SUM(G6:G10) -> 11238.7 | H14: =SUM(H6:H10) -> 11160.1 | I14: =SUM(I6:I10) -> 12817.9 | J14: =SUM(J6:J10) -> 15128.6 | ... AX14: =SUM(AX6:AX10) -> 1711.6
A16: Measured at fair value through other comprehensive income, including: | B16: Wyceniane do wartości godziwiej przez inne całkowite dochody, w tym: | C16: - | D16: - | E16: - | F16: - | G16: - | H16: - | I16: - | J16: - | K16: - | L16: - | M16: - | N16: - | O16: - | P16: - | Q16: - | R16: - | S16: - | T16: - | U16: - | V16: - | W16: - | X16: - | Y16: - | Z16: - | AA16: - | AB16: - | AC16: - | AD16: - | AE16: - | AF16: - | AG16: - | AH16: - | AI16: - | AJ16: - | AK16: - | AL16: - | AM16: - | AN16: - | AO16: - | AP16: - | AQ16: - | AR16: - | AS16: - | AT16: - | AU16: =AU17+AU18 -> 17011.2 | AV16: =AV17+AV18 -> 16532.7 | AW16: =AW17+AW18 -> 16725.2 | AX16: =AX17+AX18 -> 20077.3
A17: - debt instruments | B17: - instrumenty dłużne | C17: - | D17: - | E17: - | F17: - | G17: - | H17: - | I17: - | J17: - | K17: - | L17: - | M17: - | N17: - | O17: - | P17: - | Q17: - | R17: - | S17: - | T17: - | U17: - | V17: - | W17: - | X17: - | Y17: - | Z17: - | AA17: - | AB17: - | AC17: - | AD17: - | AE17: - | AF17: - | AG17: - | AH17: - | AI17: - | AJ17: - | AK17: - | AL17: - | AM17: - | AN17: - | AO17: - | AP17: - | AQ17: - | AR17: - | AS17: - | AT17: - | AU17: 16935.8 | AV17: 16455.3 | AW17: 16647.9 | AX17: 19994
A18: - equity instruments | B18: - instrumenty kapitałowe | C18: - | D18: - | E18: - | F18: - | G18: - | H18: - | I18: - | J18: - | K18: - | L18: - | M18: - | N18: - | O18: - | P18: - | Q18: - | R18: - | S18: - | T18: - | U18: - | V18: - | W18: - | X18: - | Y18: - | Z18: - | AA18: - | AB18: - | AC18: - | AD18: - | AE18: - | AF18: - | AG18: - | AH18: - | AI18: - | AJ18: - | AK18: - | AL18: - | AM18: - | AN18: - | AO18: - | AP18: - | AQ18: - | AR18: - | AS18: - | AT18: - | AU18: 75.4 | AV18: 77.4 | AW18: 77.3 | AX18: 83.3
A19: Measured at amortised cost, including: | B19: Wyceniane wg zamortyzowanego kosztu, w tym: | C19: - | D19: - | E19: - | F19: - | G19: - | H19: - | I19: - | J19: - | K19: - | L19: - | M19: - | N19: - | O19: - | P19: - | Q19: - | R19: - | S19: - | T19: - | U19: - | V19: - | W19: - | X19: - | Y19: - | Z19: - | AA19: - | AB19: - | AC19: - | AD19: - | AE19: - | AF19: - | AG19: - | AH19: - | AI19: - | AJ19: - | AK19: - | AL19: - | AM19: - | AN19: - | AO19: - | AP19: - | AQ19: - | AR19: - | AS19: - | AT19: - | AU19: =SUM(AU20) -> 12124.5 | AV19: =SUM(AV20) -> 12144.3 | AW19: =SUM(AW20) -> 12098.2 | AX19: =SUM(AX20) -> 11860
A20: - debt instruments | B20: - instrumenty dłużne | C20: - | D20: - | E20: - | F20: - | G20: - | H20: - | I20: - | J20: - | K20: - | L20: - | M20: - | N20: - | O20: - | P20: - | Q20: - | R20: - | S20: - | T20: - | U20: - | V20: - | W20: - | X20: - | Y20: - | Z20: - | AA20: - | AB20: - | AC20: - | AD20: - | AE20: - | AF20: - | AG20: - | AH20: - | AI20: - | AJ20: - | AK20: - | AL20: - | AM20: - | AN20: - | AO20: - | AP20: - | AQ20: - | AR20: - | AS20: - | AT20: - | AU20: 12124.5 | AV20: 12144.3 | AW20: 12098.2 | AX20: 11860
A21: Available-for-sale financial assets, of which: | B21: Aktywa finansowe dostępne do sprzedaży, w tym: | C21: =C22+C23 -> 12001.7 | D21: =D22+D23 -> 9593.8 | E21: =E22+E23 -> 8529.2 | F21: =F22+F23 -> 8547.5 | G21: =G22+G23 -> 10159.7 | H21: =H22+H23 -> 10816.2 | I21: =I22+I23 -> 12385.2 | J21: =J22+J23 -> 10739.1 | ... AT21: =AT22+AT23 -> 17556.9 | AU21: - | AV21: - | AW21: - | AX21: -
A22: - debt instruments | B22: - instrumenty dłużne | C22: 11986.7 | D22: 9572.4 | E22: 8510.6 | F22: 8524.2 | G22: 10137.1 | H22: 10811.8 | I22: 12374.6 | J22: 10730.5 | K22: 8507.7 | L22: 8323 | M22: 6939.8 | N22: 6783 | O22: 14800.8 | P22: 14273.5 | Q22: 12185.7 | R22: 16740.5 | S22: 17218.7 | T22: 18950.3 | U22: 17350.3 | V22: 15437.7 | W22: 11736.1 | X22: 10278.2 | Y22: 13516.3 | Z22: 17863.8 | AA22: 17983.1 | AB22: 20230.6 | AC22: 19766.9 | AD22: 19466.3 | AE22: 20970.9 | AF22: 22064.1 | AG22: 23166.3 | AH22: 22815.3 | AI22: 22138.4 | AJ22: 22527 | AK22: 21971.8 | AL22: 20494.9 | AM22: 21768.6 | AN22: 23360.3 | AO22: 22749.5 | AP22: 20508.4 | AQ22: 20273 | AR22: 17332 | AS22: 17343.6 | AT22: 17551.6 | AU22: - | AV22: - | AW22: - | AX22: -
A23: - equity instruments | B23: - instrumenty kapitałowe | C23: 15 | D23: 21.4 | E23: 18.6 | F23: 23.3 | G23: 22.6 | H23: 4.4 | I23: 10.6 | J23: 8.6 | K23: 9.8 | L23: 6.5 | M23: 51 | N23: 52.9 | O23: 52 | P23: 50.2 | Q23: 54.2 | R23: 48.3 | S23: 48.1 | T23: 47.8 | U23: 29.3 | V23: 30.7 | W23: 29 | X23: 20.8 | Y23: 19.8 | Z23: 17.3 | AA23: 20.8 | AB23: 26.1 | AC23: 27.1 | AD23: 27.3 | AE23: 24 | AF23: 26.3 | AG23: 24.3 | AH23: 14 | AI23: 13.5 | AJ23: 13.7 | AK23: 5.3 | AL23: 183.2 | AM23: 183.5 | AN23: 41.5 | AO23: 44.6 | AP23: 48.8 | AQ23: 52 | AR23: 5.4 | AS23: 5.3 | AT23: 5.3 | AU23: - | AV23: - | AW23: - | AX23: -
A24: Held-to-maturity financial assets, of which: | B24: Aktywa finansowe utrzymywane do terminu wymagalności, w tym: | C24: =SUM(C25) -> 0 | D24: =SUM(D25) -> 0 | E24: =SUM(E25) -> 620.7 | F24: =SUM(F25) -> 840.8 | G24: =SUM(G25) -> 3773.7 | H24: =SUM(H25) -> 6185 | I24: =SUM(I25) -> 7325.5 | J24: =SUM(J25) -> 7311.8 | ... AT24: =SUM(AT25) -> 8350.5 | AU24: - | AV24: - | AW24: - | AX24: -
A25: - debt instruments | B25: - instrumenty dłużne | C25: 0 | D25: 0 | E25: 620.7 | F25: 840.8 | G25: 3773.7 | H25: 6185 | I25: 7325.5 | J25: 7311.8 | K25: 7384.4 | L25: 7238.7 | M25: 7343.7 | N25: 7330.4 | O25: 6786.9 | P25: 6685 | Q25: 6496.5 | R25: 6218 | S25: 6307.3 | T25: 4949.4 | U25: 5016.7 | V25: 4982.3 | W25: 5054.7 | X25: 3518.5 | Y25: 0 | Z25: 0 | AA25: 0 | AB25: 0 | AC25: 0 | AD25: 0 | AE25: 0 | AF25: 0 | AG25: 0 | AH25: 0 | AI25: 1717.8 | AJ25: 1726.9 | AK25: 2333.2 | AL25: 2800.7 | AM25: 3119.9 | AN25: 4359.2 | AO25: 4549.9 | AP25: 5164.1 | AQ25: 6244.7 | AR25: 7090.2 | AS25: 7097.2 | AT25: 8350.5 | AU25: - | AV25: - | AW25: - | AX25: -
A26: Total investment securities | B26: Razem inwestycyjne papiery wartościowe | C26: =C21+C24 -> 12001.7 | D26: =D21+D24 -> 9593.8 | E26: =E21+E24 -> 9149.9 | F26: =F21+F24 -> 9388.3 | G26: =G21+G24 -> 13933.4 | H26: =H21+H24 -> 17001.2 | I26: =I21+I24 -> 19710.7 | J26: =J21+J24 -> 18050.9 | ... AT26: =AT21+AT24 -> 25907.4 | AU26: =AU16+AU19 -> 29135.7 | AV26: =AV16+AV19 -> 28677 | AW26: =AW16+AW19 -> 28823.4 | AX26: =AX16+AX19 -> 31937.3

Sheet Depozyty_Deposits
A2: Comparable data pro-forma | B2: Dane porównywalne pro-forma
A3: Liabilities due to customers | B3: Zobowiązania wobec klientów | AP3: 2016 | AQ3: 2017 | AU3: 2018
AP4: 4Q | AQ4: 1Q | AR4: 2Q | AS4: 3Q | AT4: 4Q | AU4: 1Q | AV4: 2Q | AW4: 3Q | AX4: 4Q
A5: (PLN million) | B5: (w mln zł)
A6: Liabilities to customers, including: | B6: Zobowiązania wobec klientów, w tym: | AP6: =SUM(AP8,AP22) -> 95825.4 | AQ6: =SUM(AQ8,AQ22) -> 96620.7 | AR6: =SUM(AR8,AR22) -> 97708.8 | AS6: =SUM(AS8,AS22) -> 98459.8 | AT6: =SUM(AT8,AT22) -> 104503.3 | AU6: =SUM(AU8,AU22) -> 104662.1 | AV6: =SUM(AV8,AV22) -> 109174.1 | AW6: =SUM(AW8,AW22) -> 110205 | AX6: =SUM(AX8,AX22) -> 117682.5
A8: Deposits, including: | B8: Depozyty, w tym: | AP8: =SUM(AP9:AP11) -> 94048.4 | AQ8: =SUM(AQ9:AQ11) -> 95064.1 | AR8: =SUM(AR9:AR11) -> 95954.1 | AS8: =SUM(AS9:AS11) -> 96941 | AT8: =SUM(AT9:AT11) -> 102849.1 | AU8: =SUM(AU9:AU11) -> 102782.3 | AV8: =SUM(AV9:AV11) -> 107467.7 | AW8: =SUM(AW9:AW11) -> 108530.5 | AX8: =SUM(AX9:AX11) -> 115908
A9: Households | B9: Gospodarstwa domowe | AP9: 63548 | AQ9: 64744 | AR9: 65081.1 | AS9: 65488.6 | AT9: 67918.6 | AU9: 71264.8 | AV9: 72253.5 | AW9: 73998.9 | AX9: 78255.5
A10: Business entities | B10: Podmioty gospodarcze | AP10: 28759.6 | AQ10: 27747.6 | AR10: 29117.4 | AS10: 29151.1 | AT10: 33156.6 | AU10: 29779 | AV10: 33446.9 | AW10: 32719.8 | AX10: 35735
